Workbook
Name Print_Area: 'прил4-МБ 1 кв 2026 год свод'!$A$3:$AG$427
Name Print_Area: 'прил4-МБ 1 свод заверш'!$A$3:$AG$50
Name Print_Area: 'прил4-МБ свод планир'!$A$3:$AG$41
Name Print_Area: 'прил4-МБ свод реал'!$A$3:$AG$394
Name Print_Titles: 'прил4-МБ 1 кв 2026 год свод'!$6:$10
Name Print_Titles: 'прил4-МБ 1 свод заверш'!$6:$10
Name Print_Titles: 'прил4-МБ свод планир'!$6:$10
Name Print_Titles: 'прил4-МБ свод реал'!$6:$10

Sheet прил4-МБ 1 кв 2026 год свод
AG3: Приложение 37
A4: Отчет по мониторингу реализации бюджетных инвестиционных проектов за 1 квартал 2026 года
AG5: (тыс. тенге)
A6: № | B6: Наименование объекта | C6: Код программы (подпрограммы) | D6: Период реализации | E6: Общая стоимость по ГЭ на ПСД | F6: Договорная стоимость проекта | G6: Всего планируемый объем финансирования БИП, тысяч тенге | I6: Объем выполненных работ в натуральном выражении согласно ТЭО/ПСД (мощность проекта) | M6: Объем выполненных работ в тыс. тенге | AG6: Причины уклонения , принятые (принимаемые) меры и причины незавершения
C7: Администратор бюджетной программы | G7: в том числе, за счет | I7: Факт до отчетного года | J7: План на отчетный период | K7: Факт на отчетный период | L7: Невыполненные мероприятия за отчетный период | M7: Всего финансирование БИП с начала реализации | O7: План за отчетный период | S7: Факт за отчетный период | T7: в том числе | W7: Отклонение | AA7: Общее отклонение РБ+МБ | AC7: Количество проектов
G8: РБ | H8: МБ | M8: Факт | O8: Общий план | P8: МБ (без займов) | Q8: Софинансирование республиканских проектов из МБ | R8: РБ | T8: МБ (без займов) | U8: Софинансирование республиканских проектов из МБ | V8: РБ | W8: РБ тыс. тенге | X8: % | Y8: МБ тыс. тенге | Z8: % | AA8: тыс. Тенге | AB8: % | AC8: Всего реализуется | AD8: Планируются к завершению | AE8: Фактически завершено | AF8: Причины незавершения
M9: РБ | N9: МБ
A10: 1 | B10: =A10+1 -> 2 | C10: =B10+1 -> 3 | D10: 4 | E10: 5 | F10: =E10+1 -> 6 | G10: 7 | H10: =G10+1 -> 8 | I10: =H10+1 -> 9 | J10: =I10+1 -> 10 | K10: =J10+1 -> 11 | L10: =K10+1 -> 12 | M10: =L10+1 -> 13 | N10: =M10+1 -> 14 | O10: =N10+1 -> 15 | ... AG10: =AF10+1 -> 33
A11: ВСЕГО | E11: =E12+E87+E134+E184+E194+E263+E290+E300+E307+E332+E355+E395+E408 -> 1.8495997e+09 | F11: =F12+F87+F134+F184+F194+F263+F290+F300+F307+F332+F355+F395+F408 -> 1.713151e+09 | G11: =G12+G87+G134+G184+G194+G263+G290+G300+G307+G332+G355+G395+G408 -> 60879909 | H11: =H12+H87+H134+H184+H194+H263+H290+H300+H307+H332+H355+H395+H408 -> 4.5666676e+08 | I11: =I12+I87+I134+I184+I194+I263+I290+I300+I307+I332+I355+I395+I408 -> 1.8389248e+08 | K11: =K12+K87+K134+K184+K194+K263+K290+K300+K307+K332+K355+K395+K408 -> 0 | L11: =L12+L87+L134+L184+L194+L263+L290+L300+L307+L332+L355+L395+L408 -> 2646002.2 | M11: =M12+M87+M134+M184+M194+M263+M290+M300+M307+M332+M355+M395+M408 -> 42503726 | N11: =N12+N87+N134+N184+N194+N263+N290+N300+N307+N332+N355+N395+N408 -> 44305890 | O11: =O12+O87+O134+O184+O194+O263+O290+O300+O307+O332+O355+O395+O408 -> 2.0940673e+08 | P11: =P12+P87+P134+P184+P194+P263+P290+P300+P307+P332+P355+P395+P408 -> 1.9837259e+08 | Q11: =Q12+Q87+Q134+Q184+Q194+Q263+Q290+Q300+Q307+Q332+Q355+Q395+Q408 -> 227474 | R11: =R12+R87+R134+R184+R194+R263+R290+R300+R307+R332+R355+R395+R408 -> 10806665 | ... V11: =V12+V87+V134+V184+V194+V263+V290+V300+V307+V332+V355+V395+V408 -> 8406665 | W11: =R11-V11 -> 2400000 | X11: =W11/R11 -> 0.22208517 | Y11: =P11+Q11-T11-U11 -> 1.0441009e+08 | Z11: =Y11/(P11+Q11) -> 0.52573039 | AA11: =Y11+W11 -> 1.0681009e+08 | AB11: =AA11/O11 -> 0.51006045 | AC11: =AC12+AC87+AC134+AC184+AC194+AC263+AC290+AC300+AC307+AC332+AC355+AC395+AC408 -> 321 | AD11: =AD12+AD87+AD134+AD184+AD194+AD263+AD290+AD300+AD307+AD332+AD355+AD395+AD408 -> 12 | AE11: =AE12+AE87+AE134+AE184+AE194+AE263+AE290+AE300+AE307+AE332+AE355+AE395+AE408 -> 19 | AF11: =AF12+AF87+AF134+AF184+AF194+AF263+AF290+AF300+AF307+AF332+AF355+AF395+AF408 -> 0
A12: 1. Образование | E12: =E13+F45+E80 -> 1.6623933e+08 | F12: =F13+F45+F80 -> 1.6101396e+08 | G12: =G13+G45+G80 -> 0 | H12: =H13+H45+H80 -> 62750307 | I12: =I13+I45+I80 -> 0 | J12: =J13+J45+J80 -> 0 | L12: =L13+L45+L80 -> 0 | M12: =M13+M45+M80 -> 0 | N12: =N13+N45+N80 -> 0 | O12: =O13+O45+O80 -> 19933337 | P12: =P13+P45+P80 -> 19933337 | Q12: =Q13+Q45+Q80 -> 0 | R12: =R13+R45+R80 -> 0 | S12: =S13+S45+S80 -> 15989254 | ... V12: =V13+V45+V80 -> 0 | W12: 0 | Y12: =P12+Q12-T12-U12 -> 3944083.2 | Z12: =Y12/(P12+Q12) -> 0.19786366 | AA12: =Y12+W12 -> 3944083.2 | AB12: =AA12/O12 -> 0.19786366 | AC12: =AC13+AC45+AC80 -> 67 | AD12: =AD13+AD45+AD80 -> 1 | AE12: =AE13+AE45+AE80 -> 3 | AF12: =AF13+AF45+AF80 -> 0
A13: 1.1. | B13: Строительство и реконструкция объектов | E13: =SUM(E14:E44) -> 1.4383392e+08 | F13: =SUM(F14:F44) -> 1.3435008e+08 | G13: =SUM(G14:G34) -> 0 | H13: =SUM(H14:H44) -> 49714807 | I13: =SUM(I14:I34) -> 0 | J13: =SUM(J14:J34) -> 0 | L13: =SUM(L14:L34) -> 0 | M13: =SUM(M14:M34) -> 0 | N13: =SUM(N14:N34) -> 0 | O13: =SUM(O14:O44) -> 15625236 | P13: =SUM(P14:P44) -> 15625236 | Q13: =SUM(Q14:Q44) -> 0 | R13: =SUM(R14:R44) -> 0 | S13: =SUM(S14:S44) -> 11731153 | T13: =SUM(T14:T44) -> 11731153 | U13: =SUM(U14:U44) -> 0 | V13: =SUM(V14:V44) -> 0 | W13: =R13-V13 -> 0 | Y13: =P13+Q13-T13-U13 -> 3894083.2 | Z13: =Y13/(P13+Q13) -> 0.24921755 | AA13: =Y13+W13 -> 3894083.2 | AB13: =AA13/O13 -> 0.24921755 | AC13: =SUM(AC14:AC44) -> 29 | AD13: =SUM(AD14:AD44) -> 1 | AE13: =SUM(AE14:AE44) -> 1 | AF13: =SUM(AF14:AF34) -> 0
A14: 1 | B14: Реконструкция здания детского сада №37, по адресу: мкр. «Нуркент», Алатауского района города Алматы | C14: 04 1 373 037 015 | D14: 2025-2026 | E14: 2383710 | F14: 2143822.2 | H14: 2015000 | J14: 320 мест, общая площадь здания - 5830,0 м2 | K14: 300 мест, общая площадь здания - 5000,0 м2 | O14: =SUM(P14:R14) -> 110975.7 | P14: 110975.7 | S14: =SUM(T14:V14) -> 0 | T14: 0 | W14: =R14-V14 -> 0 | Y14: =P14+Q14-T14-U14 -> 110975.7 | Z14: =Y14/(P14+Q14) -> 1 | AA14: =Y14+W14 -> 110975.7 | AB14: =AA14/O14 -> 1 | AC14: 1 | AD14: 0 | AE14: 0 | AF14: 0 | AG14: Не было освоения в 1 квартале 2026 году.
A15: 2 | B15: Реконструкция здания ясли-сада №10 по адресу: ул. Шевченко, дом 186 А, Алмалинский район, г. Алматы | C15: 04 1 373 037 015 | D15: 2025-2026 | E15: 2109388 | F15: 2022686.1 | H15: 650000 | J15: Общая площадь здания - 2347,92 м2 | K15: Общая площадь здания - 2000 м3 | O15: =SUM(P15:R15) -> 927020.24 | P15: 927020.24 | S15: =SUM(T15:V15) -> 840468.5 | T15: 840468.5 | W15: =R15-V15 -> 0 | Y15: =P15+Q15-T15-U15 -> 86551.742 | Z15: =Y15/(P15+Q15) -> 0.093365536 | AA15: =Y15+W15 -> 86551.742 | AB15: =AA15/O15 -> 0.093365536 | AC15: 1 | AD15: 0 | AE15: 0 | AF15: 0
A16: 3 | B16: Строительство детского сада по ул. Тлендиева, 49, Алмалинский район (со сносом здания) | C16: 04 1 373 037 015 | D16: 2025-2026 | E16: 3100763 | F16: 2942352.3 | H16: 100000 | J16: 240 мест, общая площадь здания - 5503,40 м2 | K16: 241 мест, общая площадь здания - 5000 м2 | O16: =SUM(P16:R16) -> 735000 | P16: 735000 | S16: =SUM(T16:V16) -> 591000 | T16: 591000 | W16: =R16-V16 -> 0 | Y16: =P16+Q16-T16-U16 -> 144000 | Z16: =Y16/(P16+Q16) -> 0.19591837 | AA16: =Y16+W16 -> 144000 | AB16: =AA16/O16 -> 0.19591837 | AC16: 1 | AD16: 0 | AE16: 0 | AF16: 0
A17: 4 | B17: Строительство детского сада на 240 мест, по адресу: южнее пробиваемого пр. Абая, западнее р. «Карагайлы», Наурызбайского района города Алматы | C17: 04 1 373 037 015 | D17: 2025-2026 | E17: 2756897 | F17: 2645341.1 | H17: 1327000 | J17: 240 мест, общая площадь здания - 3049,11 м2 | K17: 200 мест, общая площадь здания - 3000 м2 | O17: =SUM(P17:R17) -> 867000 | P17: 867000 | S17: =SUM(T17:V17) -> 804125.5 | T17: 804125.5 | W17: =R17-V17 -> 0 | Y17: =P17+Q17-T17-U17 -> 62874.5 | Z17: =Y17/(P17+Q17) -> 0.072519608 | AA17: =Y17+W17 -> 62874.5 | AB17: =AA17/O17 -> 0.072519608 | AC17: 1 | AD17: 0 | AE17: 0 | AF17: 0
A18: 5 | B18: Строительство детского сада на 320 мест в микрорайоне «Курамыс» Наурызбайского района города Алматы» (без наружных инженерных сетей) | C18: 04 1 373 037 015 | D18: 2023-2026 | E18: 2737433 | F18: 2461861 | H18: 1133361 | J18: 320 мест, площадь застройки- 2502,21 м2 | K18: 300 мест, площадь застройки- 2000 м2 | O18: =SUM(P18:R18) -> 1133361 | P18: 1133361 | S18: =SUM(T18:V18) -> 985733.02 | T18: 985733.02 | W18: =R18-V18 -> 0 | Y18: =P18+Q18-T18-U18 -> 147627.98 | Z18: =Y18/(P18+Q18) -> 0.13025681 | AA18: =Y18+W18 -> 147627.98 | AB18: =AA18/O18 -> 0.13025681 | AC18: 1 | AD18: 0 | AE18: 0 | AF18: 0
A19: 6 | B19: Строительство детского сада на 260 мест, по адресу: мкр. «Жас-Канат», Турксибский район, города Алматы | C19: 04 1 373 037 015 | D19: 2025-2026 | E19: 1564360 | F19: 1448356.1 | H19: 150032 | J19: 260 мест, общая площадь здания - 3402,20 м2 | K19: 200 мест, общая площадь здания - 3000 м2 | O19: =SUM(P19:R19) -> 0 | P19: 0 | S19: =SUM(T19:V19) -> 0 | T19: 0 | W19: =R19-V19 -> 0 | Y19: =P19+Q19-T19-U19 -> 0 | AA19: =Y19+W19 -> 0 | AD19: 0 | AE19: 1 | AF19: 0 | AG19: Акт приемки объекта в эксплуатацию б/н от 05.02.2026 г.
A20: 7 | B20: Строительство школы на 550 ученических мест, по адресу: мкр. «Зердели», Алатауский район | C20: 04 2 373 028 015 | D20: 2025-2026 | E20: 3820325 | F20: 2398922.2 | H20: 2398922.2 | J20: Площадь застройки - 3280,04 м2 | K20: Площадь застройки - 3280,04 м2 | O20: =SUM(P20:R20) -> 124057.86 | P20: 124057.86 | S20: =SUM(T20:V20) -> 124057.86 | T20: 124057.86 | W20: =R20-V20 -> 0 | Y20: =P20+Q20-T20-U20 -> 0 | Z20: =Y20/(P20+Q20) -> 0 | AA20: =Y20+W20 -> 0 | AB20: =AA20/O20 -> 0 | AC20: 1 | AD20: 0 | AE20: 0 | AF20: 0 | AG20: Уменьшение общей суммы договора
A21: 8 | B21: Реконструкция с пристройкой к зданию школы №160, по адресу: ул. Заводская 96, мкр. «Карасу», Алатауский район, город Алматы | C21: 04 2 373 028 015 | D21: 2025-2026 | E21: 6715009 | F21: 6535067.5 | H21: 4015000 | J21: Площадь застройки - 4188,01 м2, на 575 мест | K21: Площадь застройки - 4000 м2, на 500 мест | O21: =SUM(P21:R21) -> 2445052.4 | P21: 2445052.4 | S21: =SUM(T21:V21) -> 733515.72 | T21: 733515.72 | W21: =R21-V21 -> 0 | Y21: =P21+Q21-T21-U21 -> 1711536.7 | Z21: =Y21/(P21+Q21) -> 0.7 | AA21: =Y21+W21 -> 1711536.7 | AB21: =AA21/O21 -> 0.7 | AC21: 1 | AD21: 0 | AE21: 0 | AF21: 0
A22: 9 | B22: Строительство пристройки на 300 мест к зданию школы №16 ул. А. Шарипова, Алмалинского района | C22: 04 2 373 028 015 | D22: 2025-2026 | E22: 2356129.3 | F22: 2291862.5 | H22: 1100000 | J22: 300 мест, общая площадь здания - 2040,59 м2 | K22: 201 мест, общая площадь здания - 2000 м2 | O22: =SUM(P22:R22) -> 341934.02 | P22: 341934.02 | S22: =SUM(T22:V22) -> 341934.02 | T22: 341934.02 | W22: =R22-V22 -> 0 | Y22: =P22+Q22-T22-U22 -> 0 | Z22: =Y22/(P22+Q22) -> 0 | AA22: =Y22+W22 -> 0 | AB22: =AA22/O22 -> 0 | AC22: 1 | AD22: 0 | AE22: 0 | AF22: 0
A23: 10 | B23: Реконструкция с пристройкой к зданию КГУ «Общеобразовательная школа №58», по адресу: ул. Тургут Озала, Алмалинский район, города Алматы | C23: 04 2 373 028 015 | D23: 2024-2026 | E23: 4960691 | F23: 4729032.7 | H23: 2529399.7 | J23: Площадь застройки - 5492,88 м2 | K23: Площадь застройки - 5000 м3 | O23: =SUM(P23:R23) -> 0 | P23: 0 | S23: =SUM(T23:V23) -> 0 | T23: 0 | W23: =R23-V23 -> 0 | Y23: =P23+Q23-T23-U23 -> 0 | AA23: =Y23+W23 -> 0 | AC23: 1 | AD23: 0 | AE23: 0 | AF23: 0 | AG23: Расторгли договор с подрядчиком
A24: 11 | B24: Реконструкция здания КГУ «Общеобразовательная школа №124», расположенного по адресу в Алмалинском районе, г. Алматы | C24: 04 2 373 028 015 | D24: 2025-2026 | E24: 2811257 | F24: 2732467.7 | H24: 493500 | J24: 576 мест, общая площадь здания - 6701,28м2 | K24: 577 мест, общая площадь здания - 6000м2 | O24: =SUM(P24:R24) -> 650000 | P24: 650000 | S24: =SUM(T24:V24) -> 396630.41 | T24: 396630.41 | W24: =R24-V24 -> 0 | Y24: =P24+Q24-T24-U24 -> 253369.59 | Z24: =Y24/(P24+Q24) -> 0.38979936 | AA24: =Y24+W24 -> 253369.59 | AB24: =AA24/O24 -> 0.38979936 | AC24: 1 | AD24: 0 | AE24: 0 | AF24: 0
A25: 12 | B25: Реконструкция здания школы - гимназии №60 в мкр. «Орбита-1», 41, Бостандыкского района (Литеры А, А1), города Алматы | C25: 04 2 373 028 015 | D25: 2025-2026 | E25: 6237578 | F25: 6046646.1 | H25: 3872000 | J25: Площадь застройки - 4551.63 м2, на 550 мест | K25: Площадь застройки - 4000 м2, на 500 мест | O25: =SUM(P25:R25) -> 633041.39 | P25: 633041.39 | S25: =SUM(T25:V25) -> 633041.39 | T25: 633041.39 | W25: =R25-V25 -> 0 | Y25: =P25+Q25-T25-U25 -> 0 | Z25: =Y25/(P25+Q25) -> 0 | AA25: =Y25+W25 -> 0 | AB25: =AA25/O25 -> 0 | AC25: 1 | AD25: 0 | AE25: 0 | AF25: 0
A26: 13 | B26: Реконструкция с пристройкой (со сносом существующих зданий) к зданию школы №43, по адресу: Жетысуский район, ул. Шилова | C26: 04 2 373 028 015 | D26: 2025-2026 | E26: 2521526 | F26: 2431261.3 | H26: 250000 | J26: Площадь застройки - 2496,26 м3 | K26: Площадь застройки - 2000 м4 | O26: =SUM(P26:R26) -> 638447.06 | P26: 638447.06 | S26: =SUM(T26:V26) -> 638447.06 | T26: 638447.06 | W26: =R26-V26 -> 0 | Y26: =P26+Q26-T26-U26 -> 0 | Z26: =Y26/(P26+Q26) -> 0 | AA26: =Y26+W26 -> 0 | AB26: =AA26/O26 -> 0 | AC26: 1 | AD26: 0 | AE26: 0 | AF26: 0
A27: 14 | B27: Строительство пристройки к зданию КГУ «Общеобразовательная школа № 112», по адресу: ул. Ратушного, д.131, Жетысуский район, города Алматы | C27: 04 2 373 028 015 | D27: 2025-2026 | E27: 2334400 | F27: 1902604.1 | H27: 1589882.8 | J27: Площадь застройки - 1779 м2 | K27: Площадь застройки - 1000 м3 | O27: =SUM(P27:R27) -> 308437 | P27: 308437 | S27: =SUM(T27:V27) -> 308437 | T27: 308437 | W27: =R27-V27 -> 0 | Y27: =P27+Q27-T27-U27 -> 0 | Z27: =Y27/(P27+Q27) -> 0 | AA27: =Y27+W27 -> 0 | AB27: =AA27/O27 -> 0 | AC27: 1 | AD27: 0 | AE27: 0 | AF27: 0
A28: 15 | B28: Реконструкция здания школы - гимназии №30 имени Д. Снегина, по адресу: пр. Достык, 226а, Медеуский район, города Алматы | C28: 04 2 373 028 015 | D28: 2025-2026 | E28: 6220881 | F28: 6115197.1 | H28: 1424500 | J28: Площадь застройки - 4777,34 м2, на 576 мест | K28: Площадь застройки - 4000 м2, на 500 мест | O28: =SUM(P28:R28) -> 638905.12 | P28: 638905.12 | S28: =SUM(T28:V28) -> 638905.12 | T28: 638905.12 | W28: =R28-V28 -> 0 | Y28: =P28+Q28-T28-U28 -> 0 | Z28: =Y28/(P28+Q28) -> 0 | AA28: =Y28+W28 -> 0 | AB28: =AA28/O28 -> 0 | AC28: 1 | AD28: 0 | AE28: 0 | AF28: 0
A29: 16 | B29: Реконструкция здания КГУ «Школа-гимназия №56 имени К.Сатпаева» расположенного по адресу Медеуском районе, г.Алматы | C29: 04 2 373 028 015 | D29: 2025-2026 | E29: 2652521 | F29: 2563316.4 | H29: 1050000 | J29: 572 места, общая площадь здания - 6134,24 м2 | K29: 500 места, общая площадь здания - 6000 м2 | O29: =SUM(P29:R29) -> 437509.84 | P29: 437509.84 | S29: =SUM(T29:V29) -> 437509.84 | T29: 437509.84 | W29: =R29-V29 -> 0 | Y29: =P29+Q29-T29-U29 -> 0 | Z29: =Y29/(P29+Q29) -> 0 | AA29: =Y29+W29 -> 0 | AB29: =AA29/O29 -> 0 | AC29: 1 | AD29: 0 | AE29: 0 | AF29: 0
A30: 17 | B30: Строительство отдельно стоящего здания на 300 мест для КГУ «Школа-лицей № 131 им. Б. Момышұлы» по адресу: город Алматы, Медеуский район, мкр. «Самал 2», д. 22 | C30: 04 2 373 028 015 | D30: 2025-2026 | E30: 2976050 | F30: 2832629.3 | H30: 585000 | J30: Площадь застройки - 1920,40 м2 | K30: Площадь застройки - 1000 м3 | O30: =SUM(P30:R30) -> 1320000 | P30: 1320000 | S30: =SUM(T30:V30) -> 0 | T30: 0 | W30: =R30-V30 -> 0 | Y30: =P30+Q30-T30-U30 -> 1320000 | Z30: =Y30/(P30+Q30) -> 1 | AA30: =Y30+W30 -> 1320000 | AB30: =AA30/O30 -> 1 | AC30: 1 | AD30: 0 | AE30: 0 | AF30: 0 | AG30: Не было освоения в 1 квартале 2026 году.
A31: 18 | B31: Строительство школы с общежитием (со сносом существующих зданий), по адресу: ул. Енбек, мкр. «Шугыла», Наурызбайский район, города Алматы | C31: 04 2 373 028 015 | D31: 2024-2026 | E31: 8236674 | F31: 7763890.1 | H31: 7517549.2 | J31: Площадь застройки - 4721 м2 | K31: Площадь застройки - 4721 м2 | O31: =SUM(P31:R31) -> 401341.91 | P31: 401341.91 | S31: =SUM(T31:V31) -> 401341.91 | T31: 401341.91 | W31: =R31-V31 -> 0 | Y31: =P31+Q31-T31-U31 -> 0 | Z31: =Y31/(P31+Q31) -> 0 | AA31: =Y31+W31 -> 0 | AB31: =AA31/O31 -> 0 | AD31: 1 | AE31: 0 | AF31: 0 | AG31: Подписывается акт приемки объекта в эксплуатацию
A32: 19 | B32: Строительство инновационного технического колледжа и общежития, мкр. «Алгабас», улица 7, Алатауский район | C32: 04 2 373 069 015 | D32: 2023-2026 | E32: 9177975 | F32: 8538185.9 | H32: 6811185.7 | J32: Площадь застройки - 6922,75 м2 | K32: Площадь застройки - 6000 м2 | O32: 0 | P32: 0 | Q32: 0 | R32: 0 | S32: 0 | T32: 0 | U32: 0 | V32: 0 | W32: =R32-V32 -> 0 | Y32: =P32+Q32-T32-U32 -> 0 | AA32: =Y32+W32 -> 0 | AC32: 1 | AD32: 0 | AE32: 0 | AF32: 0
A33: 20 | B33: Строительство центра развития и творчества в мкр. «Саялы», Алатауского района | C33: 04 2 373 069 015 | D33: 2025-2027 | E33: 12224030 | F33: 11869365 | H33: 9203474.3 | J33: Площадь застройки - 4990,12 м2 на 503 мест | K33: Площадь застройки - 4000 м2 на 500 мест | O33: =SUM(P33:R33) -> 507146.45 | P33: 507146.45 | S33: =SUM(T33:V33) -> 507146.45 | T33: 507146.45 | W33: =R33-V33 -> 0 | Y33: =P33+Q33-T33-U33 -> 0 | Z33: =Y33/(P33+Q33) -> 0 | AA33: =Y33+W33 -> 0 | AB33: =AA33/O33 -> 0 | AC33: 1 | AD33: 0 | AE33: 0 | AF33: 0
A34: 21 | B34: Строительство центра развития и творчества в микрорайоне «Жас канат», Турксибский район города Алматы | C34: 04 2 373 069 015 | D34: 2025-2027 | E34: 13940176 | F34: 14036930 | H34: 1499000 | J34: 508 посещений, общая площадь здания - 14011,72 м2 | K34: 500 посещений, общая площадь здания - 10000 м2 | O34: =SUM(P34:R34) -> 1227147 | P34: 1227147 | S34: =SUM(T34:V34) -> 1170000 | T34: 1170000 | W34: =R34-V34 -> 0 | Y34: =P34+Q34-T34-U34 -> 57147 | Z34: =Y34/(P34+Q34) -> 0.046568993 | AA34: =Y34+W34 -> 57147 | AB34: =AA34/O34 -> 0.046568993 | AC34: 1 | AD34: 0 | AE34: 0 | AF34: 0
A35: 22 | B35: Реконструкция здания школы предпринимателей, по адресу: проспект Достык 226, Медеуский район, города Алматы | C35: 04 4 373 028 015 | D35: 2026-2027 | E35: 1420553.3 | F35: 1375968 | J35: Общая площадь здания - 2704,2 м2, общий строительный объем - 11582 м3. | O35: =SUM(P35:R35) -> 0 | P35: 0 | S35: =SUM(T35:V35) -> 0 | T35: 0 | W35: =R35-V35 -> 0 | Y35: =P35+Q35-T35-U35 -> 0 | AA35: =Y35+W35 -> 0 | AC35: 1 | AG35: Здание не передано для реконструкции
A36: 23 | B36: Строительство пристройки на 450 мест к зданию школы гимназии в мкр. «Нуркент» Алатауского района г. Алматы (201 школа) | C36: 04 4 373 028 015 | D36: 2026 | E36: 2590393 | F36: 2369852.6 | J36: Общая площадь здания - 6275,71 м2, общий строительный объем - 22639,60 м3. | O36: =SUM(P36:R36) -> 0 | P36: 0 | S36: =SUM(T36:V36) -> 0 | T36: 0 | W36: =R36-V36 -> 0 | Y36: =P36+Q36-T36-U36 -> 0 | AA36: =Y36+W36 -> 0 | AC36: 1 | AG36: Не было освоения в 1 квартале 2026 году. Разрешение на строительство получено в апреле 2026 года, период реализации 7 месяцев
A37: 24 | B37: Строительство отдельно стоящего здания на 400 мест на территории школы-гимназии №1 в микрорайоне «10», Ауэзовского района | C37: 04 4 373 028 015 | D37: 2025-2026 | E37: 2332591.7 | F37: 2219260.6 | J37: Общая площадь здания - 4605,66 м2, общий строительный объем - 19659,62 м3. | K37: Общая площадь здания - 4605,66 м2, общий строительный объем - 19659,62 м3. | O37: =SUM(P37:R37) -> 603000 | P37: 603000 | S37: =SUM(T37:V37) -> 603000 | T37: 603000 | W37: =R37-V37 -> 0 | Y37: =P37+Q37-T37-U37 -> 0 | Z37: =Y37/(P37+Q37) -> 0 | AA37: =Y37+W37 -> 0 | AB37: =AA37/O37 -> 0 | AC37: 1
A38: 25 | B38: Строительство школы на 1200 мест (со сносом существующего здания школы-гимназии №13), по адресу: «11» мкр., Ауэзовский район, города Алматы | C38: 04 4 373 028 015 | D38: 2026-2027 | E38: 9582931 | F38: 9267229.7 | J38: Общая площадь здания - 12752,23 м2, общий строительный объем - 70259,64 м3. | K38: Общая площадь здания - 12752,23 м2, общий строительный объем - 70259,64 м3. | O38: =SUM(P38:R38) -> 0 | S38: =SUM(T38:V38) -> 0 | U38: 0 | W38: =R38-V38 -> 0 | Y38: =P38+Q38-T38-U38 -> 0 | AA38: =Y38+W38 -> 0 | AC38: 1 | AG38: Договор подписан в марте 2026 года
A39: 26 | B39: Строительство пристройки общежития со столовой к зданию КГУ «Специальная школа-интернат №4 для слепых и слабовидящих детей» по адресу: г. Алматы, ул. Ладыгина, 33, Ауэзовского района | C39: 04 4 373 028 015 | D39: 2026-2027 | E39: 3663151 | F39: 3112845.3 | J39: Общая площадь здания - 5975,9 м2, общий строительный объем - 30993,3 м3. | K39: Общая площадь здания - 5975,9 м2, общий строительный объем - 30993,3 м3. | O39: =SUM(P39:R39) -> 442500 | P39: 442500 | S39: =SUM(T39:V39) -> 442500 | T39: 442500 | W39: =R39-V39 -> 0 | Y39: =P39+Q39-T39-U39 -> 0 | Z39: =Y39/(P39+Q39) -> 0 | AA39: =Y39+W39 -> 0 | AB39: =AA39/O39 -> 0 | AC39: 1
A40: 27 | B40: Строительство школы творчества на 900 мест и корпуса интерната с реконструкцией существующих зданий, и сооружений, по адресу: мкр. «Дарын-1», Бостандыкский район, города Алматы». (2 очередь, реконструкция зданий и благоустройство) | C40: 04 4 373 028 015 | D40: 2026-2027 | E40: 3181731 | F40: 3019434.2 | J40: Общая площадь участка - 16,7661 га, площадь покрытий - 20 908,95 м2 | K40: Общая площадь участка - 16,7661 га, площадь покрытий - 20 908,95 м2 | O40: =SUM(P40:R40) -> 383848.5 | P40: 383848.5 | S40: =SUM(T40:V40) -> 383848.5 | T40: 383848.5 | W40: =R40-V40 -> 0 | Y40: =P40+Q40-T40-U40 -> 0 | Z40: =Y40/(P40+Q40) -> 0 | AA40: =Y40+W40 -> 0 | AB40: =AA40/O40 -> 0 | AC40: 1
A41: 28 | B41: Строительство общежития на 350 мест по адресу: ул. Аскарова 47, мкр. «Дарын-1», Бостандыкский район, города Алматы». (3 очередь) | C41: 04 4 373 028 015 | D41: 2026-2027 | E41: 4083905 | F41: 2093113.5 | J41: Общая площадь - 6599,44 м2, строительный объем - 32696,27 м3 | K41: Общая площадь - 6599,44 м2, строительный объем - 32696,27 м3 | O41: =SUM(P41:R41) -> 601754.59 | P41: 601754.59 | S41: =SUM(T41:V41) -> 601754.59 | T41: 601754.59 | W41: =R41-V41 -> 0 | Y41: =P41+Q41-T41-U41 -> 0 | Z41: =Y41/(P41+Q41) -> 0 | AA41: =Y41+W41 -> 0 | AB41: =AA41/O41 -> 0 | AC41: 1
A42: 29 | B42: Реконструкция с пристройкой (со сносом существующих зданий) к зданию школы-гимназии № 78, по адресу: г. Алматы, Турксибский район, мкр. «Алтай-2» | C42: 04 4 373 028 015 | D42: 2026-2027 | E42: 9651907 | F42: 9183054.8 | J42: Общая площадь - 11962,51 м2, строительный объем - 44114,43 м3 | O42: =SUM(P42:R42) -> 0 | P42: 0 | S42: =SUM(T42:V42) -> 0 | T42: 0 | W42: =R42-V42 -> 0 | Y42: =P42+Q42-T42-U42 -> 0 | AA42: =Y42+W42 -> 0 | AC42: 1 | AG42: Договор подписан 27 марта 2026 года
A43: 30 | B43: Строительство пристройки (со сносом существующего здания) к зданию общеобразовательной школы №170, по адресу Турксибский район, улица Магнитная, 31 | C43: 04 4 373 028 015 | D43: 2026-2027 | E43: 1063001.7 | F43: 1020561.8 | J43: Общая площадь - 1781,50 м2, строительный объем - 8485,0 м3 | K43: Общая площадь - 1781,50 м2, строительный объем - 8485,0 м3 | O43: =SUM(P43:R43) -> 147756.34 | P43: 147756.34 | S43: =SUM(T43:V43) -> 147756.34 | T43: 147756.34 | W43: =R43-V43 -> 0 | Y43: =P43+Q43-T43-U43 -> 0 | Z43: =Y43/(P43+Q43) -> 0 | AA43: =Y43+W43 -> 0 | AB43: =AA43/O43 -> 0 | AC43: 1
A44: 31 | B44: Строительство пристройки на 600 мест к зданию КГУ «Общеобразовательная школа №198» по адресу: мкр. «Жас-Канат», Турксибский район, г. Алматы | C44: 04 4 373 028 015 | D44: 2026-2027 | E44: 4425982 | F44: 4236961.5 | J44: Общая площадь - 6238,70 м2, строительный объем - 30592,60 м3 | O44: =SUM(P44:R44) -> 0 | S44: =SUM(T44:V44) -> 0 | W44: =R44-V44 -> 0 | Y44: =P44+Q44-T44-U44 -> 0 | AA44: =Y44+W44 -> 0 | AC44: 1 | AG44: Договор подписан во втором квартале 2026 года
A45: 1.2. | B45: Разработка ПСД | E45: =SUM(E46:E74) -> 0 | F45: =SUM(F46:F79) -> 3810116.6 | G45: =SUM(G46:G74) -> 0 | H45: =SUM(H46:H79) -> 1113451.8 | I45: =SUM(I46:I74) -> 0 | J45: =SUM(J46:J74) -> 0 | K45: =SUM(K46:K74) -> 0 | L45: =SUM(L46:L74) -> 0 | M45: =SUM(M46:M74) -> 0 | N45: =SUM(N46:N74) -> 0 | O45: =SUM(O46:O79) -> 78000 | P45: =SUM(P46:P79) -> 78000 | Q45: =SUM(Q46:Q74) -> 0 | R45: =SUM(R46:R74) -> 0 | S45: =SUM(S46:S79) -> 28000 | T45: =SUM(T46:T79) -> 28000 | U45: =SUM(U46:U74) -> 0 | V45: =SUM(V46:V74) -> 0 | W45: =R45-V45 -> 0 | Y45: =P45+Q45-T45-U45 -> 50000 | Z45: =Y45/(P45+Q45) -> 0.64102564 | AA45: =Y45+W45 -> 50000 | AB45: =AA45/O45 -> 0.64102564 | AC45: =SUM(AC46:AC79) -> 32 | AD45: =SUM(AD46:AD79) -> 0 | AE45: =SUM(AE46:AE79) -> 2 | AF45: =SUM(AF46:AF74) -> 0
A46: 32 | B46: Разработка ПСД на реконструкцию здания КГКП «Ясли сад №29» по адресу: мкр.1, д.72, Ауэзовский район | C46: 04 1 373 037 015 | D46: 2024-2026 | F46: 79682.271 | H46: 30000 | J46: Заключение ГЭ - 1 ед. | O46: 0 | P46: 0 | Q46: 0 | R46: 0 | S46: 0 | T46: 0 | U46: 0 | V46: 0 | W46: =R46-V46 -> 0 | Y46: =P46+Q46-T46-U46 -> 0 | AC46: 1 | AD46: 0 | AE46: 0 | AF46: 0 | AG46: Конец августа 2026 года Финансирования не было на 2026 год
A47: 33 | B47: Разработка ПСД на строительство детского сада со сносом здания КГКП «Ясли сад №53» по адресу: Ауэзовский район, мкр. «Таугуль», д.25а | C47: 04 1 373 037 015 | D47: 2024-2026 | F47: 65995.434 | H47: 19097 | J47: Заключение ГЭ - 1 ед. | O47: 0 | P47: 0 | Q47: 0 | R47: 0 | S47: 0 | T47: 0 | U47: 0 | V47: 0 | W47: =R47-V47 -> 0 | Y47: =P47+Q47-T47-U47 -> 0 | AC47: 1 | AD47: 0 | AE47: 0 | AF47: 0 | AG47: Конец апрель 2027 года Финансирования не было на 2026 год
A48: 34 | B48: Разработка ПСД на реконструкцию здания КГКП «Ясли-сад №58», по адресу: мкр. «Таугуль-1», Ауэзовский район | C48: 04 1 373 037 015 | D48: 2024-2026 | F48: 108452.99 | H48: 46402 | J48: Заключение ГЭ - 1 ед. | O48: 0 | P48: 0 | Q48: 0 | R48: 0 | S48: 0 | T48: 0 | U48: 0 | V48: 0 | W48: =R48-V48 -> 0 | Y48: =P48+Q48-T48-U48 -> 0 | AD48: 0 | AE48: 1 | AF48: 0 | AG48: Заключение экспертизы № 02-0035/26 от 12.03.2026 г.
A49: 35 | B49: Разработка ПСД на строительство детского сада на 120 мест в мкр. «Таугуль», Ауэзовский район (со сносом существующего филиала здании школы №72) | C49: 04 1 373 037 015 | D49: 2024-2026 | F49: 62704.803 | H49: 3917 | J49: Заключение ГЭ - 1 ед. | O49: 0 | P49: 0 | Q49: 0 | R49: 0 | S49: 0 | T49: 0 | U49: 0 | V49: 0 | W49: =R49-V49 -> 0 | Y49: =P49+Q49-T49-U49 -> 0 | AC49: 1 | AD49: 0 | AE49: 0 | AF49: 0 | AG49: Конец апреля 2027 года Финансирования не было на 2026 год
A50: 36 | B50: Разработка ПСД на реконструкцию здания ясли-сада №163 по адресу: ул. Казакова 13а, Жетысуский район, города Алматы | C50: 04 1 373 037 015 | D50: 2023-2026 | F50: 64090.581 | H50: 24738.126 | J50: Заключение ГЭ - 1 ед. | O50: 0 | P50: 0 | Q50: 0 | R50: 0 | S50: 0 | T50: 0 | U50: 0 | V50: 0 | W50: =R50-V50 -> 0 | Y50: =P50+Q50-T50-U50 -> 0 | AD50: 0 | AE50: 1 | AF50: 0 | AG50: ЗАКЛЮЧЕНИЕ № 12-0122/26 от 20.04.2026 г.
A51: 37 | B51: Разработка ПСД на реконструкцию здания детского сада, по адресу: ул. Ратушного 139, Жетысуский район, города Алматы | C51: 04 1 373 037 015 | D51: 2024-2026 | F51: 65066.28 | H51: 18558 | J51: Заключение ГЭ - 1 ед. | O51: 0 | P51: 0 | Q51: 0 | R51: 0 | S51: 0 | T51: 0 | U51: 0 | V51: 0 | W51: =R51-V51 -> 0 | Y51: =P51+Q51-T51-U51 -> 0 | AC51: 1 | AD51: 0 | AE51: 0 | AF51: 0 | AG51: 3 квартал 2026 год. Не было освоения в 1 квартале 2026 году.
A52: 38 | B52: Разработка ПСД на строительство детского сада со сносом здания КГКП «Ясли сад №105» по адресу: Медеуский район, ул. Зенкова 58 | C52: 04 1 373 037 015 | D52: 2024-2026 | F52: 71356.048 | H52: 15000 | J52: Заключение ГЭ - 1 ед. | O52: 0 | P52: 0 | Q52: 0 | R52: 0 | S52: 0 | T52: 0 | U52: 0 | V52: 0 | W52: =R52-V52 -> 0 | Y52: =P52+Q52-T52-U52 -> 0 | AC52: 1 | AD52: 0 | AE52: 0 | AF52: 0 | AG52: Декабрь 2026 года. Не было освоения в 1 квартале 2026 году.
A53: 39 | B53: Разработка ПСД на строительство детского сада на 320 мест в мкр. «Альмерек», Турксибский район | C53: 04 1 373 037 015 | D53: 2024-2026 | F53: 122936.88 | H53: 15882 | J53: Заключение ГЭ - 1 ед. | O53: 0 | P53: 0 | Q53: 0 | R53: 0 | S53: 0 | T53: 0 | U53: 0 | V53: 0 | W53: =R53-V53 -> 0 | Y53: =P53+Q53-T53-U53 -> 0 | AC53: 1 | AD53: 0 | AE53: 0 | AF53: 0 | AG53: Декабрь 2026 года Финансирования не было на 2026 год
A54: 40 | B54: Разработка ПСД на строительство школы на 600 мест со сносом существующего здания школы №150, по адресу: Алатауский район, ​ул. Биянху, 87, г. Алматы | C54: 04 2 373 028 015 | D54: 2025-2026 | F54: 128088.59 | H54: 10000 | J54: Заключение ГЭ - 1 ед. | O54: 0 | P54: 0 | Q54: 0 | R54: 0 | S54: 0 | T54: 0 | U54: 0 | V54: 0 | W54: =R54-V54 -> 0 | Y54: =P54+Q54-T54-U54 -> 0 | AC54: 1 | AD54: 0 | AE54: 0 | AF54: 0 | AG54: 1 квартал 2027 года. Не было освоения в 1 квартале 2026 году.
A55: 41 | B55: Разработка ПСД на строительство пристройки (со сносом существующего здания) к зданию общеобразовательной школы №184, по адресу: ул. Мектеп, Алатауский район | C55: 04 2 373 028 015 | D55: 2024-2026 | F55: 60075.913 | H55: 20000 | J55: Заключение ГЭ - 1 ед. | O55: 0 | P55: 0 | Q55: 0 | R55: 0 | S55: 0 | T55: 0 | U55: 0 | V55: 0 | W55: =R55-V55 -> 0 | Y55: =P55+Q55-T55-U55 -> 0 | AC55: 1 | AD55: 0 | AE55: 0 | AF55: 0 | AG55: Август 2026 года. Не было освоения в 1 квартале 2026 году.
A56: 42 | B56: Разработка ПСД на реконструкцию существующего здания школы - лицея № 90, ул. Маметова, 53, Алмалинского района | C56: 04 2 373 028 015 | D56: 2025-2026 | F56: 97087.813 | H56: 30000 | J56: Заключение ГЭ - 1 ед. | O56: =SUM(P56:R56) -> 0 | P56: 0 | S56: =SUM(T56:V56) -> 0 | T56: 0 | W56: =R56-V56 -> 0 | Y56: =P56+Q56-T56-U56 -> 0 | AC56: 1 | AD56: 0 | AE56: 0 | AF56: 0 | AG56: Не было освоения в 1 квартале 2026 году.
A57: 43 | B57: Разработка ПСД на реконструкцию здания КГУ «Общеобразовательная школа №128», ул. Жарокова 18, Алмалинского района | C57: 04 2 373 028 015 | D57: 2024-2026 | F57: 111166.77 | H57: 35350 | J57: Заключение ГЭ - 1 ед. | O57: =SUM(P57:R57) -> 0 | S57: =SUM(T57:V57) -> 0 | W57: =R57-V57 -> 0 | Y57: =P57+Q57-T57-U57 -> 0 | AC57: 1 | AD57: 0 | AE57: 0 | AF57: 0 | AG57: Август 2026 года Не было освоения в 1 квартале 2026 году.
A58: 44 | B58: Разработка ПСД на реконструкцию существующего здания гимназии № 62 Ш.Смаханұлы, по адресу: ул. Тургут Озала, 45, Алмалинского района | C58: 04 2 373 028 015 | D58: 2025-2026 | F58: 84847.861 | H58: 40000 | J58: Заключение ГЭ - 1 ед. | O58: =SUM(P58:R58) -> 0 | P58: 0 | S58: =SUM(T58:V58) -> 0 | T58: 0 | W58: =R58-V58 -> 0 | Y58: =P58+Q58-T58-U58 -> 0 | AC58: 1 | AD58: 0 | AE58: 0 | AF58: 0 | AG58: Не было освоения в 1 квартале 2026 году.
A59: 45 | B59: Разработка ПСД на строительство школы на 1500 мест со сносом существующего здания школы № 5 в Ауэзовском районе | C59: 04 2 373 028 015 | D59: 2025-2026 | F59: 166289.18 | H59: 60000 | J59: Заключение ГЭ - 1 ед. | O59: =SUM(P59:R59) -> 0 | P59: 0 | S59: =SUM(T59:V59) -> 0 | T59: 0 | W59: =R59-V59 -> 0 | Y59: =P59+Q59-T59-U59 -> 0 | AC59: 1 | AD59: 0 | AE59: 0 | AF59: 0 | AG59: Не было освоения в 1 квартале 2026 году.
A60: 46 | B60: Разработка ПСД на строительство школы на 1200 мест со сносом существующего здания общеобразовательной школы № 6, по адресу: мкр. 5, д 49а, Ауэзовского района | C60: 04 2 373 028 015 | D60: 2025-2026 | F60: 148162.06 | H60: 30000 | J60: Заключение ГЭ - 1 ед. | O60: =SUM(P60:R60) -> 0 | P60: 0 | S60: =SUM(T60:V60) -> 0 | T60: 0 | W60: =R60-V60 -> 0 | Y60: =P60+Q60-T60-U60 -> 0 | AC60: 1 | AD60: 0 | AE60: 0 | AF60: 0 | AG60: Не было освоения в 1 квартале 2026 году.
A61: 47 | B61: Разработка ПСД на строительство школы на 1500 мест со сносом существующего здания школы № 116, по адресу: 8-й микрорайон, 46, Ауэзовский район | C61: 04 2 373 028 015 | D61: 2025-2026 | F61: 166237.9 | H61: 60000 | J61: Заключение ГЭ - 1 ед. | O61: =SUM(P61:R61) -> 0 | P61: 0 | S61: =SUM(T61:V61) -> 0 | T61: 0 | W61: =R61-V61 -> 0 | Y61: =P61+Q61-T61-U61 -> 0 | AC61: 1 | AD61: 0 | AE61: 0 | AF61: 0 | AG61: Не было освоения в 1 квартале 2026 году.
A62: 48 | B62: Разработка ПСД на строительство школы на 1500 мест со сносом существующего здания школы № 133, по адресу: мкр. «Аксай-1», Ауэзовский район | C62: 04 2 373 028 015 | D62: 2025-2026 | F62: 166289.18 | H62: 60000 | J62: Заключение ГЭ - 1 ед. | O62: =SUM(P62:R62) -> 50000 | P62: 50000 | S62: =SUM(T62:V62) -> 0 | T62: 0 | W62: =R62-V62 -> 0 | Y62: =P62+Q62-T62-U62 -> 50000 | Z62: =Y62/(P62+Q62) -> 1 | AA62: =Y62+W62 -> 50000 | AB62: =AA62/O62 -> 1 | AC62: 1 | AD62: 0 | AE62: 0 | AF62: 0 | AG62: Не было освоения в 1 квартале 2026 году.
A63: 49 | B63: Разработка ПСД на строительство школы на 900 мест в Ауэзовском районе (со сносом существующего здания школы №158), по адресу: ул. Степная, 8 Ауэзовский район, города Алматы | C63: 04 2 373 028 015 | D63: 2024-2026 | F63: 101636.62 | H63: 96186 | J63: Заключение ГЭ - 1 ед. | O63: =SUM(P63:R63) -> 0 | P63: 0 | S63: =SUM(T63:V63) -> 0 | T63: 0 | W63: =R63-V63 -> 0 | Y63: =P63+Q63-T63-U63 -> 0 | AC63: 1 | AD63: 0 | AE63: 0 | AF63: 0 | AG63: Не было освоения в 1 квартале 2026 году.
A64: 50 | B64: Разработка ПСД на строительство школы на 600 мест со сносом существующего здания школы №37, по адресу: Бостандыкский район, ул. Рыскулбекова, 20 | C64: 04 2 373 028 015 | D64: 2025-2026 | F64: 128088.59 | H64: 10000 | J64: Заключение ГЭ - 1 ед. | O64: =SUM(P64:R64) -> 0 | P64: 0 | S64: =SUM(T64:V64) -> 0 | T64: 0 | W64: =R64-V64 -> 0 | Y64: =P64+Q64-T64-U64 -> 0 | AC64: 1 | AD64: 0 | AE64: 0 | AF64: 0 | AG64: Не было освоения в 1 квартале 2026 году.
A65: 51 | B65: Разработка ПСД на строительство школы на 600 мест со сносом существующего здания школы №88, по адресу: Бостандыкский р-н, ​мкр. «Казахфильм», 34, г. Алматы | C65: 04 2 373 028 015 | D65: 2025-2026 | F65: 128088.59 | H65: 10000 | J65: Заключение ГЭ - 1 ед. | O65: =SUM(P65:R65) -> 0 | S65: =SUM(T65:V65) -> 0 | W65: =R65-V65 -> 0 | Y65: =P65+Q65-T65-U65 -> 0 | AC65: 1 | AD65: 0 | AE65: 0 | AF65: 0 | AG65: Не было освоения в 1 квартале 2026 году.
A66: 52 | B66: Разработка ПСД на строительство школы на 600 мест, со сносом существующего здания школы №190 в Бостандыкском районе, по адресу: мкр. «Нурлытау» | C66: 04 2 373 028 015 | D66: 2025-2026 | F66: 109062.99 | H66: 32719 | J66: Заключение ГЭ - 1 ед. | O66: =SUM(P66:R66) -> 0 | S66: =SUM(T66:V66) -> 0 | W66: =R66-V66 -> 0 | Y66: =P66+Q66-T66-U66 -> 0 | AC66: 1 | AD66: 0 | AE66: 0 | AF66: 0 | AG66: 1 квартал 2027 года. Не было освоения в 1 квартале 2026 году.
A67: 53 | B67: Разработка ПСД на строительство пристройки на 300 мест к зданию общеобразовательной школы № 87 в мкр. «Кокмайса», Жетысуского района | C67: 04 2 373 028 015 | D67: 2025-2026 | F67: 69100.998 | H67: 6000 | J67: Заключение ГЭ - 1 ед. | O67: =SUM(P67:R67) -> 28000 | P67: 28000 | S67: =SUM(T67:V67) -> 28000 | T67: 28000 | W67: =R67-V67 -> 0 | Y67: =P67+Q67-T67-U67 -> 0 | AC67: 1 | AD67: 0 | AE67: 0 | AF67: 0
A68: 54 | B68: Разработка ПСД на строительство школы на 1200 мест со сносом существующего здания школы №193, по адресу: Жетысуский район, мкр. «Кемел», ул. Жар-Жар, 54 | C68: 04 2 373 028 015 | D68: 2025-2026 | F68: 180833.18 | H68: 10000 | J68: Заключение ГЭ - 1 ед. | O68: =SUM(P68:R68) -> 0 | P68: 0 | S68: =SUM(T68:V68) -> 0 | T68: 0 | W68: =R68-V68 -> 0 | Y68: =P68+Q68-T68-U68 -> 0 | AC68: 1 | AD68: 0 | AE68: 0 | AF68: 0 | AG68: Не было освоения в 1 квартале 2026 году.
A69: 55 | B69: Разработка ПСД на строительство школы на 1200 мест со сносом существующего здания школы №20, по адресу: Турксибский район, ул. Герцена, 154 | C69: 04 2 373 028 015 | D69: 2025-2026 | F69: 180833.18 | H69: 10000 | J69: Заключение ГЭ - 1 ед. | O69: =SUM(P69:R69) -> 0 | P69: 0 | S69: =SUM(T69:V69) -> 0 | T69: 0 | W69: =R69-V69 -> 0 | Y69: =P69+Q69-T69-U69 -> 0 | AC69: 1 | AD69: 0 | AE69: 0 | AF69: 0 | AG69: Не было освоения в 1 квартале 2026 году.
A70: 56 | B70: Разработка ПСД на строительство школы на 1500 мест со сносом существующего здания школы №74 в Турксибском районе | C70: 04 2 373 028 015 | D70: 2025-2026 | F70: 166237.9 | H70: 60000 | J70: Заключение ГЭ - 1 ед. | O70: =SUM(P70:R70) -> 0 | P70: 0 | S70: =SUM(T70:V70) -> 0 | T70: 0 | W70: =R70-V70 -> 0 | Y70: =P70+Q70-T70-U70 -> 0 | AC70: 1 | AD70: 0 | AE70: 0 | AF70: 0 | AG70: Не было освоения в 1 квартале 2026 году.
A71: 57 | B71: Разработка ПСД на реконструкцию здания общеобразовательной школы № 84, по адресу: ул. Нұрсая, 56, Турксибский район | C71: 04 2 373 028 015 | D71: 2025-2026 | F71: 85364.902 | H71: 60000 | J71: Заключение ГЭ - 1 ед. | O71: =SUM(P71:R71) -> 0 | S71: =SUM(T71:V71) -> 0 | W71: =R71-V71 -> 0 | Y71: =P71+Q71-T71-U71 -> 0 | AC71: 1 | AD71: 0 | AE71: 0 | AF71: 0 | AG71: 2 квартал 2027 года. Не было освоения в 1 квартале 2026 году.
A72: 58 | B72: Разработка ПСД на строительство школы на 1200 мест со сносом существующего здания общеобразовательной школы № 89, по адресу: ул. Поддубного, 155, Турксибский район | C72: 04 2 373 028 015 | D72: 2025-2026 | F72: 148162.06 | H72: 40000 | J72: Заключение ГЭ - 1 ед. | O72: =SUM(P72:R72) -> 0 | P72: 0 | S72: =SUM(T72:V72) -> 0 | T72: 0 | W72: =R72-V72 -> 0 | Y72: =P72+Q72-T72-U72 -> 0 | AC72: 1 | AD72: 0 | AE72: 0 | AF72: 0 | AG72: Не было освоения в 1 квартале 2026 году.
A73: 59 | B73: Разработка ПСД на реконструкцию здания КГУ «Общеобразовательная школа №142, в мкр. «Жулдыз-1», Турксибского района | C73: 04 2 373 028 015 | D73: 2024-2026 | F73: 151251.41 | H73: 20000 | J73: Заключение ГЭ - 1 ед. | O73: =SUM(P73:R73) -> 0 | S73: =SUM(T73:V73) -> 0 | W73: =R73-V73 -> 0 | Y73: =P73+Q73-T73-U73 -> 0 | AC73: 1 | AD73: 0 | AE73: 0 | AF73: 0 | AG73: 3 квартал 2027 год. Не было освоения в 1 квартале 2026 году.
A74: 60 | B74: Разработка ПСД на строительство центра инновационного творчества в мкр. «Айнабулак-2», Жетысуский район | C74: 04 2 373 069 015 | D74: 2024-2026 | F74: 208005.43 | H74: 121052 | J74: Заключение ГЭ - 1 ед. | O74: =SUM(P74:R74) -> 0 | S74: =SUM(T74:V74) -> 0 | W74: =R74-V74 -> 0 | Y74: =P74+Q74-T74-U74 -> 0 | AC74: 1 | AD74: 0 | AE74: 0 | AF74: 0 | AG74: Не было освоения в 1 квартале 2026 году.
A75: 61 | B75: Разработка ПСД на реконструкцию здания школы-гимназии №188, ул. Жандосова, 4,я Наурызбайского района | C75: 04 4 373 046 015 | D75: 2026-2027 | F75: 81489.139 | O75: =SUM(P75:R75) -> 0 | S75: =SUM(T75:V75) -> 0 | W75: =R75-V75 -> 0 | Y75: =P75+Q75-T75-U75 -> 0 | AC75: 1 | AG75: Не было освоения в 1 квартале 2026 году.
A76: 62 | B76: Разработка ПСД на реконструкцию здания общеобразовательной школы № 84, по адресу: ул. Нұрсая, 56, Турксибский район | C76: 04 4 373 046 015 | D76: 2026-2027 | F76: 85364.902 | H76: 60000 | O76: =SUM(P76:R76) -> 0 | S76: =SUM(T76:V76) -> 0 | W76: =R76-V76 -> 0 | Y76: =P76+Q76-T76-U76 -> 0 | AC76: 1 | AG76: Не было освоения в 1 квартале 2026 году.
A77: 63 | B77: Разработка ПСД на строительство школы на 1200 мест со сносом существующего здания общеобразовательной школы № 89, по адресу: ул. Поддубного, 155, Турксибский район | C77: 04 4 373 046 015 | D77: 2026-2027 | F77: 148162.06 | H77: 40000 | O77: =SUM(P77:R77) -> 0 | S77: =SUM(T77:V77) -> 0 | W77: =R77-V77 -> 0 | Y77: =P77+Q77-T77-U77 -> 0 | AC77: 1 | AG77: Не было освоения в 1 квартале 2026 году.
A78: 64 | B78: Разработка ПСД на реконструкцию здания детского сада №153, по адресу: мкр. «Зердели», Алатауский район | C78: 04 4 373 046 015 | D78: 2026-2027 | F78: 41049.997 | H78: 18550.661 | O78: =SUM(P78:R78) -> 0 | S78: =SUM(T78:V78) -> 0 | W78: =R78-V78 -> 0 | Y78: =P78+Q78-T78-U78 -> 0 | AC78: 1 | AG78: Не было освоения в 1 квартале 2026 году.
A79: 65 | B79: Разработка ПСД на реконструкцию здания детского сада на 280 мест, по адресу: мкр. «Жас-Канат», Турксибский район | C79: 04 4 373 046 015 | D79: 2026-2027 | F79: 28854.072 | O79: =SUM(P79:R79) -> 0 | S79: =SUM(T79:V79) -> 0 | W79: =R79-V79 -> 0 | Y79: =P79+Q79-T79-U79 -> 0 | AC79: 1 | AG79: Не было освоения в 1 квартале 2026 году.
A80: 1.3. | B80: Сейсмоусиление объектов образования | E80: =SUM(E81:E86) -> 18595298 | F80: =SUM(F81:F86) -> 22853765 | G80: =SUM(G81:G85) -> 0 | H80: =SUM(H81:H86) -> 11922049 | I80: =SUM(I81:I85) -> 0 | M80: =SUM(M81:M85) -> 0 | N80: =SUM(N81:N85) -> 0 | O80: =SUM(O81:O86) -> 4230101 | P80: =SUM(P81:P86) -> 4230101 | Q80: =SUM(Q81:Q85) -> 0 | R80: =SUM(R81:R85) -> 0 | S80: =SUM(S81:S86) -> 4230101 | T80: =SUM(T81:T86) -> 4230101 | U80: =SUM(U81:U85) -> 0 | V80: =SUM(V81:V85) -> 0 | W80: =R80-V80 -> 0 | Y80: =P80+Q80-T80-U80 -> 0 | Z80: =Y80/(P80+Q80) -> 0 | AA80: =Y80+W80 -> 0 | AB80: =AA80/O80 -> 0 | AC80: =SUM(AC81:AC86) -> 6 | AD80: =SUM(AD81:AD86) -> 0 | AE80: =SUM(AE81:AE86) -> 0 | AF80: =SUM(AF81:AF85) -> 0
A81: 66 | B81: Сейсмоусиление с восстановительными работами и капитальный ремонт здания ясли-сада, мкр. «Аксай-2», д. 51, Ауэзовский район | C81: 04 1 373 006 000 | D81: 2025-2026 | E81: 929033 | F81: 895923.47 | H81: 119271.56 | J81: Площадь застройки - 1697,8 м2 | K81: Площадь застройки - 1000 м3 | O81: =SUM(P81:R81) -> 0 | S81: =SUM(T81:V81) -> 0 | W81: =R81-V81 -> 0 | Y81: =P81+Q81-T81-U81 -> 0 | AC81: 1 | AD81: 0 | AE81: 0 | AF81: 0 | AG81: Расторгли договор с подрядчиком, идет судебный процесс по возврату авансового платежа
A82: 67 | B82: Сейсмоусиление с восстановительными работами и капитальный ремонт здания ясли-сада, по адресу: мкр. «Орбита-4», д.25 -б, Бостандыкский район, города Алматы | C82: 04 1 373 006 000 | D82: 2024-2026 | E82: 1267294 | F82: 1208804.5 | H82: 1136194 | J82: Площадь застройки - 2080,57 м2 | K82: Площадь застройки - 2000 м3 | O82: =SUM(P82:R82) -> 1106494 | P82: 1106494 | S82: =SUM(T82:V82) -> 1106494 | T82: 1106494 | W82: =R82-V82 -> 0 | Y82: =P82+Q82-T82-U82 -> 0 | Z82: =Y82/(P82+Q82) -> 0 | AA82: =Y82+W82 -> 0 | AB82: =AA82/O82 -> 0 | AC82: 1 | AD82: 0 | AE82: 0 | AF82: 0
A83: 68 | B83: Сейсмоусиление здания ясли-сада, Медеуский район, ул. Шашкина, д.32-а | C83: 04 1 373 006 000 | D83: 2025-2026 | E83: 1043205 | F83: 980754.41 | H83: 152883 | J83: Площадь застройки - 2409,36 м2 | K83: Площадь застройки - 2000 м3 | O83: =SUM(P83:R83) -> 0 | S83: =SUM(T83:V83) -> 0 | W83: =R83-V83 -> 0 | Y83: =P83+Q83-T83-U83 -> 0 | AC83: 1 | AD83: 0 | AE83: 0 | AF83: 0 | AG83: Расторгли договор с подрядчиком, идет судебный процесс по возврату авансового платежа
A84: 69 | B84: Сейсмоусиление с восстановительными работами и капитальный ремонт здания ГККП «Специализированная детско-юношеская школа олимпийского резерва №9» в мкр 1, д.20А, Ауэзовского района, г.Алматы (Литер А) | C84: 04 2 373 027 015 | D84: 2025-2026 | E84: 558791 | F84: 538411.1 | H84: 109700 | J84: Площадь застройки - 3929,26 м2 | K84: Площадь застройки - 3500 м3 | O84: =SUM(P84:R84) -> 216749.18 | P84: 216749.18 | S84: =SUM(T84:V84) -> 216749.18 | T84: 216749.18 | W84: =R84-V84 -> 0 | Y84: =P84+Q84-T84-U84 -> 0 | Z84: =Y84/(P84+Q84) -> 0 | AA84: =Y84+W84 -> 0 | AB84: =AA84/O84 -> 0 | AC84: 1 | AD84: 0 | AE84: 0 | AF84: 0
A85: 70 | B85: Сейсмоусиление с восстановительными работами и капитальный ремонт зданий школы-интерната № 17, по адресу: пр. Достык, 266а, Медеуский район, г. Алматы | C85: 04 2 373 027 015 | D85: 2025-2026 | E85: 2380117 | F85: 2355675.7 | H85: 500000 | J85: Площадь здания - 5326,5 м2 | K85: Площадь здания - 5000 м3 | O85: =SUM(P85:R85) -> 393999.82 | P85: 393999.82 | S85: =SUM(T85:V85) -> 393999.82 | T85: 393999.82 | W85: =R85-V85 -> 0 | Y85: =P85+Q85-T85-U85 -> 0 | Z85: =Y85/(P85+Q85) -> 0 | AA85: =Y85+W85 -> 0 | AB85: =AA85/O85 -> 0 | AC85: 1 | AD85: 0 | AE85: 0 | AF85: 0
A86: 71 | B86: Приобретение «Общеобразовательной школы на 2000 учащихся мест, г. Алматы, Турксибский район, потребительский кооператив имени «Д.А.Кунаева» | C86: 04 2 373 028 015 | D86: 2025-2027 | E86: 12416858 | F86: 16874195 | H86: 9904000 | O86: =SUM(P86:R86) -> 2512858 | P86: 2512858 | S86: =SUM(T86:V86) -> 2512858 | T86: 2512858 | W86: =R86-V86 -> 0 | Y86: =P86+Q86-T86-U86 -> 0 | Z86: =Y86/(P86+Q86) -> 0 | AA86: =Y86+W86 -> 0 | AB86: =AA86/O86 -> 0 | AC86: 1
A87: 2. Здравоохранение | E87: =E89+F100+E132 -> 1.1088823e+08 | F87: =F89+F100+F132 -> 1.1091113e+08 | G87: =G89+G100+G132 -> 0 | H87: =H89+H100+H132 -> 16478687 | I87: =I89+I100+I132 -> 0 | J87: =J89+J100+J132 -> 0 | K87: =K89+K100+K132 -> 0 | L87: =L89+L100+L132 -> 0 | M87: =M89+M100+M132 -> 0 | ... V87: =V89+V100+V132 -> 0 | Y87: =P87+Q87-T87-U87 -> 40543.151 | Z87: =Y87/(P87+Q87) -> 0.0051663848 | AA87: =Y87+W87 -> 40543.151 | AB87: =AA87/O87 -> 0.0051663848 | AC87: =AC89+AC100+AC132 -> 37 | AD87: =AD89+AD100+AD132 -> 1 | AE87: =AE89+AE100+AE132 -> 4 | AF87: =AF89+AF100+AF132 -> 0
B88: в т.ч. на село | O88: =SUM(P88:R88) -> 0 | S88: =SUM(T88:V88) -> 0 | W88: =R88-V88 -> 0 | Y88: =P88+Q88-T88-U88 -> 0
A89: 2.1. | B89: Строительство и реконструкция объектов | E89: =SUM(E90:E99) -> 105836298 | F89: =SUM(F90:F99) -> 1.0591107e+08 | G89: =SUM(G90:G97) -> 0 | H89: =SUM(H90:H99) -> 13203105 | I89: =SUM(I90:I97) -> 0 | L89: =SUM(L90:L97) -> 0 | M89: =SUM(M90:M97) -> 0 | N89: =SUM(N90:N97) -> 0 | O89: =SUM(O90:O99) -> 7531482.3 | P89: =SUM(P90:P99) -> 7531482.3 | Q89: =SUM(Q90:Q97) -> 0 | R89: =SUM(R90:R97) -> 0 | S89: =SUM(S90:S99) -> 7531482.3 | T89: =SUM(T90:T99) -> 7531482.3 | U89: =SUM(U90:U97) -> 0 | V89: =SUM(V90:V97) -> 0 | W89: =R89-V89 -> 0 | Y89: =P89+Q89-T89-U89 -> 0 | Z89: =Y89/(P89+Q89) -> 0 | AA89: =Y89+W89 -> 0 | AB89: =AA89/O89 -> 0 | AC89: =SUM(AC90:AC99) -> 10 | AD89: =SUM(AD90:AD99) -> 0 | AE89: =SUM(AE90:AE99) -> 0 | AF89: =SUM(AF90:AF97) -> 0
A90: 72 | B90: Строительство поликлиники со сносом существующего здания ревматологического центра, по адресу: ул. Айтеке би, Алмалинский район, города Алматы | C90: 05 2 373 038 015 | D90: 2025-2026 | E90: 9301944 | F90: 9508160.4 | H90: 766701 | J90: мощность - 50 пос/см, общая площадь участка - 0,6436 га, общая площадь здания - 8135,9 кв.м., строительный объем - 69305,06 куб.м | K90: мощность - 50 пос/см, общая площадь участка - 0,6436 га, общая площадь здания - 8000 кв.м., строительный объем - 69305,06 куб.м | O90: =SUM(P90:R90) -> 1470000 | P90: 1470000 | S90: =SUM(T90:V90) -> 1470000 | T90: 1470000 | W90: =R90-V90 -> 0 | Y90: =P90+Q90-T90-U90 -> 0 | Z90: =Y90/(P90+Q90) -> 0 | AA90: =Y90+W90 -> 0 | AB90: =AA90/O90 -> 0 | AC90: 1 | AD90: 0 | AE90: 0 | AF90: 0
A91: 73 | B91: Строительство нового здания Городского родильного дома №1 (со сносом существующих строений), по адресу: пр. Сейфулина 492, Алмалинский район, г. Алматы | C91: 05 2 373 038 015 | D91: 2025-2026 | E91: 11479539 | F91: 11506319 | H91: 490000 | J91: общая площадь участка - 1,0312 га, общая площадь здания - 10381,68 м2, строительный объем - 43258,72 м3, общая численность работающих - 249 сотрудников, мощность нового здания - 24 коек/мест | K91: общая площадь участка - 1,0312 га, общая площадь здания - 5381,68 м2, строительный объем - 43258,72 м3, общая численность работающих - 249 сотрудников, мощность нового здания - 24 коек/мест | O91: =SUM(P91:R91) -> 1470000 | P91: 1470000 | S91: =SUM(T91:V91) -> 1470000 | T91: 1470000 | W91: =R91-V91 -> 0 | Y91: =P91+Q91-T91-U91 -> 0 | Z91: =Y91/(P91+Q91) -> 0 | AA91: =Y91+W91 -> 0 | AB91: =AA91/O91 -> 0 | AC91: 1 | AD91: 0 | AE91: 0 | AF91: 0
A92: 74 | B92: Строительство поликлиники на 500 посещений, по адресу: мкр. «Курамыс», Наурызбайский район, г. Алматы» (без наружных инженерных сетей) | C92: 05 2 373 038 015 | D92: 2025-2026 | E92: 8878555 | F92: 8552683.3 | H92: 2201600 | J92: мощность - 500 пос/см, общая площадь участка - 1,5176 га, общая площадь здания - 15098,83 кв.м., строительный объем - 4851,30 куб.м | K92: мощность - 500 пос/см, общая площадь участка - 1,5176 га, общая площадь здания - 5098,83 кв.м., строительный объем - 4851,30 куб.м | O92: =SUM(P92:R92) -> 1255190 | P92: 1255190 | S92: =SUM(T92:V92) -> 1255190 | T92: 1255190 | W92: =R92-V92 -> 0 | Y92: =P92+Q92-T92-U92 -> 0 | Z92: =Y92/(P92+Q92) -> 0 | AA92: =Y92+W92 -> 0 | AB92: =AA92/O92 -> 0 | AC92: 1 | AD92: 0 | AE92: 0 | AF92: 0
A93: 75 | B93: Строительство поликлиники на 500 посещений по адресу: мкр. «Шугыла», Наурызбайский район г. Алматы | C93: 05 2 373 038 015 | D93: 2025-2026 | E93: 11248565 | F93: 11418512 | H93: 499000 | J93: мощность - 500 пос/см, общая площадь участка - 1,9484 га, общая площадь здания - 12437,55 кв.м., строительный объем - 4851,30 куб.м | K93: мощность - 500 пос/см, общая площадь участка - 1,9484 га, общая площадь здания - 2437,55 кв.м., строительный объем - 4851,30 куб.м | O93: =SUM(P93:R93) -> 1676532.2 | P93: 1676532.2 | S93: =SUM(T93:V93) -> 1676532.2 | T93: 1676532.2 | W93: =R93-V93 -> 0 | Y93: =P93+Q93-T93-U93 -> 0 | Z93: =Y93/(P93+Q93) -> 0 | AA93: =Y93+W93 -> 0 | AB93: =AA93/O93 -> 0 | AC93: 1 | AD93: 0 | AE93: 0 | AF93: 0
A94: 76 | B94: Строительство поликлиники на 500 посещений со сносом существующих строений, по адресу: мкр. «Алтай-1», Турксибский район, г. Алматы | C94: 05 2 373 038 015 | D94: 2025-2026 | E94: 11924029 | F94: 12193101 | H94: 490000 | J94: мощность - 500 пос/см, общая площадь участка - 1,4353 га, общая площадь здания - 9792,9 кв.м., строительный объем - 51464,72 куб.м | K94: мощность - 500 пос/см, общая площадь участка - 1,4353 га, общая площадь здания - 792,9 кв.м., строительный объем - 51464,72 куб.м | O94: =SUM(P94:R94) -> 1470000 | P94: 1470000 | S94: =SUM(T94:V94) -> 1470000 | T94: 1470000 | W94: =R94-V94 -> 0 | Y94: =P94+Q94-T94-U94 -> 0 | Z94: =Y94/(P94+Q94) -> 0 | AA94: =Y94+W94 -> 0 | AB94: =AA94/O94 -> 0 | AC94: 1 | AD94: 0 | AE94: 0 | AF94: 0
A95: 77 | B95: Строительство здания подстанции скорой медицинской помощи (со сносом существующего здания ПСМП №4), по адресу: Медеуский район, г. Алматы | C95: 05 2 373 038 015 | D95: 2024-2026 | E95: 1324894 | F95: 1248031.2 | H95: 989103 | J95: Площадь застройки - 1032,18 м2 | K95: Площадь застройки - 132,18 м3 | O95: =SUM(P95:R95) -> 189760.08 | P95: 189760.08 | S95: =SUM(T95:V95) -> 189760.08 | T95: 189760.08 | W95: =R95-V95 -> 0 | Y95: =P95+Q95-T95-U95 -> 0 | Z95: =Y95/(P95+Q95) -> 0 | AA95: =Y95+W95 -> 0 | AB95: =AA95/O95 -> 0 | AC95: 1 | AD95: 0 | AE95: 0 | AF95: 0
A96: 78 | B96: Реконструкция с переоборудованием (модернизации и замены устаревшего и физически изношенного оборудования новым более производительным) здания КГП на ПХВ «Городская клиническая больница №7», расположенного по адресу: город Алматы, Наурызбайский район, мкр. «Калкаман», дом 20 | C96: 05 2 373 038 015 | D96: 2025-2026 | E96: 32477787 | F96: 32718042 | H96: 7000000 | J96: мощность - 900 койко/мест, общая площадь участка - 7,8986 га, общая площадь здания - 33654,12 кв.м., строительный объем - 122138,0 куб.м | K96: мощность - 900 койко/мест, общая площадь участка - 7,8986 га, общая площадь здания - 3654,12 кв.м., строительный объем - 122138,0 куб.м | O96: =SUM(P96:R96) -> 0 | P96: 0 | S96: =SUM(T96:V96) -> 0 | T96: 0 | W96: =R96-V96 -> 0 | Y96: =P96+Q96-T96-U96 -> 0 | AA96: =Y96+W96 -> 0 | AC96: 1 | AD96: 0 | AE96: 0 | AF96: 0 | AG96: Не было освоения в 1 квартале 2026 году.
A97: 79 | B97: Строительство семейно-врачебной амбулатории на 200 пос/смену по адресу: ул. Айбасова, Турксибский район, города Алматы | C97: 13 9 373 048 015 | D97: 2025-2026 | E97: 1128639 | F97: 1068966.5 | H97: 766701 | J97: мощность – 200 пос/см., общая площадь здания - 1288,99 кв.м., строительный объем здания – 5122,52 куб.м | K97: мощность – 200 пос/см., общая площадь здания - 188,99 кв.м., строительный объем здания – 5122,52 куб.м | O97: =SUM(P97:R97) -> 0 | S97: =SUM(T97:V97) -> 0 | W97: =R97-V97 -> 0 | Y97: =P97+Q97-T97-U97 -> 0 | AA97: =Y97+W97 -> 0 | AC97: 1 | AD97: 0 | AE97: 0 | AF97: 0 | AG97: Не было освоения в 1 квартале 2026 году.
A98: 80 | B98: Строительство семейно-врачебной амбулатории на 200 посещений в смену, по адресу: мкр. «Шугыла», Наурызбайский район, город Алматы | C98: 13 9 373 048 015 | D98: 2026-2027 | E98: 1987608 | F98: 1881083.7 | J98: мощность – 200 пос/см., общая площадь здания - 1295,07 кв.м., строительный объем здания – 5153,92 куб.м | K98: мощность – 200 пос/см., общая площадь здания - 1295,07 кв.м., строительный объем здания – 5153,92 куб.м | O98: =SUM(P98:R98) -> 0 | S98: =SUM(T98:V98) -> 0 | W98: =R98-V98 -> 0 | Y98: =P98+Q98-T98-U98 -> 0 | AA98: =Y98+W98 -> 0 | AC98: 1 | AG98: Договор подписан 31 марта 2026 года
A99: 81 | B99: Строительство нового здания Городского родильного дома №2 (со сносом существующих строений), ул. Жангельдина 28/20-22, Медеуский район | C99: 13 9 373 048 015 | D99: 2026-2027 | E99: 16084738 | F99: 15816176 | J99: вместимость – 36 койко/мест., общая площадь здания - 12418,20 кв.м., строительный объем здания – 51535,40 куб.м | K99: вместимость – 36 койко/мест., общая площадь здания - 12418,20 кв.м., строительный объем здания – 51535,40 куб.м | O99: =SUM(P99:R99) -> 0 | S99: =SUM(T99:V99) -> 0 | W99: =R99-V99 -> 0 | Y99: =P99+Q99-T99-U99 -> 0 | AA99: =Y99+W99 -> 0 | AC99: 1 | AG99: Договор на стадии подписания
A100: 2.2. | B100: Разработка ПСД | E100: =SUM(E101:E120) -> 0 | F100: =SUM(F101:F131) -> 3285146.3 | G100: =SUM(G101:G120) -> 0 | H100: =SUM(H101:H131) -> 2089654.1 | I100: =SUM(I101:I120) -> 0 | L100: =SUM(L101:L120) -> 0 | M100: =SUM(M101:M120) -> 0 | N100: =SUM(N101:N120) -> 0 | O100: =SUM(O101:O131) -> 256007.33 | P100: =SUM(P101:P131) -> 256007.33 | Q100: =SUM(Q101:Q120) -> 0 | R100: =SUM(R101:R120) -> 0 | S100: =SUM(S101:S131) -> 231443.72 | T100: =SUM(T101:T131) -> 231443.72 | U100: =SUM(U101:U120) -> 0 | W100: =R100-V100 -> 0 | Y100: =P100+Q100-T100-U100 -> 24563.616 | Z100: =Y100/(P100+Q100) -> 0.095948877 | AA100: =Y100+W100 -> 24563.616 | AB100: =AA100/O100 -> 0.095948877 | AC100: =SUM(AC101:AC131) -> 26 | AD100: =SUM(AD101:AD131) -> 1 | AE100: =SUM(AE101:AE131) -> 4 | AF100: =SUM(AF101:AF120) -> 0
A101: 82 | B101: Разработка ПСД на строительство многопрофильной больницы в мкр. «Дарабоз», Алатауского района | C101: 05 2 373 038 015 | D101: 2024-2026 | F101: 364881.43 | H101: 263906 | J101: Заключение ГЭ - 1 ед. | O101: =SUM(P101:R101) -> 0 | P101: 0 | S101: =SUM(T101:V101) -> 0 | T101: 0 | W101: =R101-V101 -> 0 | Y101: =P101+Q101-T101-U101 -> 0 | AC101: 1 | AD101: 0 | AE101: 0 | AF101: 0 | AG101: Не было освоения в 1 квартале 2026 году.
A102: 83 | B102: Разработка ПСД на строительство перинатального центра на 200 коек в мкр. «Дарабоз», Алатауского района | C102: 05 2 373 038 015 | D102: 2024-2026 | F102: 261615.09 | H102: 206675.09 | J102: Заключение ГЭ - 1 ед. | O102: =SUM(P102:R102) -> 0 | P102: 0 | S102: =SUM(T102:V102) -> 0 | T102: 0 | W102: =R102-V102 -> 0 | Y102: =P102+Q102-T102-U102 -> 0 | AC102: 1 | AD102: 0 | AE102: 0 | AF102: 0 | AG102: Не было освоения в 1 квартале 2026 году.
...

Sheet Лист1
B1: стоимость ГЭ | C1: стоимость договора | D1: план | E1: факт | F1: отклонение | G1: кол-во
A2: реал | B2: ='прил4-МБ свод реал'!E11+'прил4-МБ свод планир'!E11+'прил4-МБ 1 свод заверш'!E11 -> 1.8495997e+09 | C2: ='прил4-МБ свод реал'!F11+'прил4-МБ свод планир'!F11+'прил4-МБ 1 свод заверш'!F11 -> 1.713151e+09 | D2: ='прил4-МБ свод реал'!O11+'прил4-МБ свод планир'!O11+'прил4-МБ 1 свод заверш'!O11 -> 2.0940673e+08 | E2: ='прил4-МБ свод реал'!S11+'прил4-МБ свод планир'!S11+'прил4-МБ 1 свод заверш'!S11 -> 1.0259664e+08 | F2: ='прил4-МБ свод реал'!AA11+'прил4-МБ свод планир'!AA11+'прил4-МБ 1 свод заверш'!AA11 -> 1.0681009e+08 | G2: ='прил4-МБ свод реал'!AC11+'прил4-МБ свод планир'!AD11+'прил4-МБ 1 свод заверш'!AE11 -> 352
A3: план
A4: завер
A6: 1. Образование | B6: ='прил4-МБ свод реал'!E12+'прил4-МБ свод планир'!E12+'прил4-МБ 1 свод заверш'!E12 -> 1.6623933e+08 | C6: ='прил4-МБ свод реал'!F12+'прил4-МБ свод планир'!F12+'прил4-МБ 1 свод заверш'!F12 -> 1.6101396e+08 | G6: 1.5626576e+08 | H6: 8236674 | I6: 1736903.6 | J6: =SUM(G6:I6) -> 1.6623933e+08
A7: 2. Здравоохранение | B7: ='прил4-МБ свод реал'!E83+'прил4-МБ свод планир'!E15+'прил4-МБ 1 свод заверш'!E18 -> 1.1088823e+08 | C7: ='прил4-МБ 1 кв 2026 год свод'!E87-Лист1!B7 -> 0 | D7: 1.1088823e+08 | E7: 3064419.2 | F7: 112998.1 | G7: 1.106675e+08 | H7: 107729 | I7: 112998.1 | J7: =SUM(G7:I7) -> 1.1088823e+08
A8: 3. Водообеспечение | B8: ='прил4-МБ свод реал'!E125+'прил4-МБ свод планир'!E19 -> 1.6288733e+08 | G8: 1.5127608e+08 | H8: 11611249 | J8: =SUM(G8:I8) -> 1.6288733e+08
A9: 4. Жилье | B9: ='прил4-МБ свод реал'!E171 -> 32177880 | G9: 32177880 | J9: =SUM(G9:I9) -> 32177880
A10: 5. Дороги | B10: ='прил4-МБ свод реал'!E181+'прил4-МБ 1 свод заверш'!E25 -> 3.5370613e+08 | G10: 2.872555e+08 | I10: 30676.2 | J10: =SUM(G10:I10) -> 2.8728618e+08
A11: 6. Коммунальное хозяйство | B11: ='прил4-МБ свод реал'!E248+'прил4-МБ свод планир'!E27+'прил4-МБ 1 свод заверш'!E30 -> 1.9854662e+08 | G11: 1.9101551e+08 | H11: 7293229.8 | I11: 237884.63 | J11: =SUM(G11:I11) -> 1.9854662e+08
A12: 7. Соц. обеспечение | B12: ='прил4-МБ свод реал'!E268 -> 32557272 | G12: 32557272 | J12: =SUM(G12:I12) -> 32557272
A13: 8. Газификация | B13: ='прил4-МБ свод реал'!E278 -> 2425349.9 | G13: 2425349.9 | J13: =SUM(G13:I13) -> 2425349.9
A14: 9. Культура и спорт | B14: ='прил4-МБ свод реал'!E285 -> 1.8605016e+08 | G14: 1.8605016e+08 | J14: =SUM(G14:I14) -> 1.8605016e+08
A15: 10. Природоохранные мероприятия | B15: ='прил4-МБ свод реал'!E310+'прил4-МБ 1 свод заверш'!E36 -> 22083106 | G15: 21818492 | I15: 264613.87 | J15: =SUM(G15:I15) -> 22083106
A16: 11. Теплоэнергетическая система | B16: ='прил4-МБ свод реал'!E328 -> 37894629 | G16: 37894629 | J16: =SUM(G16:I16) -> 37894629 | L16: ='прил4-МБ свод планир'!E35+'прил4-МБ свод реал'!E370 -> 46956835
A17: 12. Госорганы | B17: ='прил4-МБ свод реал'!E368+'прил4-МБ свод планир'!E33 -> 47138411 | G17: 45830859 | H17: 1307552 | J17: =SUM(G17:I17) -> 47138411 | L17: 45830859
A18: 13. Прочие | B18: ='прил4-МБ свод реал'!E380+'прил4-МБ свод планир'!E37+'прил4-МБ 1 свод заверш'!E44 -> 4.9700529e+08 | G18: 4.9277342e+08 | H18: 0 | I18: 4231870 | J18: =SUM(G18:I18) -> 4.9700529e+08 | L18: 1307552
B20: ='прил4-МБ свод реал'!E12+'прил4-МБ свод реал'!E83+'прил4-МБ свод реал'!E125+'прил4-МБ свод реал'!E171+'прил4-МБ свод реал'!E181+'прил4-МБ свод реал'!E248+'прил4-МБ свод реал'!E268+'прил4-МБ свод реал'!E278+'прил4-МБ свод реал'!E285+'прил4-МБ свод реал'!E310+'прил4-МБ свод реал'!E328+'прил4-МБ свод реал'!E368+'прил4-МБ свод реал'!E380 -> 1.8144284e+09
B21: ='прил4-МБ свод планир'!E12+'прил4-МБ свод планир'!E15+'прил4-МБ свод планир'!E19+'прил4-МБ свод планир'!E27+'прил4-МБ свод планир'!E33+'прил4-МБ свод планир'!E37 -> 28556434
B22: ='прил4-МБ 1 свод заверш'!E12+'прил4-МБ 1 свод заверш'!E18+'прил4-МБ 1 свод заверш'!E25+'прил4-МБ 1 свод заверш'!E30+'прил4-МБ 1 свод заверш'!E36+'прил4-МБ 1 свод заверш'!E44 -> 6614946.4
B27: 1.7480084e+09 | G27: 11611249
B28: 28556434 | G28: 7293229.8
B29: 6614946.4 | G29: 1307552
E36: =E40/D40 -> 0.48565769
E37: =E39/D39 -> 0.48993955 | F37: =D39-E39 -> 1.0681009e+08 | G37: =F37/D39 -> 0.51006045
B38: ГЭ | C38: стоимость договора | D38: план | E38: факт | F38: отклонение | G38: кол-во
A39: свод | B39: 1.8495997e+09 | C39: 1.713151e+09 | D39: 2.0940673e+08 | E39: 1.0259664e+08 | F39: 1.0441009e+08 | G39: 352
A40: реал | B40: 1.8144284e+09 | C40: 1.6779809e+09 | D40: 1.9996602e+08 | E40: 97115038 | F40: 1.0045099e+08 | G40: 321
A41: план | B41: 28556434 | C41: 28416028 | D41: 5189645.6 | E41: 1585868.2 | F41: 3603777.5 | G41: 12 | H41: =E41/D41 -> 0.30558313
A42: завер | B42: 6614946.4 | C42: 6754114.5 | D42: 4251063.5 | E42: 3895735 | F42: 355328.45 | G42: 19 | H42: =E42/D42 -> 0.91641422
A43: 1. Образование | G43: =D42-E42 -> 355328.45
A44: 2. Здравоохранение | B44: =B42+B41 -> 35171380 | D44: =D42+D41 -> 9440709.1 | E44: =E42+E41 -> 5481603.2 | F44: =D44-E44 -> 3959105.9
A45: 3. Водообеспечение
A46: 4. Жилье | E46: =E44/D44 -> 0.58063469 | F46: =F44/D44 -> 0.41936531
A47: 5. Дороги
A48: 6. Коммунальное хозяйство
A49: 7. Соц. обеспечение
A50: 8. Газификация
A51: 9. Культура и спорт
A52: 10. Природоохранные мероприятия
A53: 11. Теплоэнергетическая система
A54: 12. Госорганы
A55: 13. Прочие
B61: ГЭ | C61: стоимость договора | D61: план | E61: факт | F61: отклонение | G61: кол-во
A62: СВОД
A63: 1. Образование
A64: 2. Здравоохранение
A65: 3. Водообеспечение
A66: 4. Жилье
A67: 5. Дороги
A68: 6. Коммунальное хозяйство
A69: 7. Соц. обеспечение
A70: 8. Газификация
A71: 9. Культура и спорт
A72: 10. Природоохранные мероприятия
A73: 11. Теплоэнергетическая система
... A75: 13. Прочие

Sheet прил4-МБ свод реал
AG3: Приложение 37
A4: Отчет по мониторингу реализации бюджетных инвестиционных проектов за 1 квартал 2026 года
AG5: (тыс. тенге)
A6: № | B6: Наименование объекта | C6: Код программы (подпрограммы) | D6: Период реализации | E6: Общая стоимость по ГЭ на ПСД | F6: Договорная стоимость проекта | G6: Всего планируемый объем финансирования БИП, тысяч тенге | I6: Объем выполненных работ в натуральном выражении согласно ТЭО/ПСД (мощность проекта) | M6: Объем выполненных работ в тыс. тенге | AG6: Причины уклонения , принятые (принимаемые) меры и причины незавершения
C7: Администратор бюджетной программы | G7: в том числе, за счет | I7: Факт до отчетного года | J7: План на отчетный период | K7: Факт на отчетный период | L7: Невыполненные мероприятия за отчетный период | M7: Всего финансирование БИП с начала реализации | O7: План за отчетный период | S7: Факт за отчетный период | T7: в том числе | W7: Отклонение | AA7: Общее отклонение РБ+МБ | AC7: Количество проектов
G8: РБ | H8: МБ | M8: Факт | O8: Общий план | P8: МБ (без займов) | Q8: Софинансирование республиканских проектов из МБ | R8: РБ | T8: МБ (без займов) | U8: Софинансирование республиканских проектов из МБ | V8: РБ | W8: РБ тыс. тенге | X8: % | Y8: МБ тыс. тенге | Z8: % | AA8: тыс. Тенге | AB8: % | AC8: Всего реализуется | AD8: Планируются к завершению | AE8: Фактически завершено | AF8: Причины незавершения
M9: РБ | N9: МБ
A10: 1 | B10: =A10+1 -> 2 | C10: =B10+1 -> 3 | D10: 4 | E10: 5 | F10: =E10+1 -> 6 | G10: 7 | H10: =G10+1 -> 8 | I10: =H10+1 -> 9 | J10: =I10+1 -> 10 | K10: =J10+1 -> 11 | L10: =K10+1 -> 12 | M10: =L10+1 -> 13 | N10: =M10+1 -> 14 | O10: =N10+1 -> 15 | ... AG10: =AF10+1 -> 33
A11: ВСЕГО | E11: =E12+E83+E125+E171+E181+E248+E268+E278+E285+E310+E328+E368+E380 -> 1.8144284e+09 | F11: =F12+F83+F125+F171+F181+F248+F268+F278+F285+F310+F328+F368+F380 -> 1.6779809e+09 | G11: =G12+G83+G125+G171+G181+G248+G268+G278+G285+G310+G328+G368+G380 -> 60879909 | H11: =H12+H83+H125+H171+H181+H248+H268+H278+H285+H310+H328+H368+H380 -> 4.397864e+08 | I11: =I12+I83+I125+I171+I181+I248+I268+I278+I285+I310+I328+I368+I380 -> 1.8027615e+08 | K11: =K12+K83+K125+K171+K181+K248+K268+K278+K285+K310+K328+K368+K380 -> 0 | L11: =L12+L83+L125+L171+L181+L248+L268+L278+L285+L310+L328+L368+L380 -> 2645987.2 | M11: =M12+M83+M125+M171+M181+M248+M268+M278+M285+M310+M328+M368+M380 -> 42503726 | N11: =N12+N83+N125+N171+N181+N248+N268+N278+N285+N310+N328+N368+N380 -> 40082695 | O11: =O12+O83+O125+O171+O181+O248+O268+O278+O285+O310+O328+O368+O380 -> 1.9996602e+08 | P11: =P12+P83+P125+P171+P181+P248+P268+P278+P285+P310+P328+P368+P380 -> 1.8893188e+08 | Q11: =Q12+Q83+Q125+Q171+Q181+Q248+Q268+Q278+Q285+Q310+Q328+Q368+Q380 -> 227474 | R11: =R12+R83+R125+R171+R181+R248+R268+R278+R285+R310+R328+R368+R380 -> 10806665 | ... V11: =V12+V83+V125+V171+V181+V248+V268+V278+V285+V310+V328+V368+V380 -> 8406665 | W11: =R11-V11 -> 2400000 | X11: =W11/R11 -> 0.22208517 | Y11: =P11+Q11-T11-U11 -> 1.0045099e+08 | Z11: =Y11/(P11+Q11) -> 0.53103894 | AA11: =Y11+W11 -> 1.0285099e+08 | AB11: =AA11/O11 -> 0.51434231 | AC11: =AC12+AC83+AC125+AC171+AC181+AC248+AC268+AC278+AC285+AC310+AC328+AC368+AC380 -> 321 | AD11: =AD12+AD83+AD125+AD171+AD181+AD248+AD268+AD278+AD285+AD310+AD328+AD368+AD380 -> 0 | AE11: =AE12+AE83+AE125+AE171+AE181+AE248+AE268+AE278+AE285+AE310+AE328+AE368+AE380 -> 0 | AF11: =AF12+AF83+AF125+AF171+AF181+AF248+AF268+AF278+AF285+AF310+AF328+AF368+AF380 -> 0
A12: 1. Образование | E12: =E13+F43+E76 -> 1.5626576e+08 | F12: =F13+F43+F76 -> 1.5162917e+08 | G12: =G13+G43+G76 -> 0 | H12: =H13+H43+H76 -> 55011586 | I12: =I13+I43+I76 -> 0 | J12: =J13+J43+J76 -> 0 | L12: =L13+L43+L76 -> 0 | M12: =M13+M43+M76 -> 0 | N12: =N13+N43+N76 -> 0 | O12: =O13+O43+O76 -> 19531996 | P12: =P13+P43+P76 -> 19531996 | Q12: =Q13+Q43+Q76 -> 0 | R12: =R13+R43+R76 -> 0 | S12: =S13+S43+S76 -> 15587912 | ... V12: =V13+V43+V76 -> 0 | W12: 0 | Y12: =P12+Q12-T12-U12 -> 3944083.2 | Z12: =Y12/(P12+Q12) -> 0.20192935 | AA12: =Y12+W12 -> 3944083.2 | AB12: =AA12/O12 -> 0.20192935 | AC12: =AC13+AC43+AC76 -> 67 | AD12: =AD13+AD43+AD76 -> 0 | AE12: =AE13+AE43+AE76 -> 0 | AF12: =AF13+AF43+AF76 -> 0
A13: 1.1. | B13: Строительство и реконструкция объектов | E13: =SUM(E14:E42) -> 1.3403289e+08 | F13: =SUM(F14:F42) -> 1.2513783e+08 | G13: =SUM(G14:G32) -> 0 | H13: =SUM(H14:H42) -> 42047226 | I13: =SUM(I14:I32) -> 0 | J13: =SUM(J14:J32) -> 0 | L13: =SUM(L14:L32) -> 0 | M13: =SUM(M14:M32) -> 0 | N13: =SUM(N14:N32) -> 0 | O13: =SUM(O14:O42) -> 15223895 | P13: =SUM(P14:P42) -> 15223895 | Q13: =SUM(Q14:Q42) -> 0 | R13: =SUM(R14:R42) -> 0 | S13: =SUM(S14:S42) -> 11329811 | T13: =SUM(T14:T42) -> 11329811 | U13: =SUM(U14:U42) -> 0 | V13: =SUM(V14:V42) -> 0 | W13: =R13-V13 -> 0 | Y13: =P13+Q13-T13-U13 -> 3894083.2 | Z13: =Y13/(P13+Q13) -> 0.25578758 | AA13: =Y13+W13 -> 3894083.2 | AB13: =AA13/O13 -> 0.25578758 | AC13: =SUM(AC14:AC42) -> 29 | AD13: =SUM(AD14:AD42) -> 0 | AE13: =SUM(AE14:AE42) -> 0 | AF13: =SUM(AF14:AF32) -> 0
A14: 1 | B14: Реконструкция здания детского сада №37, по адресу: мкр. «Нуркент», Алатауского района города Алматы | C14: 04 1 373 037 015 | D14: 2025-2026 | E14: 2383710 | F14: 2143822.2 | H14: 2015000 | J14: 320 мест, общая площадь здания - 5830,0 м2 | K14: 300 мест, общая площадь здания - 5000,0 м2 | O14: =SUM(P14:R14) -> 110975.7 | P14: 110975.7 | S14: =SUM(T14:V14) -> 0 | T14: 0 | W14: =R14-V14 -> 0 | Y14: =P14+Q14-T14-U14 -> 110975.7 | Z14: =Y14/(P14+Q14) -> 1 | AA14: =Y14+W14 -> 110975.7 | AB14: =AA14/O14 -> 1 | AC14: 1 | AD14: 0 | AE14: 0 | AF14: 0 | AG14: Не было освоения в 1 квартале 2026 году.
A15: 2 | B15: Реконструкция здания ясли-сада №10 по адресу: ул. Шевченко, дом 186 А, Алмалинский район, г. Алматы | C15: 04 1 373 037 015 | D15: 2025-2026 | E15: 2109388 | F15: 2022686.1 | H15: 650000 | J15: Общая площадь здания - 2347,92 м2 | K15: Общая площадь здания - 2000 м3 | O15: =SUM(P15:R15) -> 927020.24 | P15: 927020.24 | S15: =SUM(T15:V15) -> 840468.5 | T15: 840468.5 | W15: =R15-V15 -> 0 | Y15: =P15+Q15-T15-U15 -> 86551.742 | Z15: =Y15/(P15+Q15) -> 0.093365536 | AA15: =Y15+W15 -> 86551.742 | AB15: =AA15/O15 -> 0.093365536 | AC15: 1 | AD15: 0 | AE15: 0 | AF15: 0
A16: 3 | B16: Строительство детского сада по ул. Тлендиева, 49, Алмалинский район (со сносом здания) | C16: 04 1 373 037 015 | D16: 2025-2026 | E16: 3100763 | F16: 2942352.3 | H16: 100000 | J16: 240 мест, общая площадь здания - 5503,40 м2 | K16: 241 мест, общая площадь здания - 5000 м2 | O16: =SUM(P16:R16) -> 735000 | P16: 735000 | S16: =SUM(T16:V16) -> 591000 | T16: 591000 | W16: =R16-V16 -> 0 | Y16: =P16+Q16-T16-U16 -> 144000 | Z16: =Y16/(P16+Q16) -> 0.19591837 | AA16: =Y16+W16 -> 144000 | AB16: =AA16/O16 -> 0.19591837 | AC16: 1 | AD16: 0 | AE16: 0 | AF16: 0
A17: 4 | B17: Строительство детского сада на 240 мест, по адресу: южнее пробиваемого пр. Абая, западнее р. «Карагайлы», Наурызбайского района города Алматы | C17: 04 1 373 037 015 | D17: 2025-2026 | E17: 2756897 | F17: 2645341.1 | H17: 1327000 | J17: 240 мест, общая площадь здания - 3049,11 м2 | K17: 200 мест, общая площадь здания - 3000 м2 | O17: =SUM(P17:R17) -> 867000 | P17: 867000 | S17: =SUM(T17:V17) -> 804125.5 | T17: 804125.5 | W17: =R17-V17 -> 0 | Y17: =P17+Q17-T17-U17 -> 62874.5 | Z17: =Y17/(P17+Q17) -> 0.072519608 | AA17: =Y17+W17 -> 62874.5 | AB17: =AA17/O17 -> 0.072519608 | AC17: 1 | AD17: 0 | AE17: 0 | AF17: 0
A18: 5 | B18: Строительство детского сада на 320 мест в микрорайоне «Курамыс» Наурызбайского района города Алматы» (без наружных инженерных сетей) | C18: 04 1 373 037 015 | D18: 2023-2026 | E18: 2737433 | F18: 2461861 | H18: 1133361 | J18: 320 мест, площадь застройки- 2502,21 м2 | K18: 300 мест, площадь застройки- 2000 м2 | O18: =SUM(P18:R18) -> 1133361 | P18: 1133361 | S18: =SUM(T18:V18) -> 985733.02 | T18: 985733.02 | W18: =R18-V18 -> 0 | Y18: =P18+Q18-T18-U18 -> 147627.98 | Z18: =Y18/(P18+Q18) -> 0.13025681 | AA18: =Y18+W18 -> 147627.98 | AB18: =AA18/O18 -> 0.13025681 | AC18: 1 | AD18: 0 | AE18: 0 | AF18: 0
A19: 7 | B19: Строительство школы на 550 ученических мест, по адресу: мкр. «Зердели», Алатауский район | C19: 04 2 373 028 015 | D19: 2025-2026 | E19: 3820325 | F19: 2398922.2 | H19: 2398922.2 | J19: Площадь застройки - 3280,04 м2 | K19: Площадь застройки - 3280,04 м2 | O19: =SUM(P19:R19) -> 124057.86 | P19: 124057.86 | S19: =SUM(T19:V19) -> 124057.86 | T19: 124057.86 | W19: =R19-V19 -> 0 | Y19: =P19+Q19-T19-U19 -> 0 | Z19: =Y19/(P19+Q19) -> 0 | AA19: =Y19+W19 -> 0 | AB19: =AA19/O19 -> 0 | AC19: 1 | AD19: 0 | AE19: 0 | AF19: 0 | AG19: Уменьшение общей суммы договора
A20: 8 | B20: Реконструкция с пристройкой к зданию школы №160, по адресу: ул. Заводская 96, мкр. «Карасу», Алатауский район, город Алматы | C20: 04 2 373 028 015 | D20: 2025-2026 | E20: 6715009 | F20: 6535067.5 | H20: 4015000 | J20: Площадь застройки - 4188,01 м2, на 575 мест | K20: Площадь застройки - 4000 м2, на 500 мест | O20: =SUM(P20:R20) -> 2445052.4 | P20: 2445052.4 | S20: =SUM(T20:V20) -> 733515.72 | T20: 733515.72 | W20: =R20-V20 -> 0 | Y20: =P20+Q20-T20-U20 -> 1711536.7 | Z20: =Y20/(P20+Q20) -> 0.7 | AA20: =Y20+W20 -> 1711536.7 | AB20: =AA20/O20 -> 0.7 | AC20: 1 | AD20: 0 | AE20: 0 | AF20: 0
A21: 9 | B21: Строительство пристройки на 300 мест к зданию школы №16 ул. А. Шарипова, Алмалинского района | C21: 04 2 373 028 015 | D21: 2025-2026 | E21: 2356129.3 | F21: 2291862.5 | H21: 1100000 | J21: 300 мест, общая площадь здания - 2040,59 м2 | K21: 201 мест, общая площадь здания - 2000 м2 | O21: =SUM(P21:R21) -> 341934.02 | P21: 341934.02 | S21: =SUM(T21:V21) -> 341934.02 | T21: 341934.02 | W21: =R21-V21 -> 0 | Y21: =P21+Q21-T21-U21 -> 0 | Z21: =Y21/(P21+Q21) -> 0 | AA21: =Y21+W21 -> 0 | AB21: =AA21/O21 -> 0 | AC21: 1 | AD21: 0 | AE21: 0 | AF21: 0
A22: 10 | B22: Реконструкция с пристройкой к зданию КГУ «Общеобразовательная школа №58», по адресу: ул. Тургут Озала, Алмалинский район, города Алматы | C22: 04 2 373 028 015 | D22: 2024-2026 | E22: 4960691 | F22: 4729032.7 | H22: 2529399.7 | J22: Площадь застройки - 5492,88 м2 | K22: Площадь застройки - 5000 м3 | O22: =SUM(P22:R22) -> 0 | P22: 0 | S22: =SUM(T22:V22) -> 0 | T22: 0 | W22: =R22-V22 -> 0 | Y22: =P22+Q22-T22-U22 -> 0 | AA22: =Y22+W22 -> 0 | AC22: 1 | AD22: 0 | AE22: 0 | AF22: 0 | AG22: Расторгли договор с подрядчиком
A23: 11 | B23: Реконструкция здания КГУ «Общеобразовательная школа №124», расположенного по адресу в Алмалинском районе, г. Алматы | C23: 04 2 373 028 015 | D23: 2025-2026 | E23: 2811257 | F23: 2732467.7 | H23: 493500 | J23: 576 мест, общая площадь здания - 6701,28м2 | K23: 577 мест, общая площадь здания - 6000м2 | O23: =SUM(P23:R23) -> 650000 | P23: 650000 | S23: =SUM(T23:V23) -> 396630.41 | T23: 396630.41 | W23: =R23-V23 -> 0 | Y23: =P23+Q23-T23-U23 -> 253369.59 | Z23: =Y23/(P23+Q23) -> 0.38979936 | AA23: =Y23+W23 -> 253369.59 | AB23: =AA23/O23 -> 0.38979936 | AC23: 1 | AD23: 0 | AE23: 0 | AF23: 0
A24: 12 | B24: Реконструкция здания школы - гимназии №60 в мкр. «Орбита-1», 41, Бостандыкского района (Литеры А, А1), города Алматы | C24: 04 2 373 028 015 | D24: 2025-2026 | E24: 6237578 | F24: 6046646.1 | H24: 3872000 | J24: Площадь застройки - 4551.63 м2, на 550 мест | K24: Площадь застройки - 4000 м2, на 500 мест | O24: =SUM(P24:R24) -> 633041.39 | P24: 633041.39 | S24: =SUM(T24:V24) -> 633041.39 | T24: 633041.39 | W24: =R24-V24 -> 0 | Y24: =P24+Q24-T24-U24 -> 0 | Z24: =Y24/(P24+Q24) -> 0 | AA24: =Y24+W24 -> 0 | AB24: =AA24/O24 -> 0 | AC24: 1 | AD24: 0 | AE24: 0 | AF24: 0
A25: 13 | B25: Реконструкция с пристройкой (со сносом существующих зданий) к зданию школы №43, по адресу: Жетысуский район, ул. Шилова | C25: 04 2 373 028 015 | D25: 2025-2026 | E25: 2521526 | F25: 2431261.3 | H25: 250000 | J25: Площадь застройки - 2496,26 м3 | K25: Площадь застройки - 2000 м4 | O25: =SUM(P25:R25) -> 638447.06 | P25: 638447.06 | S25: =SUM(T25:V25) -> 638447.06 | T25: 638447.06 | W25: =R25-V25 -> 0 | Y25: =P25+Q25-T25-U25 -> 0 | Z25: =Y25/(P25+Q25) -> 0 | AA25: =Y25+W25 -> 0 | AB25: =AA25/O25 -> 0 | AC25: 1 | AD25: 0 | AE25: 0 | AF25: 0
A26: 14 | B26: Строительство пристройки к зданию КГУ «Общеобразовательная школа № 112», по адресу: ул. Ратушного, д.131, Жетысуский район, города Алматы | C26: 04 2 373 028 015 | D26: 2025-2026 | E26: 2334400 | F26: 1902604.1 | H26: 1589882.8 | J26: Площадь застройки - 1779 м2 | K26: Площадь застройки - 1000 м3 | O26: =SUM(P26:R26) -> 308437 | P26: 308437 | S26: =SUM(T26:V26) -> 308437 | T26: 308437 | W26: =R26-V26 -> 0 | Y26: =P26+Q26-T26-U26 -> 0 | Z26: =Y26/(P26+Q26) -> 0 | AA26: =Y26+W26 -> 0 | AB26: =AA26/O26 -> 0 | AC26: 1 | AD26: 0 | AE26: 0 | AF26: 0
A27: 15 | B27: Реконструкция здания школы - гимназии №30 имени Д. Снегина, по адресу: пр. Достык, 226а, Медеуский район, города Алматы | C27: 04 2 373 028 015 | D27: 2025-2026 | E27: 6220881 | F27: 6115197.1 | H27: 1424500 | J27: Площадь застройки - 4777,34 м2, на 576 мест | K27: Площадь застройки - 4000 м2, на 500 мест | O27: =SUM(P27:R27) -> 638905.12 | P27: 638905.12 | S27: =SUM(T27:V27) -> 638905.12 | T27: 638905.12 | W27: =R27-V27 -> 0 | Y27: =P27+Q27-T27-U27 -> 0 | Z27: =Y27/(P27+Q27) -> 0 | AA27: =Y27+W27 -> 0 | AB27: =AA27/O27 -> 0 | AC27: 1 | AD27: 0 | AE27: 0 | AF27: 0
A28: 16 | B28: Реконструкция здания КГУ «Школа-гимназия №56 имени К.Сатпаева» расположенного по адресу Медеуском районе, г.Алматы | C28: 04 2 373 028 015 | D28: 2025-2026 | E28: 2652521 | F28: 2563316.4 | H28: 1050000 | J28: 572 места, общая площадь здания - 6134,24 м2 | K28: 500 места, общая площадь здания - 6000 м2 | O28: =SUM(P28:R28) -> 437509.84 | P28: 437509.84 | S28: =SUM(T28:V28) -> 437509.84 | T28: 437509.84 | W28: =R28-V28 -> 0 | Y28: =P28+Q28-T28-U28 -> 0 | Z28: =Y28/(P28+Q28) -> 0 | AA28: =Y28+W28 -> 0 | AB28: =AA28/O28 -> 0 | AC28: 1 | AD28: 0 | AE28: 0 | AF28: 0
A29: 17 | B29: Строительство отдельно стоящего здания на 300 мест для КГУ «Школа-лицей № 131 им. Б. Момышұлы» по адресу: город Алматы, Медеуский район, мкр. «Самал 2», д. 22 | C29: 04 2 373 028 015 | D29: 2025-2026 | E29: 2976050 | F29: 2832629.3 | H29: 585000 | J29: Площадь застройки - 1920,40 м2 | K29: Площадь застройки - 1000 м3 | O29: =SUM(P29:R29) -> 1320000 | P29: 1320000 | S29: =SUM(T29:V29) -> 0 | T29: 0 | W29: =R29-V29 -> 0 | Y29: =P29+Q29-T29-U29 -> 1320000 | Z29: =Y29/(P29+Q29) -> 1 | AA29: =Y29+W29 -> 1320000 | AB29: =AA29/O29 -> 1 | AC29: 1 | AD29: 0 | AE29: 0 | AF29: 0 | AG29: Не было освоения в 1 квартале 2026 году.
A30: 19 | B30: Строительство инновационного технического колледжа и общежития, мкр. «Алгабас», улица 7, Алатауский район | C30: 04 2 373 069 015 | D30: 2023-2026 | E30: 9177975 | F30: 8538185.9 | H30: 6811185.7 | J30: Площадь застройки - 6922,75 м2 | K30: Площадь застройки - 6000 м2 | O30: 0 | P30: 0 | Q30: 0 | R30: 0 | S30: 0 | T30: 0 | U30: 0 | V30: 0 | W30: =R30-V30 -> 0 | Y30: =P30+Q30-T30-U30 -> 0 | AA30: =Y30+W30 -> 0 | AC30: 1 | AD30: 0 | AE30: 0 | AF30: 0
A31: 20 | B31: Строительство центра развития и творчества в мкр. «Саялы», Алатауского района | C31: 04 2 373 069 015 | D31: 2025-2027 | E31: 12224030 | F31: 11869365 | H31: 9203474.3 | J31: Площадь застройки - 4990,12 м2 на 503 мест | K31: Площадь застройки - 4000 м2 на 500 мест | O31: =SUM(P31:R31) -> 507146.45 | P31: 507146.45 | S31: =SUM(T31:V31) -> 507146.45 | T31: 507146.45 | W31: =R31-V31 -> 0 | Y31: =P31+Q31-T31-U31 -> 0 | Z31: =Y31/(P31+Q31) -> 0 | AA31: =Y31+W31 -> 0 | AB31: =AA31/O31 -> 0 | AC31: 1 | AD31: 0 | AE31: 0 | AF31: 0
A32: 21 | B32: Строительство центра развития и творчества в микрорайоне «Жас канат», Турксибский район города Алматы | C32: 04 2 373 069 015 | D32: 2025-2027 | E32: 13940176 | F32: 14036930 | H32: 1499000 | J32: 508 посещений, общая площадь здания - 14011,72 м2 | K32: 500 посещений, общая площадь здания - 10000 м2 | O32: =SUM(P32:R32) -> 1227147 | P32: 1227147 | S32: =SUM(T32:V32) -> 1170000 | T32: 1170000 | W32: =R32-V32 -> 0 | Y32: =P32+Q32-T32-U32 -> 57147 | Z32: =Y32/(P32+Q32) -> 0.046568993 | AA32: =Y32+W32 -> 57147 | AB32: =AA32/O32 -> 0.046568993 | AC32: 1 | AD32: 0 | AE32: 0 | AF32: 0
A33: 22 | B33: Реконструкция здания школы предпринимателей, по адресу: проспект Достык 226, Медеуский район, города Алматы | C33: 04 4 373 028 015 | D33: 2026-2027 | E33: 1420553.3 | F33: 1375968 | J33: Общая площадь здания - 2704,2 м2, общий строительный объем - 11582 м3. | O33: =SUM(P33:R33) -> 0 | P33: 0 | S33: =SUM(T33:V33) -> 0 | T33: 0 | W33: =R33-V33 -> 0 | Y33: =P33+Q33-T33-U33 -> 0 | AA33: =Y33+W33 -> 0 | AC33: 1 | AG33: Здание не передано для реконструкции
A34: 23 | B34: Строительство пристройки на 450 мест к зданию школы гимназии в мкр. «Нуркент» Алатауского района г. Алматы (201 школа) | C34: 04 4 373 028 015 | D34: 2026 | E34: 2590393 | F34: 2369852.6 | J34: Общая площадь здания - 6275,71 м2, общий строительный объем - 22639,60 м3. | O34: =SUM(P34:R34) -> 0 | P34: 0 | S34: =SUM(T34:V34) -> 0 | T34: 0 | W34: =R34-V34 -> 0 | Y34: =P34+Q34-T34-U34 -> 0 | AA34: =Y34+W34 -> 0 | AC34: 1 | AG34: Не было освоения в 1 квартале 2026 году. Разрешение на строительство получено в апреле 2026 года, период реализации 7 месяцев
A35: 24 | B35: Строительство отдельно стоящего здания на 400 мест на территории школы-гимназии №1 в микрорайоне «10», Ауэзовского района | C35: 04 4 373 028 015 | D35: 2025-2026 | E35: 2332591.7 | F35: 2219260.6 | J35: Общая площадь здания - 4605,66 м2, общий строительный объем - 19659,62 м3. | K35: Общая площадь здания - 4605,66 м2, общий строительный объем - 19659,62 м3. | O35: =SUM(P35:R35) -> 603000 | P35: 603000 | S35: =SUM(T35:V35) -> 603000 | T35: 603000 | W35: =R35-V35 -> 0 | Y35: =P35+Q35-T35-U35 -> 0 | Z35: =Y35/(P35+Q35) -> 0 | AA35: =Y35+W35 -> 0 | AB35: =AA35/O35 -> 0 | AC35: 1
A36: 25 | B36: Строительство школы на 1200 мест (со сносом существующего здания школы-гимназии №13), по адресу: «11» мкр., Ауэзовский район, города Алматы | C36: 04 4 373 028 015 | D36: 2026-2027 | E36: 9582931 | F36: 9267229.7 | J36: Общая площадь здания - 12752,23 м2, общий строительный объем - 70259,64 м3. | K36: Общая площадь здания - 12752,23 м2, общий строительный объем - 70259,64 м3. | O36: =SUM(P36:R36) -> 0 | S36: =SUM(T36:V36) -> 0 | U36: 0 | W36: =R36-V36 -> 0 | Y36: =P36+Q36-T36-U36 -> 0 | AA36: =Y36+W36 -> 0 | AC36: 1 | AG36: Договор подписан в марте 2026 года
A37: 26 | B37: Строительство пристройки общежития со столовой к зданию КГУ «Специальная школа-интернат №4 для слепых и слабовидящих детей» по адресу: г. Алматы, ул. Ладыгина, 33, Ауэзовского района | C37: 04 4 373 028 015 | D37: 2026-2027 | E37: 3663151 | F37: 3112845.3 | J37: Общая площадь здания - 5975,9 м2, общий строительный объем - 30993,3 м3. | K37: Общая площадь здания - 5975,9 м2, общий строительный объем - 30993,3 м3. | O37: =SUM(P37:R37) -> 442500 | P37: 442500 | S37: =SUM(T37:V37) -> 442500 | T37: 442500 | W37: =R37-V37 -> 0 | Y37: =P37+Q37-T37-U37 -> 0 | Z37: =Y37/(P37+Q37) -> 0 | AA37: =Y37+W37 -> 0 | AB37: =AA37/O37 -> 0 | AC37: 1
A38: 27 | B38: Строительство школы творчества на 900 мест и корпуса интерната с реконструкцией существующих зданий, и сооружений, по адресу: мкр. «Дарын-1», Бостандыкский район, города Алматы». (2 очередь, реконструкция зданий и благоустройство) | C38: 04 4 373 028 015 | D38: 2026-2027 | E38: 3181731 | F38: 3019434.2 | J38: Общая площадь участка - 16,7661 га, площадь покрытий - 20 908,95 м2 | K38: Общая площадь участка - 16,7661 га, площадь покрытий - 20 908,95 м2 | O38: =SUM(P38:R38) -> 383848.5 | P38: 383848.5 | S38: =SUM(T38:V38) -> 383848.5 | T38: 383848.5 | W38: =R38-V38 -> 0 | Y38: =P38+Q38-T38-U38 -> 0 | Z38: =Y38/(P38+Q38) -> 0 | AA38: =Y38+W38 -> 0 | AB38: =AA38/O38 -> 0 | AC38: 1
A39: 28 | B39: Строительство общежития на 350 мест по адресу: ул. Аскарова 47, мкр. «Дарын-1», Бостандыкский район, города Алматы». (3 очередь) | C39: 04 4 373 028 015 | D39: 2026-2027 | E39: 4083905 | F39: 2093113.5 | J39: Общая площадь - 6599,44 м2, строительный объем - 32696,27 м3 | K39: Общая площадь - 6599,44 м2, строительный объем - 32696,27 м3 | O39: =SUM(P39:R39) -> 601754.59 | P39: 601754.59 | S39: =SUM(T39:V39) -> 601754.59 | T39: 601754.59 | W39: =R39-V39 -> 0 | Y39: =P39+Q39-T39-U39 -> 0 | Z39: =Y39/(P39+Q39) -> 0 | AA39: =Y39+W39 -> 0 | AB39: =AA39/O39 -> 0 | AC39: 1
A40: 29 | B40: Реконструкция с пристройкой (со сносом существующих зданий) к зданию школы-гимназии № 78, по адресу: г. Алматы, Турксибский район, мкр. «Алтай-2» | C40: 04 4 373 028 015 | D40: 2026-2027 | E40: 9651907 | F40: 9183054.8 | J40: Общая площадь - 11962,51 м2, строительный объем - 44114,43 м3 | O40: =SUM(P40:R40) -> 0 | P40: 0 | S40: =SUM(T40:V40) -> 0 | T40: 0 | W40: =R40-V40 -> 0 | Y40: =P40+Q40-T40-U40 -> 0 | AA40: =Y40+W40 -> 0 | AC40: 1 | AG40: Договор подписан 27 марта 2026 года
A41: 30 | B41: Строительство пристройки (со сносом существующего здания) к зданию общеобразовательной школы №170, по адресу Турксибский район, улица Магнитная, 31 | C41: 04 4 373 028 015 | D41: 2026-2027 | E41: 1063001.7 | F41: 1020561.8 | J41: Общая площадь - 1781,50 м2, строительный объем - 8485,0 м3 | K41: Общая площадь - 1781,50 м2, строительный объем - 8485,0 м3 | O41: =SUM(P41:R41) -> 147756.34 | P41: 147756.34 | S41: =SUM(T41:V41) -> 147756.34 | T41: 147756.34 | W41: =R41-V41 -> 0 | Y41: =P41+Q41-T41-U41 -> 0 | Z41: =Y41/(P41+Q41) -> 0 | AA41: =Y41+W41 -> 0 | AB41: =AA41/O41 -> 0 | AC41: 1
A42: 31 | B42: Строительство пристройки на 600 мест к зданию КГУ «Общеобразовательная школа №198» по адресу: мкр. «Жас-Канат», Турксибский район, г. Алматы | C42: 04 4 373 028 015 | D42: 2026-2027 | E42: 4425982 | F42: 4236961.5 | J42: Общая площадь - 6238,70 м2, строительный объем - 30592,60 м3 | O42: =SUM(P42:R42) -> 0 | S42: =SUM(T42:V42) -> 0 | W42: =R42-V42 -> 0 | Y42: =P42+Q42-T42-U42 -> 0 | AA42: =Y42+W42 -> 0 | AC42: 1 | AG42: Договор подписан во втором квартале 2026 года
A43: 1.2. | B43: Разработка ПСД | E43: =SUM(E44:E70) -> 0 | F43: =SUM(F44:F75) -> 3637573 | G43: =SUM(G44:G70) -> 0 | H43: =SUM(H44:H75) -> 1042311.7 | I43: =SUM(I44:I70) -> 0 | J43: =SUM(J44:J70) -> 0 | K43: =SUM(K44:K70) -> 0 | L43: =SUM(L44:L70) -> 0 | M43: =SUM(M44:M70) -> 0 | N43: =SUM(N44:N70) -> 0 | O43: =SUM(O44:O75) -> 78000 | P43: =SUM(P44:P75) -> 78000 | Q43: =SUM(Q44:Q70) -> 0 | R43: =SUM(R44:R70) -> 0 | S43: =SUM(S44:S75) -> 28000 | T43: =SUM(T44:T75) -> 28000 | U43: =SUM(U44:U70) -> 0 | V43: =SUM(V44:V70) -> 0 | W43: =R43-V43 -> 0 | Y43: =P43+Q43-T43-U43 -> 50000 | Z43: =Y43/(P43+Q43) -> 0.64102564 | AA43: =Y43+W43 -> 50000 | AB43: =AA43/O43 -> 0.64102564 | AC43: =SUM(AC44:AC75) -> 32 | AD43: =SUM(AD44:AD75) -> 0 | AE43: =SUM(AE44:AE75) -> 0 | AF43: =SUM(AF44:AF70) -> 0
A44: 32 | B44: Разработка ПСД на реконструкцию здания КГКП «Ясли сад №29» по адресу: мкр.1, д.72, Ауэзовский район | C44: 04 1 373 037 015 | D44: 2024-2026 | F44: 79682.271 | H44: 30000 | J44: Заключение ГЭ - 1 ед. | O44: 0 | P44: 0 | Q44: 0 | R44: 0 | S44: 0 | T44: 0 | U44: 0 | V44: 0 | W44: =R44-V44 -> 0 | Y44: =P44+Q44-T44-U44 -> 0 | AC44: 1 | AD44: 0 | AE44: 0 | AF44: 0 | AG44: Конец августа 2026 года Финансирования не было на 2026 год
A45: 33 | B45: Разработка ПСД на строительство детского сада со сносом здания КГКП «Ясли сад №53» по адресу: Ауэзовский район, мкр. «Таугуль», д.25а | C45: 04 1 373 037 015 | D45: 2024-2026 | F45: 65995.434 | H45: 19097 | J45: Заключение ГЭ - 1 ед. | O45: 0 | P45: 0 | Q45: 0 | R45: 0 | S45: 0 | T45: 0 | U45: 0 | V45: 0 | W45: =R45-V45 -> 0 | Y45: =P45+Q45-T45-U45 -> 0 | AC45: 1 | AD45: 0 | AE45: 0 | AF45: 0 | AG45: Конец апрель 2027 года Финансирования не было на 2026 год
A46: 35 | B46: Разработка ПСД на строительство детского сада на 120 мест в мкр. «Таугуль», Ауэзовский район (со сносом существующего филиала здании школы №72) | C46: 04 1 373 037 015 | D46: 2024-2026 | F46: 62704.803 | H46: 3917 | J46: Заключение ГЭ - 1 ед. | O46: 0 | P46: 0 | Q46: 0 | R46: 0 | S46: 0 | T46: 0 | U46: 0 | V46: 0 | W46: =R46-V46 -> 0 | Y46: =P46+Q46-T46-U46 -> 0 | AC46: 1 | AD46: 0 | AE46: 0 | AF46: 0 | AG46: Конец апреля 2027 года Финансирования не было на 2026 год
A47: 37 | B47: Разработка ПСД на реконструкцию здания детского сада, по адресу: ул. Ратушного 139, Жетысуский район, города Алматы | C47: 04 1 373 037 015 | D47: 2024-2026 | F47: 65066.28 | H47: 18558 | J47: Заключение ГЭ - 1 ед. | O47: 0 | P47: 0 | Q47: 0 | R47: 0 | S47: 0 | T47: 0 | U47: 0 | V47: 0 | W47: =R47-V47 -> 0 | Y47: =P47+Q47-T47-U47 -> 0 | AC47: 1 | AD47: 0 | AE47: 0 | AF47: 0 | AG47: 3 квартал 2026 год. Не было освоения в 1 квартале 2026 году.
A48: 38 | B48: Разработка ПСД на строительство детского сада со сносом здания КГКП «Ясли сад №105» по адресу: Медеуский район, ул. Зенкова 58 | C48: 04 1 373 037 015 | D48: 2024-2026 | F48: 71356.048 | H48: 15000 | J48: Заключение ГЭ - 1 ед. | O48: 0 | P48: 0 | Q48: 0 | R48: 0 | S48: 0 | T48: 0 | U48: 0 | V48: 0 | W48: =R48-V48 -> 0 | Y48: =P48+Q48-T48-U48 -> 0 | AC48: 1 | AD48: 0 | AE48: 0 | AF48: 0 | AG48: Декабрь 2026 года. Не было освоения в 1 квартале 2026 году.
A49: 39 | B49: Разработка ПСД на строительство детского сада на 320 мест в мкр. «Альмерек», Турксибский район | C49: 04 1 373 037 015 | D49: 2024-2026 | F49: 122936.88 | H49: 15882 | J49: Заключение ГЭ - 1 ед. | O49: 0 | P49: 0 | Q49: 0 | R49: 0 | S49: 0 | T49: 0 | U49: 0 | V49: 0 | W49: =R49-V49 -> 0 | Y49: =P49+Q49-T49-U49 -> 0 | AC49: 1 | AD49: 0 | AE49: 0 | AF49: 0 | AG49: Декабрь 2026 года Финансирования не было на 2026 год
A50: 40 | B50: Разработка ПСД на строительство школы на 600 мест со сносом существующего здания школы №150, по адресу: Алатауский район, ​ул. Биянху, 87, г. Алматы | C50: 04 2 373 028 015 | D50: 2025-2026 | F50: 128088.59 | H50: 10000 | J50: Заключение ГЭ - 1 ед. | O50: 0 | P50: 0 | Q50: 0 | R50: 0 | S50: 0 | T50: 0 | U50: 0 | V50: 0 | W50: =R50-V50 -> 0 | Y50: =P50+Q50-T50-U50 -> 0 | AC50: 1 | AD50: 0 | AE50: 0 | AF50: 0 | AG50: 1 квартал 2027 года. Не было освоения в 1 квартале 2026 году.
A51: 41 | B51: Разработка ПСД на строительство пристройки (со сносом существующего здания) к зданию общеобразовательной школы №184, по адресу: ул. Мектеп, Алатауский район | C51: 04 2 373 028 015 | D51: 2024-2026 | F51: 60075.913 | H51: 20000 | J51: Заключение ГЭ - 1 ед. | O51: 0 | P51: 0 | Q51: 0 | R51: 0 | S51: 0 | T51: 0 | U51: 0 | V51: 0 | W51: =R51-V51 -> 0 | Y51: =P51+Q51-T51-U51 -> 0 | AC51: 1 | AD51: 0 | AE51: 0 | AF51: 0 | AG51: Август 2026 года. Не было освоения в 1 квартале 2026 году.
A52: 42 | B52: Разработка ПСД на реконструкцию существующего здания школы - лицея № 90, ул. Маметова, 53, Алмалинского района | C52: 04 2 373 028 015 | D52: 2025-2026 | F52: 97087.813 | H52: 30000 | J52: Заключение ГЭ - 1 ед. | O52: =SUM(P52:R52) -> 0 | P52: 0 | S52: =SUM(T52:V52) -> 0 | T52: 0 | W52: =R52-V52 -> 0 | Y52: =P52+Q52-T52-U52 -> 0 | AC52: 1 | AD52: 0 | AE52: 0 | AF52: 0 | AG52: Не было освоения в 1 квартале 2026 году.
A53: 43 | B53: Разработка ПСД на реконструкцию здания КГУ «Общеобразовательная школа №128», ул. Жарокова 18, Алмалинского района | C53: 04 2 373 028 015 | D53: 2024-2026 | F53: 111166.77 | H53: 35350 | J53: Заключение ГЭ - 1 ед. | O53: =SUM(P53:R53) -> 0 | S53: =SUM(T53:V53) -> 0 | W53: =R53-V53 -> 0 | Y53: =P53+Q53-T53-U53 -> 0 | AC53: 1 | AD53: 0 | AE53: 0 | AF53: 0 | AG53: Август 2026 года Не было освоения в 1 квартале 2026 году.
A54: 44 | B54: Разработка ПСД на реконструкцию существующего здания гимназии № 62 Ш.Смаханұлы, по адресу: ул. Тургут Озала, 45, Алмалинского района | C54: 04 2 373 028 015 | D54: 2025-2026 | F54: 84847.861 | H54: 40000 | J54: Заключение ГЭ - 1 ед. | O54: =SUM(P54:R54) -> 0 | P54: 0 | S54: =SUM(T54:V54) -> 0 | T54: 0 | W54: =R54-V54 -> 0 | Y54: =P54+Q54-T54-U54 -> 0 | AC54: 1 | AD54: 0 | AE54: 0 | AF54: 0 | AG54: Не было освоения в 1 квартале 2026 году.
A55: 45 | B55: Разработка ПСД на строительство школы на 1500 мест со сносом существующего здания школы № 5 в Ауэзовском районе | C55: 04 2 373 028 015 | D55: 2025-2026 | F55: 166289.18 | H55: 60000 | J55: Заключение ГЭ - 1 ед. | O55: =SUM(P55:R55) -> 0 | P55: 0 | S55: =SUM(T55:V55) -> 0 | T55: 0 | W55: =R55-V55 -> 0 | Y55: =P55+Q55-T55-U55 -> 0 | AC55: 1 | AD55: 0 | AE55: 0 | AF55: 0 | AG55: Не было освоения в 1 квартале 2026 году.
A56: 46 | B56: Разработка ПСД на строительство школы на 1200 мест со сносом существующего здания общеобразовательной школы № 6, по адресу: мкр. 5, д 49а, Ауэзовского района | C56: 04 2 373 028 015 | D56: 2025-2026 | F56: 148162.06 | H56: 30000 | J56: Заключение ГЭ - 1 ед. | O56: =SUM(P56:R56) -> 0 | P56: 0 | S56: =SUM(T56:V56) -> 0 | T56: 0 | W56: =R56-V56 -> 0 | Y56: =P56+Q56-T56-U56 -> 0 | AC56: 1 | AD56: 0 | AE56: 0 | AF56: 0 | AG56: Не было освоения в 1 квартале 2026 году.
A57: 47 | B57: Разработка ПСД на строительство школы на 1500 мест со сносом существующего здания школы № 116, по адресу: 8-й микрорайон, 46, Ауэзовский район | C57: 04 2 373 028 015 | D57: 2025-2026 | F57: 166237.9 | H57: 60000 | J57: Заключение ГЭ - 1 ед. | O57: =SUM(P57:R57) -> 0 | P57: 0 | S57: =SUM(T57:V57) -> 0 | T57: 0 | W57: =R57-V57 -> 0 | Y57: =P57+Q57-T57-U57 -> 0 | AC57: 1 | AD57: 0 | AE57: 0 | AF57: 0 | AG57: Не было освоения в 1 квартале 2026 году.
A58: 48 | B58: Разработка ПСД на строительство школы на 1500 мест со сносом существующего здания школы № 133, по адресу: мкр. «Аксай-1», Ауэзовский район | C58: 04 2 373 028 015 | D58: 2025-2026 | F58: 166289.18 | H58: 60000 | J58: Заключение ГЭ - 1 ед. | O58: =SUM(P58:R58) -> 50000 | P58: 50000 | S58: =SUM(T58:V58) -> 0 | T58: 0 | W58: =R58-V58 -> 0 | Y58: =P58+Q58-T58-U58 -> 50000 | Z58: =Y58/(P58+Q58) -> 1 | AA58: =Y58+W58 -> 50000 | AB58: =AA58/O58 -> 1 | AC58: 1 | AD58: 0 | AE58: 0 | AF58: 0 | AG58: Не было освоения в 1 квартале 2026 году.
A59: 49 | B59: Разработка ПСД на строительство школы на 900 мест в Ауэзовском районе (со сносом существующего здания школы №158), по адресу: ул. Степная, 8 Ауэзовский район, города Алматы | C59: 04 2 373 028 015 | D59: 2024-2026 | F59: 101636.62 | H59: 96186 | J59: Заключение ГЭ - 1 ед. | O59: =SUM(P59:R59) -> 0 | P59: 0 | S59: =SUM(T59:V59) -> 0 | T59: 0 | W59: =R59-V59 -> 0 | Y59: =P59+Q59-T59-U59 -> 0 | AC59: 1 | AD59: 0 | AE59: 0 | AF59: 0 | AG59: Не было освоения в 1 квартале 2026 году.
A60: 50 | B60: Разработка ПСД на строительство школы на 600 мест со сносом существующего здания школы №37, по адресу: Бостандыкский район, ул. Рыскулбекова, 20 | C60: 04 2 373 028 015 | D60: 2025-2026 | F60: 128088.59 | H60: 10000 | J60: Заключение ГЭ - 1 ед. | O60: =SUM(P60:R60) -> 0 | P60: 0 | S60: =SUM(T60:V60) -> 0 | T60: 0 | W60: =R60-V60 -> 0 | Y60: =P60+Q60-T60-U60 -> 0 | AC60: 1 | AD60: 0 | AE60: 0 | AF60: 0 | AG60: Не было освоения в 1 квартале 2026 году.
A61: 51 | B61: Разработка ПСД на строительство школы на 600 мест со сносом существующего здания школы №88, по адресу: Бостандыкский р-н, ​мкр. «Казахфильм», 34, г. Алматы | C61: 04 2 373 028 015 | D61: 2025-2026 | F61: 128088.59 | H61: 10000 | J61: Заключение ГЭ - 1 ед. | O61: =SUM(P61:R61) -> 0 | S61: =SUM(T61:V61) -> 0 | W61: =R61-V61 -> 0 | Y61: =P61+Q61-T61-U61 -> 0 | AC61: 1 | AD61: 0 | AE61: 0 | AF61: 0 | AG61: Не было освоения в 1 квартале 2026 году.
A62: 52 | B62: Разработка ПСД на строительство школы на 600 мест, со сносом существующего здания школы №190 в Бостандыкском районе, по адресу: мкр. «Нурлытау» | C62: 04 2 373 028 015 | D62: 2025-2026 | F62: 109062.99 | H62: 32719 | J62: Заключение ГЭ - 1 ед. | O62: =SUM(P62:R62) -> 0 | S62: =SUM(T62:V62) -> 0 | W62: =R62-V62 -> 0 | Y62: =P62+Q62-T62-U62 -> 0 | AC62: 1 | AD62: 0 | AE62: 0 | AF62: 0 | AG62: 1 квартал 2027 года. Не было освоения в 1 квартале 2026 году.
A63: 53 | B63: Разработка ПСД на строительство пристройки на 300 мест к зданию общеобразовательной школы № 87 в мкр. «Кокмайса», Жетысуского района | C63: 04 2 373 028 015 | D63: 2025-2026 | F63: 69100.998 | H63: 6000 | J63: Заключение ГЭ - 1 ед. | O63: =SUM(P63:R63) -> 28000 | P63: 28000 | S63: =SUM(T63:V63) -> 28000 | T63: 28000 | W63: =R63-V63 -> 0 | Y63: =P63+Q63-T63-U63 -> 0 | AC63: 1 | AD63: 0 | AE63: 0 | AF63: 0
A64: 54 | B64: Разработка ПСД на строительство школы на 1200 мест со сносом существующего здания школы №193, по адресу: Жетысуский район, мкр. «Кемел», ул. Жар-Жар, 54 | C64: 04 2 373 028 015 | D64: 2025-2026 | F64: 180833.18 | H64: 10000 | J64: Заключение ГЭ - 1 ед. | O64: =SUM(P64:R64) -> 0 | P64: 0 | S64: =SUM(T64:V64) -> 0 | T64: 0 | W64: =R64-V64 -> 0 | Y64: =P64+Q64-T64-U64 -> 0 | AC64: 1 | AD64: 0 | AE64: 0 | AF64: 0 | AG64: Не было освоения в 1 квартале 2026 году.
A65: 55 | B65: Разработка ПСД на строительство школы на 1200 мест со сносом существующего здания школы №20, по адресу: Турксибский район, ул. Герцена, 154 | C65: 04 2 373 028 015 | D65: 2025-2026 | F65: 180833.18 | H65: 10000 | J65: Заключение ГЭ - 1 ед. | O65: =SUM(P65:R65) -> 0 | P65: 0 | S65: =SUM(T65:V65) -> 0 | T65: 0 | W65: =R65-V65 -> 0 | Y65: =P65+Q65-T65-U65 -> 0 | AC65: 1 | AD65: 0 | AE65: 0 | AF65: 0 | AG65: Не было освоения в 1 квартале 2026 году.
A66: 56 | B66: Разработка ПСД на строительство школы на 1500 мест со сносом существующего здания школы №74 в Турксибском районе | C66: 04 2 373 028 015 | D66: 2025-2026 | F66: 166237.9 | H66: 60000 | J66: Заключение ГЭ - 1 ед. | O66: =SUM(P66:R66) -> 0 | P66: 0 | S66: =SUM(T66:V66) -> 0 | T66: 0 | W66: =R66-V66 -> 0 | Y66: =P66+Q66-T66-U66 -> 0 | AC66: 1 | AD66: 0 | AE66: 0 | AF66: 0 | AG66: Не было освоения в 1 квартале 2026 году.
A67: 57 | B67: Разработка ПСД на реконструкцию здания общеобразовательной школы № 84, по адресу: ул. Нұрсая, 56, Турксибский район | C67: 04 2 373 028 015 | D67: 2025-2026 | F67: 85364.902 | H67: 60000 | J67: Заключение ГЭ - 1 ед. | O67: =SUM(P67:R67) -> 0 | S67: =SUM(T67:V67) -> 0 | W67: =R67-V67 -> 0 | Y67: =P67+Q67-T67-U67 -> 0 | AC67: 1 | AD67: 0 | AE67: 0 | AF67: 0 | AG67: 2 квартал 2027 года. Не было освоения в 1 квартале 2026 году.
A68: 58 | B68: Разработка ПСД на строительство школы на 1200 мест со сносом существующего здания общеобразовательной школы № 89, по адресу: ул. Поддубного, 155, Турксибский район | C68: 04 2 373 028 015 | D68: 2025-2026 | F68: 148162.06 | H68: 40000 | J68: Заключение ГЭ - 1 ед. | O68: =SUM(P68:R68) -> 0 | P68: 0 | S68: =SUM(T68:V68) -> 0 | T68: 0 | W68: =R68-V68 -> 0 | Y68: =P68+Q68-T68-U68 -> 0 | AC68: 1 | AD68: 0 | AE68: 0 | AF68: 0 | AG68: Не было освоения в 1 квартале 2026 году.
A69: 59 | B69: Разработка ПСД на реконструкцию здания КГУ «Общеобразовательная школа №142, в мкр. «Жулдыз-1», Турксибского района | C69: 04 2 373 028 015 | D69: 2024-2026 | F69: 151251.41 | H69: 20000 | J69: Заключение ГЭ - 1 ед. | O69: =SUM(P69:R69) -> 0 | S69: =SUM(T69:V69) -> 0 | W69: =R69-V69 -> 0 | Y69: =P69+Q69-T69-U69 -> 0 | AC69: 1 | AD69: 0 | AE69: 0 | AF69: 0 | AG69: 3 квартал 2027 год. Не было освоения в 1 квартале 2026 году.
A70: 60 | B70: Разработка ПСД на строительство центра инновационного творчества в мкр. «Айнабулак-2», Жетысуский район | C70: 04 2 373 069 015 | D70: 2024-2026 | F70: 208005.43 | H70: 121052 | J70: Заключение ГЭ - 1 ед. | O70: =SUM(P70:R70) -> 0 | S70: =SUM(T70:V70) -> 0 | W70: =R70-V70 -> 0 | Y70: =P70+Q70-T70-U70 -> 0 | AC70: 1 | AD70: 0 | AE70: 0 | AF70: 0 | AG70: Не было освоения в 1 квартале 2026 году.
A71: 61 | B71: Разработка ПСД на реконструкцию здания школы-гимназии №188, ул. Жандосова, 4,я Наурызбайского района | C71: 04 4 373 046 015 | D71: 2026-2027 | F71: 81489.139 | O71: =SUM(P71:R71) -> 0 | S71: =SUM(T71:V71) -> 0 | W71: =R71-V71 -> 0 | Y71: =P71+Q71-T71-U71 -> 0 | AC71: 1 | AG71: Не было освоения в 1 квартале 2026 году.
A72: 62 | B72: Разработка ПСД на реконструкцию здания общеобразовательной школы № 84, по адресу: ул. Нұрсая, 56, Турксибский район | C72: 04 4 373 046 015 | D72: 2026-2027 | F72: 85364.902 | H72: 60000 | O72: =SUM(P72:R72) -> 0 | S72: =SUM(T72:V72) -> 0 | W72: =R72-V72 -> 0 | Y72: =P72+Q72-T72-U72 -> 0 | AC72: 1 | AG72: Не было освоения в 1 квартале 2026 году.
A73: 63 | B73: Разработка ПСД на строительство школы на 1200 мест со сносом существующего здания общеобразовательной школы № 89, по адресу: ул. Поддубного, 155, Турксибский район | C73: 04 4 373 046 015 | D73: 2026-2027 | F73: 148162.06 | H73: 40000 | O73: =SUM(P73:R73) -> 0 | S73: =SUM(T73:V73) -> 0 | W73: =R73-V73 -> 0 | Y73: =P73+Q73-T73-U73 -> 0 | AC73: 1 | AG73: Не было освоения в 1 квартале 2026 году.
A74: 64 | B74: Разработка ПСД на реконструкцию здания детского сада №153, по адресу: мкр. «Зердели», Алатауский район | C74: 04 4 373 046 015 | D74: 2026-2027 | F74: 41049.997 | H74: 18550.661 | O74: =SUM(P74:R74) -> 0 | S74: =SUM(T74:V74) -> 0 | W74: =R74-V74 -> 0 | Y74: =P74+Q74-T74-U74 -> 0 | AC74: 1 | AG74: Не было освоения в 1 квартале 2026 году.
A75: 65 | B75: Разработка ПСД на реконструкцию здания детского сада на 280 мест, по адресу: мкр. «Жас-Канат», Турксибский район | C75: 04 4 373 046 015 | D75: 2026-2027 | F75: 28854.072 | O75: =SUM(P75:R75) -> 0 | S75: =SUM(T75:V75) -> 0 | W75: =R75-V75 -> 0 | Y75: =P75+Q75-T75-U75 -> 0 | AC75: 1 | AG75: Не было освоения в 1 квартале 2026 году.
A76: 1.3. | B76: Сейсмоусиление объектов образования | E76: =SUM(E77:E82) -> 18595298 | F76: =SUM(F77:F82) -> 22853765 | G76: =SUM(G77:G81) -> 0 | H76: =SUM(H77:H82) -> 11922049 | I76: =SUM(I77:I81) -> 0 | M76: =SUM(M77:M81) -> 0 | N76: =SUM(N77:N81) -> 0 | O76: =SUM(O77:O82) -> 4230101 | P76: =SUM(P77:P82) -> 4230101 | Q76: =SUM(Q77:Q81) -> 0 | R76: =SUM(R77:R81) -> 0 | S76: =SUM(S77:S82) -> 4230101 | T76: =SUM(T77:T82) -> 4230101 | U76: =SUM(U77:U81) -> 0 | V76: =SUM(V77:V81) -> 0 | W76: =R76-V76 -> 0 | Y76: =P76+Q76-T76-U76 -> 0 | Z76: =Y76/(P76+Q76) -> 0 | AA76: =Y76+W76 -> 0 | AB76: =AA76/O76 -> 0 | AC76: =SUM(AC77:AC82) -> 6 | AD76: =SUM(AD77:AD82) -> 0 | AE76: =SUM(AE77:AE82) -> 0 | AF76: =SUM(AF77:AF81) -> 0
A77: 66 | B77: Сейсмоусиление с восстановительными работами и капитальный ремонт здания ясли-сада, мкр. «Аксай-2», д. 51, Ауэзовский район | C77: 04 1 373 006 000 | D77: 2025-2026 | E77: 929033 | F77: 895923.47 | H77: 119271.56 | J77: Площадь застройки - 1697,8 м2 | K77: Площадь застройки - 1000 м3 | O77: =SUM(P77:R77) -> 0 | S77: =SUM(T77:V77) -> 0 | W77: =R77-V77 -> 0 | Y77: =P77+Q77-T77-U77 -> 0 | AC77: 1 | AD77: 0 | AE77: 0 | AF77: 0 | AG77: Расторгли договор с подрядчиком, идет судебный процесс по возврату авансового платежа
A78: 67 | B78: Сейсмоусиление с восстановительными работами и капитальный ремонт здания ясли-сада, по адресу: мкр. «Орбита-4», д.25 -б, Бостандыкский район, города Алматы | C78: 04 1 373 006 000 | D78: 2024-2026 | E78: 1267294 | F78: 1208804.5 | H78: 1136194 | J78: Площадь застройки - 2080,57 м2 | K78: Площадь застройки - 2000 м3 | O78: =SUM(P78:R78) -> 1106494 | P78: 1106494 | S78: =SUM(T78:V78) -> 1106494 | T78: 1106494 | W78: =R78-V78 -> 0 | Y78: =P78+Q78-T78-U78 -> 0 | Z78: =Y78/(P78+Q78) -> 0 | AA78: =Y78+W78 -> 0 | AB78: =AA78/O78 -> 0 | AC78: 1 | AD78: 0 | AE78: 0 | AF78: 0
A79: 68 | B79: Сейсмоусиление здания ясли-сада, Медеуский район, ул. Шашкина, д.32-а | C79: 04 1 373 006 000 | D79: 2025-2026 | E79: 1043205 | F79: 980754.41 | H79: 152883 | J79: Площадь застройки - 2409,36 м2 | K79: Площадь застройки - 2000 м3 | O79: =SUM(P79:R79) -> 0 | S79: =SUM(T79:V79) -> 0 | W79: =R79-V79 -> 0 | Y79: =P79+Q79-T79-U79 -> 0 | AC79: 1 | AD79: 0 | AE79: 0 | AF79: 0 | AG79: Расторгли договор с подрядчиком, идет судебный процесс по возврату авансового платежа
A80: 69 | B80: Сейсмоусиление с восстановительными работами и капитальный ремонт здания ГККП «Специализированная детско-юношеская школа олимпийского резерва №9» в мкр 1, д.20А, Ауэзовского района, г.Алматы (Литер А) | C80: 04 2 373 027 015 | D80: 2025-2026 | E80: 558791 | F80: 538411.1 | H80: 109700 | J80: Площадь застройки - 3929,26 м2 | K80: Площадь застройки - 3500 м3 | O80: =SUM(P80:R80) -> 216749.18 | P80: 216749.18 | S80: =SUM(T80:V80) -> 216749.18 | T80: 216749.18 | W80: =R80-V80 -> 0 | Y80: =P80+Q80-T80-U80 -> 0 | Z80: =Y80/(P80+Q80) -> 0 | AA80: =Y80+W80 -> 0 | AB80: =AA80/O80 -> 0 | AC80: 1 | AD80: 0 | AE80: 0 | AF80: 0
A81: 70 | B81: Сейсмоусиление с восстановительными работами и капитальный ремонт зданий школы-интерната № 17, по адресу: пр. Достык, 266а, Медеуский район, г. Алматы | C81: 04 2 373 027 015 | D81: 2025-2026 | E81: 2380117 | F81: 2355675.7 | H81: 500000 | J81: Площадь здания - 5326,5 м2 | K81: Площадь здания - 5000 м3 | O81: =SUM(P81:R81) -> 393999.82 | P81: 393999.82 | S81: =SUM(T81:V81) -> 393999.82 | T81: 393999.82 | W81: =R81-V81 -> 0 | Y81: =P81+Q81-T81-U81 -> 0 | Z81: =Y81/(P81+Q81) -> 0 | AA81: =Y81+W81 -> 0 | AB81: =AA81/O81 -> 0 | AC81: 1 | AD81: 0 | AE81: 0 | AF81: 0
A82: 71 | B82: Приобретение «Общеобразовательной школы на 2000 учащихся мест, г. Алматы, Турксибский район, потребительский кооператив имени «Д.А.Кунаева» | C82: 04 2 373 028 015 | D82: 2025-2027 | E82: 12416858 | F82: 16874195 | H82: 9904000 | O82: =SUM(P82:R82) -> 2512858 | P82: 2512858 | S82: =SUM(T82:V82) -> 2512858 | T82: 2512858 | W82: =R82-V82 -> 0 | Y82: =P82+Q82-T82-U82 -> 0 | Z82: =Y82/(P82+Q82) -> 0 | AA82: =Y82+W82 -> 0 | AB82: =AA82/O82 -> 0 | AC82: 1
A83: 2. Здравоохранение | E83: =E85+F96+E123 -> 1.106675e+08 | F83: =F85+F96+F123 -> 1.106904e+08 | G83: =G85+G96+G123 -> 0 | H83: =H85+H96+H123 -> 16257960 | I83: =I85+I96+I123 -> 0 | J83: =J85+J96+J123 -> 0 | K83: =K85+K96+K123 -> 0 | L83: =L85+L96+L123 -> 0 | M83: =M85+M96+M123 -> 0 | ... V83: =V85+V96+V123 -> 0 | Y83: =P83+Q83-T83-U83 -> 40543.151 | Z83: =Y83/(P83+Q83) -> 0.0053159075 | AA83: =Y83+W83 -> 40543.151 | AB83: =AA83/O83 -> 0.0053159075 | AC83: =AC85+AC96+AC123 -> 37 | AD83: =AD85+AD96+AD123 -> 0 | AE83: =AE85+AE96+AE123 -> 0 | AF83: =AF85+AF96+AF123 -> 0
B84: в т.ч. на село | O84: =SUM(P84:R84) -> 0 | S84: =SUM(T84:V84) -> 0 | W84: =R84-V84 -> 0 | Y84: =P84+Q84-T84-U84 -> 0
A85: 2.1. | B85: Строительство и реконструкция объектов | E85: =SUM(E86:E95) -> 105836298 | F85: =SUM(F86:F95) -> 1.0591107e+08 | G85: =SUM(G86:G93) -> 0 | H85: =SUM(H86:H95) -> 13203105 | I85: =SUM(I86:I93) -> 0 | L85: =SUM(L86:L93) -> 0 | M85: =SUM(M86:M93) -> 0 | N85: =SUM(N86:N93) -> 0 | O85: =SUM(O86:O95) -> 7531482.3 | P85: =SUM(P86:P95) -> 7531482.3 | Q85: =SUM(Q86:Q93) -> 0 | R85: =SUM(R86:R93) -> 0 | S85: =SUM(S86:S95) -> 7531482.3 | T85: =SUM(T86:T95) -> 7531482.3 | U85: =SUM(U86:U93) -> 0 | V85: =SUM(V86:V93) -> 0 | W85: =R85-V85 -> 0 | Y85: =P85+Q85-T85-U85 -> 0 | Z85: =Y85/(P85+Q85) -> 0 | AA85: =Y85+W85 -> 0 | AB85: =AA85/O85 -> 0 | AC85: =SUM(AC86:AC95) -> 10 | AD85: =SUM(AD86:AD95) -> 0 | AE85: =SUM(AE86:AE95) -> 0 | AF85: =SUM(AF86:AF93) -> 0
A86: 72 | B86: Строительство поликлиники со сносом существующего здания ревматологического центра, по адресу: ул. Айтеке би, Алмалинский район, города Алматы | C86: 05 2 373 038 015 | D86: 2025-2026 | E86: 9301944 | F86: 9508160.4 | H86: 766701 | J86: мощность - 50 пос/см, общая площадь участка - 0,6436 га, общая площадь здания - 8135,9 кв.м., строительный объем - 69305,06 куб.м | K86: мощность - 50 пос/см, общая площадь участка - 0,6436 га, общая площадь здания - 8000 кв.м., строительный объем - 69305,06 куб.м | O86: =SUM(P86:R86) -> 1470000 | P86: 1470000 | S86: =SUM(T86:V86) -> 1470000 | T86: 1470000 | W86: =R86-V86 -> 0 | Y86: =P86+Q86-T86-U86 -> 0 | Z86: =Y86/(P86+Q86) -> 0 | AA86: =Y86+W86 -> 0 | AB86: =AA86/O86 -> 0 | AC86: 1 | AD86: 0 | AE86: 0 | AF86: 0
A87: 73 | B87: Строительство нового здания Городского родильного дома №1 (со сносом существующих строений), по адресу: пр. Сейфулина 492, Алмалинский район, г. Алматы | C87: 05 2 373 038 015 | D87: 2025-2026 | E87: 11479539 | F87: 11506319 | H87: 490000 | J87: общая площадь участка - 1,0312 га, общая площадь здания - 10381,68 м2, строительный объем - 43258,72 м3, общая численность работающих - 249 сотрудников, мощность нового здания - 24 коек/мест | K87: общая площадь участка - 1,0312 га, общая площадь здания - 5381,68 м2, строительный объем - 43258,72 м3, общая численность работающих - 249 сотрудников, мощность нового здания - 24 коек/мест | O87: =SUM(P87:R87) -> 1470000 | P87: 1470000 | S87: =SUM(T87:V87) -> 1470000 | T87: 1470000 | W87: =R87-V87 -> 0 | Y87: =P87+Q87-T87-U87 -> 0 | Z87: =Y87/(P87+Q87) -> 0 | AA87: =Y87+W87 -> 0 | AB87: =AA87/O87 -> 0 | AC87: 1 | AD87: 0 | AE87: 0 | AF87: 0
A88: 74 | B88: Строительство поликлиники на 500 посещений, по адресу: мкр. «Курамыс», Наурызбайский район, г. Алматы» (без наружных инженерных сетей) | C88: 05 2 373 038 015 | D88: 2025-2026 | E88: 8878555 | F88: 8552683.3 | H88: 2201600 | J88: мощность - 500 пос/см, общая площадь участка - 1,5176 га, общая площадь здания - 15098,83 кв.м., строительный объем - 4851,30 куб.м | K88: мощность - 500 пос/см, общая площадь участка - 1,5176 га, общая площадь здания - 5098,83 кв.м., строительный объем - 4851,30 куб.м | O88: =SUM(P88:R88) -> 1255190 | P88: 1255190 | S88: =SUM(T88:V88) -> 1255190 | T88: 1255190 | W88: =R88-V88 -> 0 | Y88: =P88+Q88-T88-U88 -> 0 | Z88: =Y88/(P88+Q88) -> 0 | AA88: =Y88+W88 -> 0 | AB88: =AA88/O88 -> 0 | AC88: 1 | AD88: 0 | AE88: 0 | AF88: 0
A89: 75 | B89: Строительство поликлиники на 500 посещений по адресу: мкр. «Шугыла», Наурызбайский район г. Алматы | C89: 05 2 373 038 015 | D89: 2025-2026 | E89: 11248565 | F89: 11418512 | H89: 499000 | J89: мощность - 500 пос/см, общая площадь участка - 1,9484 га, общая площадь здания - 12437,55 кв.м., строительный объем - 4851,30 куб.м | K89: мощность - 500 пос/см, общая площадь участка - 1,9484 га, общая площадь здания - 2437,55 кв.м., строительный объем - 4851,30 куб.м | O89: =SUM(P89:R89) -> 1676532.2 | P89: 1676532.2 | S89: =SUM(T89:V89) -> 1676532.2 | T89: 1676532.2 | W89: =R89-V89 -> 0 | Y89: =P89+Q89-T89-U89 -> 0 | Z89: =Y89/(P89+Q89) -> 0 | AA89: =Y89+W89 -> 0 | AB89: =AA89/O89 -> 0 | AC89: 1 | AD89: 0 | AE89: 0 | AF89: 0
A90: 76 | B90: Строительство поликлиники на 500 посещений со сносом существующих строений, по адресу: мкр. «Алтай-1», Турксибский район, г. Алматы | C90: 05 2 373 038 015 | D90: 2025-2026 | E90: 11924029 | F90: 12193101 | H90: 490000 | J90: мощность - 500 пос/см, общая площадь участка - 1,4353 га, общая площадь здания - 9792,9 кв.м., строительный объем - 51464,72 куб.м | K90: мощность - 500 пос/см, общая площадь участка - 1,4353 га, общая площадь здания - 792,9 кв.м., строительный объем - 51464,72 куб.м | O90: =SUM(P90:R90) -> 1470000 | P90: 1470000 | S90: =SUM(T90:V90) -> 1470000 | T90: 1470000 | W90: =R90-V90 -> 0 | Y90: =P90+Q90-T90-U90 -> 0 | Z90: =Y90/(P90+Q90) -> 0 | AA90: =Y90+W90 -> 0 | AB90: =AA90/O90 -> 0 | AC90: 1 | AD90: 0 | AE90: 0 | AF90: 0
A91: 77 | B91: Строительство здания подстанции скорой медицинской помощи (со сносом существующего здания ПСМП №4), по адресу: Медеуский район, г. Алматы | C91: 05 2 373 038 015 | D91: 2024-2026 | E91: 1324894 | F91: 1248031.2 | H91: 989103 | J91: Площадь застройки - 1032,18 м2 | K91: Площадь застройки - 132,18 м3 | O91: =SUM(P91:R91) -> 189760.08 | P91: 189760.08 | S91: =SUM(T91:V91) -> 189760.08 | T91: 189760.08 | W91: =R91-V91 -> 0 | Y91: =P91+Q91-T91-U91 -> 0 | Z91: =Y91/(P91+Q91) -> 0 | AA91: =Y91+W91 -> 0 | AB91: =AA91/O91 -> 0 | AC91: 1 | AD91: 0 | AE91: 0 | AF91: 0
A92: 78 | B92: Реконструкция с переоборудованием (модернизации и замены устаревшего и физически изношенного оборудования новым более производительным) здания КГП на ПХВ «Городская клиническая больница №7», расположенного по адресу: город Алматы, Наурызбайский район, мкр. «Калкаман», дом 20 | C92: 05 2 373 038 015 | D92: 2025-2026 | E92: 32477787 | F92: 32718042 | H92: 7000000 | J92: мощность - 900 койко/мест, общая площадь участка - 7,8986 га, общая площадь здания - 33654,12 кв.м., строительный объем - 122138,0 куб.м | K92: мощность - 900 койко/мест, общая площадь участка - 7,8986 га, общая площадь здания - 3654,12 кв.м., строительный объем - 122138,0 куб.м | O92: =SUM(P92:R92) -> 0 | P92: 0 | S92: =SUM(T92:V92) -> 0 | T92: 0 | W92: =R92-V92 -> 0 | Y92: =P92+Q92-T92-U92 -> 0 | AA92: =Y92+W92 -> 0 | AC92: 1 | AD92: 0 | AE92: 0 | AF92: 0 | AG92: Не было освоения в 1 квартале 2026 году.
A93: 79 | B93: Строительство семейно-врачебной амбулатории на 200 пос/смену по адресу: ул. Айбасова, Турксибский район, города Алматы | C93: 13 9 373 048 015 | D93: 2025-2026 | E93: 1128639 | F93: 1068966.5 | H93: 766701 | J93: мощность – 200 пос/см., общая площадь здания - 1288,99 кв.м., строительный объем здания – 5122,52 куб.м | K93: мощность – 200 пос/см., общая площадь здания - 188,99 кв.м., строительный объем здания – 5122,52 куб.м | O93: =SUM(P93:R93) -> 0 | S93: =SUM(T93:V93) -> 0 | W93: =R93-V93 -> 0 | Y93: =P93+Q93-T93-U93 -> 0 | AA93: =Y93+W93 -> 0 | AC93: 1 | AD93: 0 | AE93: 0 | AF93: 0 | AG93: Не было освоения в 1 квартале 2026 году.
A94: 80 | B94: Строительство семейно-врачебной амбулатории на 200 посещений в смену, по адресу: мкр. «Шугыла», Наурызбайский район, город Алматы | C94: 13 9 373 048 015 | D94: 2026-2027 | E94: 1987608 | F94: 1881083.7 | J94: мощность – 200 пос/см., общая площадь здания - 1295,07 кв.м., строительный объем здания – 5153,92 куб.м | K94: мощность – 200 пос/см., общая площадь здания - 1295,07 кв.м., строительный объем здания – 5153,92 куб.м | O94: =SUM(P94:R94) -> 0 | S94: =SUM(T94:V94) -> 0 | W94: =R94-V94 -> 0 | Y94: =P94+Q94-T94-U94 -> 0 | AA94: =Y94+W94 -> 0 | AC94: 1 | AG94: Договор подписан 31 марта 2026 года
A95: 81 | B95: Строительство нового здания Городского родильного дома №2 (со сносом существующих строений), ул. Жангельдина 28/20-22, Медеуский район | C95: 13 9 373 048 015 | D95: 2026-2027 | E95: 16084738 | F95: 15816176 | J95: вместимость – 36 койко/мест., общая площадь здания - 12418,20 кв.м., строительный объем здания – 51535,40 куб.м | K95: вместимость – 36 койко/мест., общая площадь здания - 12418,20 кв.м., строительный объем здания – 51535,40 куб.м | O95: =SUM(P95:R95) -> 0 | S95: =SUM(T95:V95) -> 0 | W95: =R95-V95 -> 0 | Y95: =P95+Q95-T95-U95 -> 0 | AA95: =Y95+W95 -> 0 | AC95: 1 | AG95: Договор на стадии подписания
A96: 2.2. | B96: Разработка ПСД | E96: =SUM(E97:E116) -> 0 | F96: =SUM(F97:F122) -> 3064419.2 | G96: =SUM(G97:G116) -> 0 | H96: =SUM(H97:H122) -> 1868927 | I96: =SUM(I97:I116) -> 0 | L96: =SUM(L97:L116) -> 0 | M96: =SUM(M97:M116) -> 0 | N96: =SUM(N97:N116) -> 0 | O96: =SUM(O97:O122) -> 35277.72 | P96: =SUM(P97:P122) -> 35277.72 | Q96: =SUM(Q97:Q116) -> 0 | R96: =SUM(R97:R116) -> 0 | S96: =SUM(S97:S122) -> 10714.104 | T96: =SUM(T97:T122) -> 10714.104 | U96: =SUM(U97:U116) -> 0 | W96: =R96-V96 -> 0 | Y96: =P96+Q96-T96-U96 -> 24563.616 | Z96: =Y96/(P96+Q96) -> 0.69629261 | AA96: =Y96+W96 -> 24563.616 | AB96: =AA96/O96 -> 0.69629261 | AC96: =SUM(AC97:AC122) -> 26 | AD96: =SUM(AD97:AD122) -> 0 | AE96: =SUM(AE97:AE122) -> 0 | AF96: =SUM(AF97:AF116) -> 0
A97: 82 | B97: Разработка ПСД на строительство многопрофильной больницы в мкр. «Дарабоз», Алатауского района | C97: 05 2 373 038 015 | D97: 2024-2026 | F97: 364881.43 | H97: 263906 | J97: Заключение ГЭ - 1 ед. | O97: =SUM(P97:R97) -> 0 | P97: 0 | S97: =SUM(T97:V97) -> 0 | T97: 0 | W97: =R97-V97 -> 0 | Y97: =P97+Q97-T97-U97 -> 0 | AC97: 1 | AD97: 0 | AE97: 0 | AF97: 0 | AG97: Не было освоения в 1 квартале 2026 году.
A98: 83 | B98: Разработка ПСД на строительство перинатального центра на 200 коек в мкр. «Дарабоз», Алатауского района | C98: 05 2 373 038 015 | D98: 2024-2026 | F98: 261615.09 | H98: 206675.09 | J98: Заключение ГЭ - 1 ед. | O98: =SUM(P98:R98) -> 0 | P98: 0 | S98: =SUM(T98:V98) -> 0 | T98: 0 | W98: =R98-V98 -> 0 | Y98: =P98+Q98-T98-U98 -> 0 | AC98: 1 | AD98: 0 | AE98: 0 | AF98: 0 | AG98: Не было освоения в 1 квартале 2026 году.
A99: 84 | B99: Разработка ПСД на строительство многопрофильной больницы на 250 коек с онкологическим центром и поликлиникой на 350 посещений, по адресу: Медеуский район, города Алматы | C99: 05 2 373 038 015 | D99: 2023-2026 | F99: 378555.92 | H99: 372572.7 | J99: Заключение ГЭ - 1 ед. | O99: =SUM(P99:R99) -> 4260.5824 | P99: 4260.5824 | S99: =SUM(T99:V99) -> 4260.5824 | T99: 4260.5824 | W99: =R99-V99 -> 0 | Y99: =P99+Q99-T99-U99 -> 0 | AC99: 1 | AD99: 0 | AE99: 0 | AF99: 0 | AG99: Оплата за гос.экспертизу
A100: 85 | B100: Разработка ПСД на строительство пристройки к зданию (со сносом существующего здания) ГКП на ПХВ «Детская городская клиническая больница №2», по адресу: ул. Алтынсарина, 54, Ауэзовский район, города Алматы | C100: 05 2 373 038 015 | D100: 2021-2026 | F100: 47168.081 | H100: 1504 | J100: Заключение ГЭ - 1 ед. | O100: =SUM(P100:R100) -> 0 | S100: =SUM(T100:V100) -> 0 | W100: =R100-V100 -> 0 | Y100: =P100+Q100-T100-U100 -> 0 | AC100: 1 | AD100: 0 | AE100: 0 | AF100: 0 | AG100: Не было освоения в 1 квартале 2026 году.
A101: 86 | B101: Разработка ПСД на строительство здания Центра раннего вмешательства (со сносом существующего здания Дома ребенка), по ул. Кунаева, 127, Медеуский район, города Алматы | C101: 05 2 373 038 015 | D101: 2024-2026 | F101: 109086.81 | H101: 47226 | J101: Заключение ГЭ - 1 ед. | O101: =SUM(P101:R101) -> 0 | S101: =SUM(T101:V101) -> 0 | W101: =R101-V101 -> 0 | Y101: =P101+Q101-T101-U101 -> 0 | AC101: 1 | AD101: 0 | AE101: 0 | AF101: 0 | AG101: Не было освоения в 1 квартале 2026 году.
A102: 87 | B102: Разработка ПСД на строительство поликлиники на 500 посещений в смену в мкр. «Думан», Медеуского района | C102: 05 2 373 038 015 | D102: 2023-2026 | F102: 71408.526 | H102: 66408.597 | J102: Заключение ГЭ - 1 ед. | O102: =SUM(P102:R102) -> 0 | P102: 0 | S102: =SUM(T102:V102) -> 0 | T102: 0 | W102: =R102-V102 -> 0 | Y102: =P102+Q102-T102-U102 -> 0 | AC102: 1 | AD102: 0 | AE102: 0 | AF102: 0 | AG102: Не было освоения в 1 квартале 2026 году.
...

Sheet прил4-МБ свод планир
AG3: Приложение 37
A4: Отчет по мониторингу реализации бюджетных инвестиционных проектов за 1 квартал 2026 года
AG5: (тыс. тенге)
A6: № | B6: Наименование объекта | C6: Код программы (подпрограммы) | D6: Период реализации | E6: Общая стоимость по ГЭ на ПСД | F6: Договорная стоимость проекта | G6: Всего планируемый объем финансирования БИП, тысяч тенге | I6: Объем выполненных работ в натуральном выражении согласно ТЭО/ПСД (мощность проекта) | M6: Объем выполненных работ в тыс. тенге | AG6: Причины уклонения , принятые (принимаемые) меры и причины незавершения
C7: Администратор бюджетной программы | G7: в том числе, за счет | I7: Факт до отчетного года | J7: План на отчетный период | K7: Факт на отчетный период | L7: Невыполненные мероприятия за отчетный период | M7: Всего финансирование БИП с начала реализации | O7: План за отчетный период | S7: Факт за отчетный период | T7: в том числе | W7: Отклонение | AA7: Общее отклонение РБ+МБ | AC7: Количество проектов
G8: РБ | H8: МБ | M8: Факт | O8: Общий план | P8: МБ (без займов) | Q8: Софинансирование республиканских проектов из МБ | R8: РБ | T8: МБ (без займов) | U8: Софинансирование республиканских проектов из МБ | V8: РБ | W8: РБ тыс. тенге | X8: % | Y8: МБ тыс. тенге | Z8: % | AA8: тыс. Тенге | AB8: % | AC8: Всего реализуется | AD8: Планируются к завершению | AE8: Фактически завершено | AF8: Причины незавершения
M9: РБ | N9: МБ
A10: 1 | B10: =A10+1 -> 2 | C10: =B10+1 -> 3 | D10: 4 | E10: 5 | F10: =E10+1 -> 6 | G10: 7 | H10: =G10+1 -> 8 | I10: =H10+1 -> 9 | J10: =I10+1 -> 10 | K10: =J10+1 -> 11 | L10: =K10+1 -> 12 | M10: =L10+1 -> 13 | N10: =M10+1 -> 14 | O10: =N10+1 -> 15 | ... AG10: =AF10+1 -> 33
A11: ВСЕГО | E11: =E12+E15+E19+E27+E33+E37 -> 28556434 | F11: =F12+F15+F19+F27+F33+F37 -> 28416028 | G11: =G12+G15+G19+G27+G33+G37 -> 0 | H11: =H12+H15+H19+H27+H33+H37 -> 11241609 | I11: =I12+I15+I19+I27+I33+I37 -> 3616330.7 | K11: =K12+K15+K19+K27+K33+K37 -> 0 | L11: =L12+L15+L19+L27+L33+L37 -> 15 | M11: =M12+M15+M19+M27+M33+M37 -> 0 | N11: =N12+N15+N19+N27+N33+N37 -> 4223194.9 | O11: =O12+O15+O19+O27+O33+O37 -> 5189645.6 | P11: =P12+P15+P19+P27+P33+P37 -> 5189645.6 | Q11: =Q12+Q15+Q19+Q27+Q33+Q37 -> 0 | R11: =R12+R15+R19+R27+R33+R37 -> 0 | ... V11: =V12+V15+V19+V27+V33+V37 -> 0 | W11: =R11-V11 -> 0 | Y11: =P11+Q11-T11-U11 -> 3603777.5 | Z11: =Y11/(P11+Q11) -> 0.69441687 | AA11: =Y11+W11 -> 3603777.5 | AB11: =AA11/O11 -> 0.69441687 | AC11: =AC12+AC15+AC19+AC27+AC33+AC37 -> 0 | AD11: =AD12+AD15+AD19+AD27+AD33+AD37 -> 12 | AE11: =AE12+AE15+AE19+AE27+AE33+AE37 -> 0
A12: 1. Образование | E12: =E13 -> 8236674 | F12: =F13 -> 7763890.1 | G12: =G13 -> 0 | H12: =H13 -> 7517549.2 | I12: =I13 -> 0 | J12: =J13 -> 0 | K12: =K13 -> 0 | L12: =L13 -> 0 | ... V12: =V13 -> 0 | W12: 0 | Y12: =P12+Q12-T12-U12 -> 0 | Z12: =Y12/(P12+Q12) -> 0 | AA12: =Y12+W12 -> 0 | AB12: =AA12/O12 -> 0 | AC12: =AC13 -> 0 | AD12: =AD13 -> 1 | AE12: =AE13 -> 0
A13: 1.1. | B13: Строительство и реконструкция объектов | E13: =SUM(E14:E14) -> 8236674 | F13: =SUM(F14:F14) -> 7763890.1 | G13: =SUM(G14:G14) -> 0 | H13: =SUM(H14:H14) -> 7517549.2 | I13: =SUM(I14:I14) -> 0 | J13: =SUM(J14:J14) -> 0 | K13: =SUM(K14:K14) -> 0 | L13: =SUM(L14:L14) -> 0 | ... V13: =SUM(V14:V14) -> 0 | W13: =R13-V13 -> 0 | Y13: =P13+Q13-T13-U13 -> 0 | Z13: =Y13/(P13+Q13) -> 0 | AA13: =Y13+W13 -> 0 | AB13: =AA13/O13 -> 0 | AC13: =SUM(AC14:AC14) -> 0 | AD13: =SUM(AD14:AD14) -> 1 | AE13: =SUM(AE14:AE14) -> 0 | AF13: =SUM(AF14:AF14) -> 0
A14: 18 | B14: Строительство школы с общежитием (со сносом существующих зданий), по адресу: ул. Енбек, мкр. «Шугыла», Наурызбайский район, города Алматы | C14: 04 2 373 028 015 | D14: 2024-2026 | E14: 8236674 | F14: 7763890.1 | H14: 7517549.2 | J14: Площадь застройки - 4721 м2 | K14: Площадь застройки - 4721 м2 | O14: =SUM(P14:R14) -> 401341.91 | P14: 401341.91 | S14: =SUM(T14:V14) -> 401341.91 | T14: 401341.91 | W14: =R14-V14 -> 0 | Y14: =P14+Q14-T14-U14 -> 0 | Z14: =Y14/(P14+Q14) -> 0 | AA14: =Y14+W14 -> 0 | AB14: =AA14/O14 -> 0 | AD14: 1 | AE14: 0 | AF14: 0 | AG14: Подписывается акт приемки объекта в эксплуатацию
A15: 2. Здравоохранение | E15: =F17 -> 107729 | F15: =F17 -> 107729 | G15: =G18 -> 0 | H15: =H18 -> 107729 | I15: =I18 -> 0 | J15: =J18 -> Заключение ГЭ - 1 ед. | K15: =K17 -> 0 | L15: =L17 -> 0 | M15: =M17 -> 0 | N15: =N17 -> 0 | O15: =O17 -> 107729.55 | P15: =P17 -> 107729.55 | Q15: =Q17 -> 0 | R15: =R17 -> 0 | ... V15: =V17 -> 0 | Y15: =P15+Q15-T15-U15 -> 0 | Z15: =Y15/(P15+Q15) -> 0 | AA15: =Y15+W15 -> 0 | AB15: =AA15/O15 -> 0 | AC15: =AC16 -> 0 | AD15: =AD17 -> 1 | AE15: =AE16 -> 0
B16: в т.ч. на село | O16: =SUM(P16:R16) -> 0 | S16: =SUM(T16:V16) -> 0 | W16: =R16-V16 -> 0 | Y16: =P16+Q16-T16-U16 -> 0
A17: 2.2. | B17: Разработка ПСД | E17: =SUM(E18:E18) -> 0 | F17: =SUM(F18:F18) -> 107729 | G17: =SUM(G18:G18) -> 0 | H17: =SUM(H18:H18) -> 107729 | I17: =SUM(I18:I18) -> 0 | J17: =SUM(J18:J18) -> 0 | K17: =SUM(K18:K18) -> 0 | L17: =SUM(L18:L18) -> 0 | ... V17: =SUM(V18:V18) -> 0 | Y17: =P17+Q17-T17-U17 -> 0 | Z17: =Y17/(P17+Q17) -> 0 | AA17: =Y17+W17 -> 0 | AB17: =AA17/O17 -> 0 | AC17: =SUM(AC18:AC18) -> 0 | AD17: =SUM(AD18:AD18) -> 1 | AE17: =SUM(AE18:AE18) -> 0 | AF17: =SUM(AF18:AF18) -> 0 | AG17: =SUM(AG18:AG18) -> 0
A18: 108 | B18: Разработка ПСД на капитальный ремонт "КГП на ПХВ Центр фтизиопульмонологии УОЗ г.Алматы ул .Дегдар 45" | C18: 04 1 373 037 015 | D18: 2025-2026 | F18: 107729 | H18: 107729 | J18: Заключение ГЭ - 1 ед. | O18: =SUM(P18:R18) -> 107729.55 | P18: 107729.55 | S18: =SUM(T18:V18) -> 107729.55 | T18: 107729.55 | Y18: =P18+Q18-T18-U18 -> 0 | Z18: =Y18/(P18+Q18) -> 0 | AA18: =Y18+W18 -> 0 | AB18: =AA18/O18 -> 0 | AD18: 1 | AG18: 17.07.2026 ожидается получения госэкспертизы
A19: 3. Водообеспечение | E19: =E21+F25 -> 11611249 | F19: =F21+F25 -> 12550232 | G19: =G21+G25 -> 0 | H19: =H21+H25 -> 3616330.7 | I19: =I21+I25 -> 3616330.7 | J19: =J21+J25 -> 0 | K19: =K21+K25 -> 0 | L19: =L21+L25 -> 0 | M19: =M21+M25 -> 0 | ... V19: =V21+V25 -> 0 | W19: =R19-V19 -> 0 | Y19: =P19+Q19-T19-U19 -> 1090934.5 | Z19: =Y19/(P19+Q19) -> 0.6493371 | AA19: =Y19+W19 -> 1090934.5 | AB19: =AA19/O19 -> 0.6493371 | AC19: =AC21+AC25 -> 0 | AD19: =AD21+AD25 -> 4 | AE19: =AE21+AE25 -> 0 | AF19: =AF21+AF25 -> 0 | AG19: =AG21+AG25 -> 0
B20: в т.ч. на село | O20: 0 | S20: 0 | W20: =R20-V20 -> 0 | Y20: =P20+Q20-T20-U20 -> 0
A21: 3.1. | B21: Строительство и реконструкция объектов | E21: =SUM(E22:E24) -> 11532616 | F21: =SUM(F22:F24) -> 12471599 | G21: =SUM(G22:G24) -> 0 | H21: =SUM(H22:H24) -> 3616330.7 | I21: =SUM(I22:I24) -> 3616330.7 | J21: =SUM(J22:J24) -> 0 | K21: =SUM(K22:K24) -> 0 | L21: =SUM(L22:L24) -> 0 | ... V21: =SUM(V22:V24) -> 0 | Y21: =P21+Q21-T21-U21 -> 1077717.5 | Z21: =Y21/(P21+Q21) -> 0.67856761 | AA21: =Y21+W21 -> 1077717.5 | AB21: =AA21/O21 -> 0.67856761 | AC21: =SUM(AC22:AC24) -> 0 | AD21: =SUM(AD22:AD24) -> 3 | AE21: =SUM(AE22:AE24) -> 0 | AF21: =SUM(AF22:AF24) -> 0 | AG21: =SUM(AG22:AG24) -> 0
A22: 120 | B22: Строительство сетей канализации мкр. Достык (2 очередь), Ауэзовский район | C22: 07 2 123 042 015 | D22: 2023-2026 | E22: 1067803 | F22: 2500211.5 | H22: Изм.стоимости материалов 623 778,7 тыс.тг. Заключение № MNSHE-0226/24 от 30.11.2024 г. | J22: Общая протяженность – 12 км канализация – 4 км. | K22: Общая протяженность – 12 км канализация – 12 км. | O22: =SUM(P22:R22) -> 834311 | P22: 834311 | S22: =SUM(T22:V22) -> 139505 | T22: 139505 | W22: =R22-V22 -> 0 | Y22: =P22+Q22-T22-U22 -> 694806 | Z22: =Y22/(P22+Q22) -> 0.83279017 | AA22: =Y22+W22 -> 694806 | AB22: =AA22/O22 -> 0.83279017 | AD22: 1 | AF22: 0 | AG22: Работы уже завершаются. В настоящее время готовится Акт ввода объекта в эксплуатацию.
A23: 121 | B23: «Строительство распределительных сетей водопровода и канализации в квадрате ул. Саина, ул. Шаляпина, ул. Яссауи, ул. Жандосова Ауэзовского района города Алматы 2 очередь строительства | C23: 07 2 123 042 015 | D23: 2024-2026 | E23: 6055963 | F23: 5745283.8 | H23: Сумма удорожания составила 1 770 100 тыс.тг.- в связи с удорожанием стройматериалов, проект прошел корректировку в 2023 году. Номер госэкспертизы № 02-0156/23 от 01.11.2023г. (положительное). Срок завершения объекта 31.12.2025г. | J23: Общая протяженность – 25,58 км., из них: водопровод – 12,81 км., канализация – 12,77 км. | K23: Общая протяженность – 21,58 км., из них: водопровод – 10,81 км., канализация – 10,77 км. | O23: =SUM(P23:R23) -> 566934.5 | P23: 566934.5 | S23: =SUM(T23:V23) -> 184023 | T23: 184023 | W23: =R23-V23 -> 0 | Y23: =P23+Q23-T23-U23 -> 382911.5 | Z23: =Y23/(P23+Q23) -> 0.67540695 | AA23: =Y23+W23 -> 382911.5 | AB23: =AA23/O23 -> 0.67540695 | AD23: 1 | AE23: 0 | AF23: 0 | AG23: В 2023 году проект был направлен на корректировку проектно-сметной документации (ПСД) в соответствии с постановлением акима города Алматы. Работы по корректировке были завершены в 2025 году.
A24: 130 | B24: Строительство распределительных сетей водопровода и канализации в мкр. "Кайрат" Турксибского района, г. Алматы (2 очередь) | C24: 07 2 123 042 015 | D24: 2024-2026 | E24: 4408850 | F24: 4226103.8 | H24: 3616330.7 | I24: 3616330.7 | J24: Общая протяженность – 37,2 км., из них: водопровод – 17,3км., канализация – 19,9км. | K24: Общая протяженность – 37,2 км., из них: водопровод – 17,3км., канализация – 19,9км. | N24: 3616330.7 | O24: =SUM(P24:R24) -> 186978.7 | P24: 186978.7 | S24: =SUM(T24:V24) -> 186978.7 | T24: 186978.7 | W24: =R24-V24 -> 0 | Y24: =P24+Q24-T24-U24 -> 0 | Z24: =Y24/(P24+Q24) -> 0 | AA24: =Y24+W24 -> 0 | AB24: =AA24/O24 -> 0 | AD24: 1 | AE24: 0 | AF24: 0 | AG24: Ведутся мероприятие по подготовке акта приемки объекта в эксплуатацию. Платеж был произведен в мае-июне 2026 года.
A25: 3.2. | B25: Разработка ПСД | E25: =SUM(E26:E26) -> 0 | F25: =SUM(F26:F26) -> 78632.994 | G25: =SUM(G26:G26) -> 0 | H25: =SUM(H26:H26) -> 0 | I25: =SUM(I26:I26) -> 0 | J25: =SUM(J26:J26) -> 0 | K25: =SUM(K26:K26) -> 0 | L25: =SUM(L26:L26) -> 0 | ... V25: =SUM(V26:V26) -> 0 | Y25: =P25+Q25-T25-U25 -> 13217.001 | Z25: =Y25/(P25+Q25) -> 0.14389767 | AA25: =Y25+W25 -> 13217.001 | AB25: =AA25/O25 -> 0.14389767 | AC25: =SUM(AC26:AC26) -> 0 | AD25: =SUM(AD26:AD26) -> 1 | AE25: =SUM(AE26:AE26) -> 0 | AF25: =SUM(AF26:AF26) -> 0 | AG25: =SUM(AG26:AG26) -> 0
A26: 150 | B26: Разработка ПСД на строительство инженерных сетей водоснабжения водоотведения для неохваченных территорий мкр.: Таужолы, Рахат, Тастыбулак Наурызбайского района | C26: 07 2 123 042 015 | D26: 2025-2026 | F26: 78632.994 | J26: Заключение ГЭ - 1 ед. | K26: Заключение ГЭ - 1 ед. | L26: Проект проходит государственную экспертизу; технические условия на подключение к водоснабжению не выданы. | N26: 78632.994 | O26: =SUM(P26:R26) -> 91850 | P26: 91850 | S26: =SUM(T26:V26) -> 78632.999 | T26: 78632.999 | W26: =R26-V26 -> 0 | Y26: =P26+Q26-T26-U26 -> 13217.001 | Z26: =Y26/(P26+Q26) -> 0.14389767 | AA26: =Y26+W26 -> 13217.001 | AB26: =AA26/O26 -> 0.14389767 | AD26: 1 | AG26: Проект проходит государственную экспертизу; технические условия на подключение к водоснабжению не выданы. Срок завершения март т.г. Скидка по госзакупу.
A27: 6. Коммунальное хозяйство | E27: =E28 -> 7293229.8 | F27: =F28 -> 6295381.3 | G27: =G28 -> 0 | H27: =H28 -> 0 | I27: =I28 -> 0 | J27: =J28 -> 0 | K27: =K28 -> 0 | L27: =L28 -> 0 | ... V27: =V28 -> 0 | W27: =R27-V27 -> 0 | Y27: =P27+Q27-T27-U27 -> 1342279 | Z27: =Y27/(P27+Q27) -> 0.73351145 | AA27: =Y27+W27 -> 1342279 | AB27: =AA27/O27 -> 0.73351145 | AC27: =AC28 -> 0 | AD27: =AD28 -> 4 | AE27: =AE28 -> 0
A28: 6.1. | B28: Строительство и реконструкция объектов | E28: =SUM(E29:E32) -> 7293229.8 | F28: =SUM(F29:F32) -> 6295381.3 | G28: =SUM(G29:G32) -> 0 | H28: =SUM(H29:H32) -> 0 | I28: =SUM(I29:I32) -> 0 | J28: =SUM(J29:J32) -> 0 | K28: =SUM(K29:K32) -> 0 | L28: =SUM(L29:L32) -> 0 | ... V28: =SUM(V29:V32) -> 0 | W28: =R28-V28 -> 0 | Y28: =P28+Q28-T28-U28 -> 1342279 | Z28: =Y28/(P28+Q28) -> 0.73351145 | AA28: =Y28+W28 -> 1342279 | AB28: =AA28/O28 -> 0.73351145 | AC28: =SUM(AC29:AC32) -> 0 | AD28: =SUM(AD29:AD32) -> 4 | AE28: =SUM(AE29:AE32) -> 0 | AF28: =SUM(AF29:AF32) -> 0 | AG28: =SUM(AG29:AG32) -> 0
A29: 245 | B29: Преобразования территории вдоль автомобильной дороги улицы Пушкина от проспекта Райымбек батыра до улицы Гоголя, на основе комплексного анализа, с реорганизацией жилищно-гражданских объектов и пешеходно-транспортных связей | C29: 07 3 520 003 000 | D29: 2025-2026 | E29: 2885955 | F29: 2834960.3 | J29: общая площадь территории – 6,5 га. | O29: =SUM(P29:R29) -> 826479 | P29: 826479 | S29: 187384 | T29: 187384 | W29: =R29-V29 -> 0 | Y29: =P29+Q29-T29-U29 -> 639095 | Z29: =Y29/(P29+Q29) -> 0.77327434 | AA29: =Y29+W29 -> 639095 | AB29: =AA29/O29 -> 0.77327434 | AD29: 1 | AG29: Договор № 250030/00 от 04.06.2025 г. Доп. соглашение № 240440014875/2500 30/02 от 18.03.2026
A30: 246 | B30: Преобразование территории вдоль автомобильной дороги проспекта Достык от проспекта Абая до проспекта Аль-Фараби, на основе комплексного анализа, с реорганизацией жилищно-гражданских объектов и пешеходнотранспортных связей | C30: 07 3 520 003 000 | D30: 2025-2026 | E30: 2487867 | F30: 2438966.5 | J30: общая площадь территории – 4,2 га. | O30: =SUM(P30:R30) -> 753193 | P30: 753193 | S30: 225958 | T30: 225958 | W30: =R30-V30 -> 0 | Y30: =P30+Q30-T30-U30 -> 527235 | Z30: =Y30/(P30+Q30) -> 0.69999987 | AA30: =Y30+W30 -> 527235 | AB30: =AA30/O30 -> 0.69999987 | AD30: 1 | AG30: Договор № 250031/00 от 04.06.2025 г. Доп. соглашение № 240440014875/2500 31/02 от 20.03.2026 г. Заключение № Фрост-0116/25 от 27.03.2025 г.
A31: 247 | B31: Строительство зеленой зоны севернее парка «Южный» в городе Алматы | C31: 07 3 520 003 000 | D31: 2025-2026 | E31: 1030407.8 | F31: 978393.5 | J31: общая площадь территории – 4,5 га. | O31: =SUM(P31:R31) -> 207203 | P31: 207203 | S31: 74215 | T31: 74215 | W31: =R31-V31 -> 0 | Y31: =P31+Q31-T31-U31 -> 132988 | Z31: =Y31/(P31+Q31) -> 0.64182468 | AA31: =Y31+W31 -> 132988 | AB31: =AA31/O31 -> 0.64182468 | AD31: 1 | AG31: Договор № 250033/00 от 04.06.2025 Доп. соглашение № 240440014875/2500 33/04 от 20.03.2026 г. Заключение № QazEP-0102/24 от 06.12.2024 г.
A32: 249 | B32: «Капитальный ремонт Аллеи Геологов, распложенной на пересечении улиц А.Байтурсынова и К. Сатпаева» | C32: 07 3 520 002 000 | D32: 2025-2026 | E32: 889000 | F32: 43061 | J32: общая площадь территории – 1,4 га. | O32: =SUM(P32:R32) -> 43061 | P32: 43061 | S32: 100 | T32: 100 | W32: =R32-V32 -> 0 | Y32: =P32+Q32-T32-U32 -> 42961 | Z32: =Y32/(P32+Q32) -> 0.99767771 | AA32: =Y32+W32 -> 42961 | AB32: =AA32/O32 -> 0.99767771 | AD32: 1 | AG32: Договор № 250040/00 от 02.06.2025 Доп. соглашение № 240440014875/2500 40/02 от 30.03.2026
A33: 12. Госорганы | E33: =E35 -> 1307552 | F33: =F35 -> 0 | G33: =G35 -> 0 | H33: =H35 -> 0 | I33: =I35 -> 0 | J33: =J35 -> 0 | K33: =K35 -> 0 | L33: =L35 -> 0 | ... V33: =V35 -> 0 | W33: =R33-V33 -> 0 | Y33: =P33+Q33-T33-U33 -> 0 | Z33: =Y33/(P33+Q33) -> #DIV/0! | AA33: =Y33+W33 -> 0 | AB33: =AA33/O33 -> #DIV/0! | AC33: =AC35 -> 0 | AD33: =AD35 -> 1 | AE33: =AE35 -> 0
B34: в т.ч. на село | W34: =R34-V34 -> 0 | Y34: =P34+Q34-T34-U34 -> 0
A35: 12.1. | B35: Строительство и реконструкция объектов | E35: =SUM(E36:E36) -> 1307552 | F35: =SUM(F36:F36) -> 0 | G35: =SUM(G36:G36) -> 0 | H35: =SUM(H36:H36) -> 0 | I35: =SUM(I36:I36) -> 0 | J35: =SUM(J36:J36) -> 0 | K35: =SUM(K36:K36) -> 0 | L35: =SUM(L36:L36) -> 0 | ... V35: =SUM(V36:V36) -> 0 | W35: =R35-V35 -> 0 | Y35: =P35+Q35-T35-U35 -> 0 | Z35: =Y35/(P35+Q35) -> #DIV/0! | AA35: =Y35+W35 -> 0 | AB35: =AA35/O35 -> #DIV/0! | AC35: =SUM(AC36:AC36) -> 0 | AD35: =SUM(AD36:AD36) -> 1 | AE35: =SUM(AE36:AE36) -> 0 | AF35: =SUM(AF36:AF36) -> 0
A36: 340 | B36: Строительство инженерных сетей спецсвязи для резервного командного пункта по адресу: ул. Гоголя, 139, Алмалинский район г. Алматы | C36: 13 9 373 031 015 | D36: 2026-2027 | E36: 1307552 | O36: =SUM(P36:R36) -> 0 | S36: =SUM(T36:V36) -> 0 | W36: =R36-V36 -> 0 | Y36: =P36+Q36-T36-U36 -> 0 | AD36: 1 | AG36: Договор на стадии подписания
A37: 13. Прочие | E37: =E39 -> 0 | F37: =F39 -> 1698795.2 | G37: =G39 -> 0 | H37: =H39 -> 0 | I37: =I39 -> 0 | J37: =J39 -> 0 | K37: =K39 -> 0 | L37: =L39 -> 15 | ... V37: =V39 -> 0 | W37: =R37-V37 -> 0 | Y37: =P37+Q37-T37-U37 -> 1170564 | Z37: =Y37/(P37+Q37) -> 1 | AA37: =Y37+W37 -> 1170564 | AB37: =AA37/O37 -> 1 | AC37: =AC39 -> 0 | AD37: =AD39 -> 1 | AE37: =AE39 -> 0
B38: в т.ч. на село | W38: =R38-V38 -> 0 | Y38: =P38+Q38-T38-U38 -> 0
A39: 13.1 | B39: Формирование или увеличение уставного капитала юридических лиц | E39: =E40 -> 0 | F39: =F40 -> 1698795.2 | G39: =G40 -> 0 | H39: =H40 -> 0 | I39: =I40 -> 0 | J39: =J40 -> 0 | K39: =K40 -> 0 | L39: =L40 -> 15 | ... V39: =V40 -> 0 | W39: =R39-V39 -> 0 | Y39: =P39+Q39-T39-U39 -> 1170564 | Z39: =Y39/(P39+Q39) -> 1 | AA39: =Y39+W39 -> 1170564 | AB39: =AA39/O39 -> 1 | AC39: =AC40 -> 0 | AD39: =AD40 -> 1 | AE39: =AE40 -> 0
B40: АО «Социально-предпринимательская корпорация «Алматы» | E40: =SUM(E41:E41) -> 0 | F40: =SUM(F41:F41) -> 1698795.2 | G40: =SUM(G41:G41) -> 0 | H40: =SUM(H41:H41) -> 0 | I40: =SUM(I41:I41) -> 0 | J40: =SUM(J41:J41) -> 0 | K40: =SUM(K41:K41) -> 0 | L40: =SUM(L41:L41) -> 15 | ... V40: =SUM(V41:V41) -> 0 | W40: =R40-V40 -> 0 | Y40: =P40+Q40-T40-U40 -> 1170564 | Z40: =Y40/(P40+Q40) -> 1 | AA40: =Y40+W40 -> 1170564 | AB40: =AA40/O40 -> 1 | AC40: =SUM(AC41:AC41) -> 0 | AD40: =SUM(AD41:AD41) -> 1 | AE40: =SUM(AE41:AE41) -> 0
A41: 347 | B41: Увеличение уставного капитала АО «СПК» Алматы для реализации проекта «Выкуп земельных Участков для строительства общеобразовательной школы» | C41: 13 9 326 065 015 | D41: 2025-2026 | F41: 1698795.2 | J41: Увеличение уставного капитала для выкупа земельных участков на 1 698 796 тыс. тенге | L41: 15 | N41: 528231.22 | O41: =SUM(P41:R41) -> 1170564 | P41: 1170564 | S41: =SUM(T41:V41) -> 0 | W41: =R41-V41 -> 0 | Y41: =P41+Q41-T41-U41 -> 1170564 | Z41: =Y41/(P41+Q41) -> 1 | AA41: =Y41+W41 -> 1170564 | AB41: =AA41/O41 -> 1 | AD41: 1 | AF41: 28.07.2025 года приказом АБП утверждена корректировка ФЭО в части изменения сроков реализации ФЭО (продление срока реализации до 31 декабря 2026 года). | AG41: В 2025 году осуществлен выкуп 7 земельных участков из 22 запланированных:ДКП №269 от 03.02.2025 г., ДКП №299 от 05.02.2025 г., ДКП №410 от 13.02.2025 г., ДКП №412 от 13.02.2025 г., ДКП б/н от 04.03.2025 г., ДКП №1167 от 25.04.2025 г., ДКП б/н от 06.08.2025 г. Проводятся переговоры с собственниками оставшихся объектов.

Sheet прил4-МБ 1 свод заверш
AG3: Приложение 37
A4: Отчет по мониторингу реализации бюджетных инвестиционных проектов за 1 квартал 2026 года
AG5: (тыс. тенге)
A6: № | B6: Наименование объекта | C6: Код программы (подпрограммы) | D6: Период реализации | E6: Общая стоимость по ГЭ на ПСД | F6: Договорная стоимость проекта | G6: Всего планируемый объем финансирования БИП, тысяч тенге | I6: Объем выполненных работ в натуральном выражении согласно ТЭО/ПСД (мощность проекта) | M6: Объем выполненных работ в тыс. тенге | AG6: Причины уклонения , принятые (принимаемые) меры и причины незавершения
C7: Администратор бюджетной программы | G7: в том числе, за счет | I7: Факт до отчетного года | J7: План на отчетный период | K7: Факт на отчетный период | L7: Невыполненные мероприятия за отчетный период | M7: Всего финансирование БИП с начала реализации | O7: План за отчетный период | S7: Факт за отчетный период | T7: в том числе | W7: Отклонение | AA7: Общее отклонение РБ+МБ | AC7: Количество проектов
G8: РБ | H8: МБ | M8: Факт | O8: Общий план | P8: МБ (без займов) | Q8: Софинансирование республиканских проектов из МБ | R8: РБ | T8: МБ (без займов) | U8: Софинансирование республиканских проектов из МБ | V8: РБ | W8: РБ тыс. тенге | X8: % | Y8: МБ тыс. тенге | Z8: % | AA8: тыс. Тенге | AB8: % | AC8: Всего реализуется | AD8: Планируются к завершению | AE8: Фактически завершено | AF8: Причины незавершения
M9: РБ | N9: МБ
A10: 1 | B10: =A10+1 -> 2 | C10: =B10+1 -> 3 | D10: 4 | E10: 5 | F10: =E10+1 -> 6 | G10: 7 | H10: =G10+1 -> 8 | I10: =H10+1 -> 9 | J10: =I10+1 -> 10 | K10: =J10+1 -> 11 | L10: =K10+1 -> 12 | M10: =L10+1 -> 13 | N10: =M10+1 -> 14 | O10: =N10+1 -> 15 | ... AG10: =AF10+1 -> 33
A11: ВСЕГО | E11: =E12+E18+E25+E30+E36+E44 -> 6614946.4 | F11: =F12+F18+F25+F30+F36+F44 -> 6754114.5 | G11: =G12+G18+G25+G30+G36+G44 -> 0 | H11: =H12+H18+H25+H30+H36+H44 -> 5638749.6 | I11: =I12+I18+I25+I30+I36+I44 -> 0 | J11: =J12+J18+J25+J30+J36+J44 -> 0 | K11: =K12+K18+K25+K30+K36+K44 -> 0 | L11: =L12+L18+L25+L30+L36+L44 -> 0 | ... V11: =V12+V18+V25+V30+V36+V44 -> 0 | W11: =R11-V11 -> 0 | X11: =W11/R11 -> #DIV/0! | Y11: =P11+Q11-T11-U11 -> 355328.45 | Z11: =Y11/(P11+Q11) -> 0.08358578 | AA11: =Y11+W11 -> 355328.45 | AB11: =AA11/O11 -> 0.08358578 | AC11: =AC12+AC18+AC25+AC30+AC36+AC44 -> 0 | AD11: =AD12+AD18+AD25+AD30+AD36+AD44 -> 0 | AE11: =AE12+AE18+AE25+AE30+AE36+AE44 -> 19
A12: 1. Образование | E12: =E13+F15 -> 1736903.6 | F12: =F13+F15 -> 1620899.7 | G12: =G13+G15 -> 0 | H12: =H13+H15 -> 221172.13 | I12: =I13+I15 -> 0 | J12: =J13+J15 -> 0 | K12: =K13+K15 -> 0 | L12: =L13+L15 -> 0 | M12: =M13+M15 -> 0 | ... V12: =V13+V15 -> 0 | W12: 0 | Y12: =P12+Q12-T12-U12 -> 0 | Z12: =Y12/(P12+Q12) -> #DIV/0! | AA12: =Y12+W12 -> 0 | AB12: =AA12/O12 -> #DIV/0! | AC12: =AC13+AC15 -> 0 | AD12: =AD13+AD15 -> 0 | AE12: =AE13+AE15 -> 3
A13: 1.1. | B13: Строительство и реконструкция объектов | E13: =SUM(E14:E14) -> 1564360 | F13: =SUM(F14:F14) -> 1448356.1 | G13: =SUM(G14:G14) -> 0 | H13: =SUM(H14:H14) -> 150032 | I13: =SUM(I14:I14) -> 0 | J13: =SUM(J14:J14) -> 0 | L13: =SUM(L14:L14) -> 0 | M13: =SUM(M14:M14) -> 0 | N13: =SUM(N14:N14) -> 0 | O13: =SUM(O14:O14) -> 0 | P13: =SUM(P14:P14) -> 0 | Q13: =SUM(Q14:Q14) -> 0 | R13: =SUM(R14:R14) -> 0 | S13: =SUM(S14:S14) -> 0 | ... V13: =SUM(V14:V14) -> 0 | W13: =R13-V13 -> 0 | Y13: =P13+Q13-T13-U13 -> 0 | Z13: =Y13/(P13+Q13) -> #DIV/0! | AA13: =Y13+W13 -> 0 | AB13: =AA13/O13 -> #DIV/0! | AC13: =SUM(AC14:AC14) -> 0 | AD13: =SUM(AD14:AD14) -> 0 | AE13: =SUM(AE14:AE14) -> 1 | AF13: =SUM(AF14:AF14) -> 0
A14: 6 | B14: Строительство детского сада на 260 мест, по адресу: мкр. «Жас-Канат», Турксибский район, города Алматы | C14: 04 1 373 037 015 | D14: 2025-2026 | E14: 1564360 | F14: 1448356.1 | H14: 150032 | J14: 260 мест, общая площадь здания - 3402,20 м2 | K14: 200 мест, общая площадь здания - 3000 м2 | O14: =SUM(P14:R14) -> 0 | P14: 0 | S14: =SUM(T14:V14) -> 0 | T14: 0 | W14: =R14-V14 -> 0 | Y14: =P14+Q14-T14-U14 -> 0 | AA14: =Y14+W14 -> 0 | AD14: 0 | AE14: 1 | AF14: 0 | AG14: Акт приемки объекта в эксплуатацию б/н от 05.02.2026 г.
A15: 1.2. | B15: Разработка ПСД | E15: =SUM(E16:E17) -> 0 | F15: =SUM(F16:F17) -> 172543.57 | G15: =SUM(G16:G17) -> 0 | H15: =SUM(H16:H17) -> 71140.126 | I15: =SUM(I16:I17) -> 0 | J15: =SUM(J16:J17) -> 0 | K15: =SUM(K16:K17) -> 0 | L15: =SUM(L16:L17) -> 0 | ... V15: =SUM(V16:V17) -> 0 | W15: =R15-V15 -> 0 | Y15: =P15+Q15-T15-U15 -> 0 | Z15: =Y15/(P15+Q15) -> #DIV/0! | AA15: =Y15+W15 -> 0 | AB15: =AA15/O15 -> #DIV/0! | AC15: =SUM(AC16:AC17) -> 0 | AD15: =SUM(AD16:AD17) -> 0 | AE15: =SUM(AE16:AE17) -> 2 | AF15: =SUM(AF16:AF17) -> 0
A16: 34 | B16: Разработка ПСД на реконструкцию здания КГКП «Ясли-сад №58», по адресу: мкр. «Таугуль-1», Ауэзовский район | C16: 04 1 373 037 015 | D16: 2024-2026 | F16: 108452.99 | H16: 46402 | J16: Заключение ГЭ - 1 ед. | O16: 0 | P16: 0 | Q16: 0 | R16: 0 | S16: 0 | T16: 0 | U16: 0 | V16: 0 | W16: =R16-V16 -> 0 | Y16: =P16+Q16-T16-U16 -> 0 | AD16: 0 | AE16: 1 | AF16: 0 | AG16: Заключение экспертизы № 02-0035/26 от 12.03.2026 г.
A17: 36 | B17: Разработка ПСД на реконструкцию здания ясли-сада №163 по адресу: ул. Казакова 13а, Жетысуский район, города Алматы | C17: 04 1 373 037 015 | D17: 2023-2026 | F17: 64090.581 | H17: 24738.126 | J17: Заключение ГЭ - 1 ед. | O17: 0 | P17: 0 | Q17: 0 | R17: 0 | S17: 0 | T17: 0 | U17: 0 | V17: 0 | W17: =R17-V17 -> 0 | Y17: =P17+Q17-T17-U17 -> 0 | AD17: 0 | AE17: 1 | AF17: 0 | AG17: ЗАКЛЮЧЕНИЕ № 12-0122/26 от 20.04.2026 г.
A18: 2. Здравоохранение | E18: =F20 -> 112998.1 | F18: =F20 -> 112998.1 | G18: =G20 -> 0 | H18: =H20 -> 112998.1 | I18: =I20 -> 0 | J18: =J20 -> 0 | K18: =K20 -> 0 | L18: =L20 -> 0 | M18: =M20 -> 0 | ... V18: =V20 -> 0 | Y18: =P18+Q18-T18-U18 -> 0 | Z18: =Y18/(P18+Q18) -> 0 | AA18: =Y18+W18 -> 0 | AB18: =AA18/O18 -> 0 | AC18: =AC20 -> 0 | AD18: =AD20 -> 0 | AE18: =AE20 -> 4
B19: в т.ч. на село | O19: =SUM(P19:R19) -> 0 | S19: =SUM(T19:V19) -> 0 | W19: =R19-V19 -> 0 | Y19: =P19+Q19-T19-U19 -> 0
A20: 2.2. | B20: Разработка ПСД | F20: =SUM(F21:F24) -> 112998.1 | G20: =SUM(G21:G24) -> 0 | H20: =SUM(H21:H24) -> 112998.1 | I20: =SUM(I21:I24) -> 0 | J20: =SUM(J21:J24) -> 0 | K20: =SUM(K21:K24) -> 0 | L20: =SUM(L21:L24) -> 0 | M20: =SUM(M21:M24) -> 0 | ... V20: =SUM(V21:V24) -> 0 | W20: =R20-V20 -> 0 | Y20: =P20+Q20-T20-U20 -> 0 | Z20: =Y20/(P20+Q20) -> 0 | AA20: =Y20+W20 -> 0 | AB20: =AA20/O20 -> 0 | AC20: =SUM(AC21:AC24) -> 0 | AD20: =SUM(AD21:AD24) -> 0 | AE20: =SUM(AE21:AE24) -> 4
A21: 102 | B21: Разработка проектно- сметной документации на капитальный ремонт здания по адресу проспект Абая, 183 угол улицы Туркебаева | C21: 123022015 | D21: 2025-2026 | F21: 58095.1 | H21: 58095.1 | J21: Заключение ГЭ - 1 ед. | O21: =SUM(P21:R21) -> 58095.1 | P21: 58095.1 | S21: =SUM(T21:V21) -> 58095.1 | T21: 58095.1 | W21: =R21-V21 -> 0 | Y21: =P21+Q21-T21-U21 -> 0 | AE21: 1 | AG21: Заключение экспертизы №KZSTEX -0029/25 от 15.10.2025 г.
A22: 105 | B22: Разработка ПСД на капитальный ремонт "КГП на ПХВ "Городская поликлиника №24" УОЗ г.Алматы" | C22: 04 1 373 037 015 | D22: 2025-2026 | F22: 39473 | H22: 39473 | J22: Заключение ГЭ - 1 ед. | O22: =SUM(P22:R22) -> 39473.883 | P22: 39473.883 | S22: =SUM(T22:V22) -> 39473.883 | T22: 39473.883 | Y22: =P22+Q22-T22-U22 -> 0 | Z22: =Y22/(P22+Q22) -> 0 | AA22: =Y22+W22 -> 0 | AB22: =AA22/O22 -> 0 | AE22: 1 | AG22: ЗАКЛЮЧЕНИЕ № 02-1016/26 от 22.06.2026г. (Положительное)
A23: 109 | B23: Разработка ПСД на капитальный ремонт "КГП на ПХВ "Городская больница скорой неотложной помощи" УОЗ г.Алматы" | C23: 04 1 373 037 015 | D23: 2025-2025 | F23: 10115 | H23: 10115 | J23: Заключение ГЭ - 1 ед. | O23: =SUM(P23:R23) -> 10115.406 | P23: 10115.406 | S23: =SUM(T23:V23) -> 10115.406 | T23: 10115.406 | W23: =R23-V23 -> 0 | Y23: =P23+Q23-T23-U23 -> 0 | Z23: =Y23/(P23+Q23) -> 0 | AA23: =Y23+W23 -> 0 | AB23: =AA23/O23 -> 0 | AE23: 1 | AG23: ЗАКЛЮЧЕНИЕ (Положительное) № ALTS-0235/25 от 26.12.2025 г.
A24: 112 | B24: Разработка ПСД на капитальный ремонт "КГП на ПХВ "Городская поликлиника №28" УОЗ г.Алматы (ВА Кайрат)" | C24: 04 1 373 037 015 | D24: 2025-2026 | F24: 5315 | H24: 5315 | J24: Заключение ГЭ - 1 ед. | O24: =SUM(P24:R24) -> 5315.669 | P24: 5315.669 | S24: =SUM(T24:V24) -> 5315.669 | T24: 5315.669 | W24: =R24-V24 -> 0 | Y24: =P24+Q24-T24-U24 -> 0 | Z24: =Y24/(P24+Q24) -> 0 | AA24: =Y24+W24 -> 0 | AB24: =AA24/O24 -> 0 | AE24: 1 | AG24: ЗАКЛЮЧЕНИЕ (Положительный) № SS-0004/26 от 22.04.2026 г.
A25: 5. Дороги | E25: =F27 -> 30676.2 | F25: =F27 -> 30676.2 | G25: =G27 -> 0 | H25: =H27 -> 30676.2 | I25: =I27 -> 0 | J25: =J27 -> 0 | K25: =K27 -> 0 | L25: =L27 -> 0 | M25: =M27 -> 0 | ... V25: =V27 -> 0 | W25: =R25-V25 -> 0 | Y25: =P25+Q25-T25-U25 -> 0 | Z25: =Y25/(P25+Q25) -> 0 | AA25: =Y25+W25 -> 0 | AB25: =AA25/O25 -> 0 | AC25: =AC27 -> 0 | AD25: =AD27 -> 0 | AE25: =AE27 -> 2 | AG25: =#REF!+AG27 -> #REF!
B26: в т.ч. на село | O26: 0 | S26: 0 | W26: =R26-V26 -> 0 | Y26: =P26+Q26-T26-U26 -> 0
A27: 5.2. | B27: ПСД | F27: =SUM(F28:F29) -> 30676.2 | G27: =SUM(G28:G29) -> 0 | H27: =SUM(H28:H29) -> 30676.2 | I27: =SUM(I28:I29) -> 0 | J27: =SUM(J28:J29) -> 0 | K27: =SUM(K28:K29) -> 0 | L27: =SUM(L28:L29) -> 0 | M27: =SUM(M28:M29) -> 0 | ... V27: =SUM(V28:V29) -> 0 | W27: =R27-V27 -> 0 | Y27: =P27+Q27-T27-U27 -> 0 | Z27: =Y27/(P27+Q27) -> 0 | AA27: =Y27+W27 -> 0 | AB27: =AA27/O27 -> 0 | AC27: =SUM(AC28:AC29) -> 0 | AD27: =SUM(AD28:AD29) -> 0 | AE27: =SUM(AE28:AE29) -> 2 | AG27: =SUM(#REF!) -> #REF!
A28: 228 | B28: Разработка проектно-сметной документации на капитальный ремонт пешеходной зоны по проспекту Жибек жолы от проспекта Назарбаева до проспекта Сейфуллина | C28: 123011015 | D28: 2025-2026 | F28: 14647.2 | H28: 14647.2 | J28: Заключение ГЭ - 1 ед. | O28: =SUM(P28:R28) -> 14647.2 | P28: 14647.2 | S28: =SUM(T28:V28) -> 14647.2 | T28: 14647.2 | W28: =R28-V28 -> 0 | Y28: =P28+Q28-T28-U28 -> 0 | Z28: =Y28/(P28+Q28) -> 0 | AA28: =Y28+W28 -> 0 | AB28: =AA28/O28 -> 0 | AE28: 1 | AF28: 0 | AG28: Заключение экспертизы № PEG-0104/25 от 10.07.2025 г.
A29: 229 | B29: Разработка ПСД на капитальный ремонт пешеходной зоны по ул. Дуйсенова от Розыбакиева до Даргомыжского | C29: 123011015 | D29: 2025-2026 | F29: 16029 | H29: 16029 | J29: Заключение ГЭ - 1 ед. | O29: =SUM(P29:R29) -> 16029 | P29: 16029 | S29: =SUM(T29:V29) -> 16029 | T29: 16029 | W29: =R29-V29 -> 0 | Y29: =P29+Q29-T29-U29 -> 0 | Z29: =Y29/(P29+Q29) -> 0 | AA29: =Y29+W29 -> 0 | AB29: =AA29/O29 -> 0 | AE29: 1 | AG29: Заключение экспертизы № PEG-0105/25 от 10.07.2025 г.
A30: 6. Коммунальное хозяйство | E30: =F33 -> 237884.63 | F30: =F31+F33 -> 493056.63 | G30: =G31+G33 -> 0 | H30: =H31+H33 -> 13513.2 | I30: =I31+I33 -> 0 | J30: =J31+J33 -> 0 | K30: =K31+K33 -> 0 | L30: =L31+L33 -> 0 | M30: =M31+M33 -> 0 | ... V30: =V31+V33 -> 0 | W30: =R30-V30 -> 0 | Y30: =P30+Q30-T30-U30 -> 192172 | Z30: =Y30/(P30+Q30) -> 0.68956658 | AA30: =Y30+W30 -> 192172 | AB30: =AA30/O30 -> 0.68956658 | AC30: =AC31+AC33 -> 0 | AD30: =AD31+AD33 -> 0 | AE30: =AE31+AE33 -> 3 | AF30: =AF31+AF33 -> 0 | AG30: =AG31+AG33 -> 0
A31: 6.1. | B31: Строительство и реконструкция объектов | E31: =SUM(E32:E32) -> 0 | F31: =SUM(F32:F32) -> 255172 | G31: =SUM(G32:G32) -> 0 | H31: =SUM(H32:H32) -> 0 | I31: =SUM(I32:I32) -> 0 | J31: =SUM(J32:J32) -> 0 | K31: =SUM(K32:K32) -> 0 | L31: =SUM(L32:L32) -> 0 | ... V31: =SUM(V32:V32) -> 0 | W31: =R31-V31 -> 0 | Y31: =P31+Q31-T31-U31 -> 182172 | Z31: =Y31/(P31+Q31) -> 0.71391846 | AA31: =Y31+W31 -> 182172 | AB31: =AA31/O31 -> 0.71391846 | AC31: =SUM(AC32:AC32) -> 0 | AD31: =SUM(AD32:AD32) -> 0 | AE31: =SUM(AE32:AE32) -> 1 | AF31: =SUM(AF32:AF32) -> 0 | AG31: =SUM(AG32:AG32) -> 0
A32: 248 | B32: Техническое содержание и обслуживание фонтанного хозяйства города Алматы | C32: 07 3 520 002 000 | D32: 2025-2026 | F32: 255172 | J32: количество - 66 | O32: =SUM(P32:R32) -> 255172 | P32: 255172 | S32: 73000 | T32: 73000 | W32: =R32-V32 -> 0 | Y32: =P32+Q32-T32-U32 -> 182172 | Z32: =Y32/(P32+Q32) -> 0.71391846 | AA32: =Y32+W32 -> 182172 | AB32: =AA32/O32 -> 0.71391846 | AE32: 1 | AG32: Договор № 250027/00 от 12.05.2025 Доп. соглашение № 240440014875/2500 27/02 от 12.03.2026
A33: 6.2. | B33: Разработка ПСД | E33: =SUM(E34:E34) -> 0 | F33: =SUM(F34:F35) -> 237884.63 | G33: =SUM(G34:G34) -> 0 | H33: =SUM(H34:H35) -> 13513.2 | I33: =SUM(I34:I35) -> 0 | J33: =SUM(J34:J35) -> 0 | K33: =SUM(K34:K35) -> 0 | L33: =SUM(L34:L35) -> 0 | M33: =SUM(M34:M35) -> 0 | N33: =SUM(N34:N35) -> 0 | O33: =SUM(O34:O35) -> 23513.2 | ... V33: =SUM(V34:V35) -> 0 | W33: =R33-V33 -> 0 | Y33: =P33+Q33-T33-U33 -> 10000 | Z33: =Y33/(P33+Q33) -> 0.42529303 | AA33: =Y33+W33 -> 10000 | AB33: =AA33/O33 -> 0.42529303 | AC33: =SUM(AC34:AC35) -> 0 | AD33: =SUM(AD34:AD35) -> 0 | AE33: =SUM(AE34:AE35) -> 2 | AF33: =SUM(AF34:AF34) -> 0 | AG33: =SUM(AG34:AG34) -> 0
A34: 251 | B34: ПСД на реконструкцию сквера Западнее пр. Назарбаева, Севернее ул. Ганди | C34: 07 3 520 003 000 | D34: 2025-2026 | F34: 224371.43 | J34: Заключение ГЭ - 1 ед. | O34: =SUM(P34:R34) -> 10000 | P34: 10000 | S34: =SUM(T34:V34) -> 0 | W34: =R34-V34 -> 0 | Y34: =P34+Q34-T34-U34 -> 10000 | Z34: =Y34/(P34+Q34) -> 1 | AA34: =Y34+W34 -> 10000 | AB34: =AA34/O34 -> 1 | AD34: 0 | AE34: 1 | AF34: 0 | AG34: Отказ от проекта в связи с реализацией проекта за счет частного инвестора
A35: 252 | B35: Разработка проектно- сметной документации на капитальный ремонт сквера возле театра имени Мусрепова (проспект Абылай хана- улица Маметова) | C35: 123011015 | D35: 2025-2026 | F35: 13513.2 | H35: 13513.2 | O35: =SUM(P35:R35) -> 13513.2 | P35: 13513.2 | S35: =SUM(T35:V35) -> 13513.2 | T35: 13513.2 | W35: =R35-V35 -> 0 | Y35: =P35+Q35-T35-U35 -> 0 | Z35: =Y35/(P35+Q35) -> 0 | AA35: =Y35+W35 -> 0 | AB35: =AA35/O35 -> 0 | AE35: 1 | AG35: Заключение экспертизы № PEG-0105/25 от 10.07.2025 г.
A36: 10. Природоохранные мероприятия | E36: =F38 -> 264613.87 | F36: =F38 -> 264613.87 | G36: =G38 -> 0 | H36: =H38 -> 1028520 | I36: =I38 -> 0 | J36: =J38 -> 0 | K36: =K38 -> 0 | L36: =L38 -> 0 | M36: =M38 -> 0 | ... V36: =V38 -> 0 | W36: =R36-V36 -> 0 | Y36: =P36+Q36-T36-U36 -> 12558 | Z36: =Y36/(P36+Q36) -> 0.11018882 | AA36: =Y36+W36 -> 12558 | AB36: =AA36/O36 -> 0.11018882 | AC36: =AC38 -> 0 | AD36: =AD38 -> 0 | AE36: =AE38 -> 5 | AG36: =AG38+#REF! -> #REF!
B37: в т.ч. на село | W37: =R37-V37 -> 0 | Y37: =P37+Q37-T37-U37 -> 0
A38: 10.1. | B38: Строительство и реконструкция объектов | E38: =SUM(E39:E43) -> 0 | F38: =SUM(F39:F43) -> 264613.87 | G38: =SUM(G39:G43) -> 0 | H38: =SUM(H39:H43) -> 1028520 | I38: =SUM(I39:I43) -> 0 | J38: =SUM(J39:J43) -> 0 | K38: =SUM(K39:K43) -> 0 | L38: =SUM(L39:L43) -> 0 | ... V38: =SUM(V39:V43) -> 0 | W38: =R38-V38 -> 0 | Y38: =P38+Q38-T38-U38 -> 12558 | Z38: =Y38/(P38+Q38) -> 0.11018882 | AA38: =Y38+W38 -> 12558 | AB38: =AA38/O38 -> 0.11018882 | AC38: =SUM(AC39:AC43) -> 0 | AD38: =SUM(AD39:AD43) -> 0 | AE38: =SUM(AE39:AE43) -> 5 | AG38: =SUM(#REF!) -> #REF!
A39: 291 | B39: Создание горных маршрутов с установкой объектов ориентирования | C39: 380 002 015 159 | D39: 2026 | H39: 427000 | J39: Общая протяженость - 350 км горных троп | O39: =SUM(P39:R39) -> 0 | S39: =SUM(T39:V39) -> 0 | W39: =R39-V39 -> 0 | Y39: =P39+Q39-T39-U39 -> 0 | AA39: =Y39+W39 -> 0 | AE39: 1 | AG39: Конкурс был признан несостоявшимся вследствии результатов обжалования
A40: 292 | B40: Создание туристской тропы до Большого Алматинского озера | C40: 380 002 015 159 | D40: 2026 | H40: 601520 | J40: Общая протяженость - 5,1 км | O40: =SUM(P40:R40) -> 0 | S40: =SUM(T40:V40) -> 0 | W40: =R40-V40 -> 0 | Y40: =P40+Q40-T40-U40 -> 0 | AA40: =Y40+W40 -> 0 | AE40: 1 | AG40: Конкурс был признан несостоявшимся вследствии результатов обжалования
A41: 293 | B41: Разработка ПСД на реконструкцию отдельных участков русла реки малая Алматинка в городе Алматы, от пр. Рыскулова до оз. Аэропортовское, с благоустройством водоохранной полосы | C41: 10 5 513 005 015 | D41: 2025-2026 | F41: 102243 | L41: 0 | O41: =SUM(P41:R41) -> 52558 | P41: 52558 | S41: =SUM(T41:V41) -> 40000 | T41: 40000 | W41: =R41-V41 -> 0 | Y41: =P41+Q41-T41-U41 -> 12558 | Z41: =Y41/(P41+Q41) -> 0.23893603 | AA41: =Y41+W41 -> 12558 | AB41: =AA41/O41 -> 0.23893603 | AE41: 1 | AG41: № AEG-0002/26 от 05.03.2026 г.
A42: 298 | B42: Разработка ПСД на реконструкции русла реки Карасу от ул. Бакинская до тупика ул. Орджоникидзе | C42: 10 5 513 005 015 | D42: 2025-2026 | F42: 69135.646 | O42: =SUM(P42:R42) -> 16258 | P42: 16258 | S42: =SUM(T42:V42) -> 16258 | T42: 16258 | W42: =R42-V42 -> 0 | Y42: =P42+Q42-T42-U42 -> 0 | Z42: =Y42/(P42+Q42) -> 0 | AA42: =Y42+W42 -> 0 | AB42: =AA42/O42 -> 0 | AE42: 1 | AG42: № КЭЦ-0005/26 от 17.03.2026 г.
A43: 299 | B43: Разработка ПСД на механическую очистку пруда в мкр. Карасу, с благоустройством прилегающей территории | C43: 10 5 513 005 015 | D43: 2025-2026 | F43: 93235.228 | O43: =SUM(P43:R43) -> 45152 | P43: 45152 | S43: =SUM(T43:V43) -> 45152 | T43: 45152 | W43: =R43-V43 -> 0 | Y43: =P43+Q43-T43-U43 -> 0 | Z43: =Y43/(P43+Q43) -> 0 | AA43: =Y43+W43 -> 0 | AB43: =AA43/O43 -> 0 | AE43: 1 | AG43: № КЭЦ-0004/26 от 17.03.2026 г.
A44: 13. Прочие | E44: =E46 -> 4231870 | F44: =F46 -> 4231870 | G44: =G46 -> 0 | H44: =H46 -> 4231870 | I44: =I46 -> 0 | J44: =J46 -> 0 | K44: =K46 -> 0 | L44: =L46 -> 0 | ... V44: =V46 -> 0 | W44: =R44-V44 -> 0 | Y44: =P44+Q44-T44-U44 -> 150598.45 | Z44: =Y44/(P44+Q44) -> 0.040540845 | AA44: =Y44+W44 -> 150598.45 | AB44: =AA44/O44 -> 0.040540845 | AC44: =AC46 -> 0 | AD44: =AD46 -> 0 | AE44: =AE46 -> 2
B45: в т.ч. на село | W45: =R45-V45 -> 0 | Y45: =P45+Q45-T45-U45 -> 0
A46: 13.1 | B46: Формирование или увеличение уставного капитала юридических лиц | E46: =E47+E49 -> 4231870 | F46: =F47+F49 -> 4231870 | G46: =G47+G49 -> 0 | H46: =H47+H49 -> 4231870 | I46: =I47+I49 -> 0 | J46: =J47+J49 -> 0 | K46: =K47+K49 -> 0 | L46: =L47+L49 -> 0 | ... V46: =V47+V49 -> 0 | W46: =R46-V46 -> 0 | Y46: =P46+Q46-T46-U46 -> 150598.45 | Z46: =Y46/(P46+Q46) -> 0.040540845 | AA46: =Y46+W46 -> 150598.45 | AB46: =AA46/O46 -> 0.040540845 | AC46: =AC47+AC49 -> 0 | AD46: =AD47+AD49 -> 0 | AE46: =AE47+AE49 -> 2
B47: ГКП на ПХВ "Алматы паркинг" | E47: =E48 -> 738766 | F47: =F48 -> 738766 | G47: =G48 -> 0 | H47: =H48 -> 738766 | I47: =I48 -> 0 | K47: =K48 -> 0 | M47: =M48 -> 0 | N47: =N48 -> 0 | O47: =O48 -> 221630 | P47: =P48 -> 221630 | Q47: =Q48 -> 0 | R47: =R48 -> 0 | S47: =S48 -> 221630 | T47: =T48 -> 221630 | ... V47: =V48 -> 0 | W47: =R47-V47 -> 0 | Y47: =P47+Q47-T47-U47 -> 0 | Z47: =Y47/(P47+Q47) -> 0 | AA47: =Y47+W47 -> 0 | AB47: =AA47/O47 -> 0 | AC47: =AC48 -> 0 | AD47: =AD48 -> 0 | AE47: =AE48 -> 1
A48: 344 | B48: Строительство механизированных парковок (с лифтовой системой) | C48: 13 9 328 065 015 | D48: 2025-2026 | E48: 738766 | F48: 738766 | G48: 0 | H48: 738766 | I48: 0 | J48: Строительство 2-х механизированных парковок | K48: 0 | L48: Строительство 2-х механизированных парковок | M48: 0 | N48: 0 | O48: =SUM(P48:R48) -> 221630 | P48: 221630 | S48: =SUM(T48:V48) -> 221630 | T48: 221630 | V48: 0 | W48: =R48-V48 -> 0 | Y48: =P48+Q48-T48-U48 -> 0 | Z48: =Y48/(P48+Q48) -> 0 | AA48: =Y48+W48 -> 0 | AB48: =AA48/O48 -> 0 | AE48: 1 | AG48: Согласно постановлению № 4/707 от 19.12.2024 г. были выделены денежные средства на реализацию объектов строительства механизированных парковок по адресам: мкр. Самал-1 и мкр. Самал-2 (южнее ул. Снегина, западнее ул. Мендикулова, г. Алматы). В установленном порядке проведены конкурсные процедуры. По итогам конкурса заключены договоры с ТОО «ABADAN Construction» от 10.02.2025 г. и с ТОО «Отау-Құрмет» от 07.02.2025 г.В дальнейшем реализация проекта была отменена на основании поступивших обращений жителей и официального письма акимата Медеуского района.Ранее перечисленный авансовый платёж в размере 30% (221 630 тыс. тенге) возвращён и направлен в бюджет города Алматы. Платёжное поручение № KS03844/25-786 от 07.11.2025 г.
B49: ТОО "Алматы Тұрғын ұй" | E49: =E50 -> 3493104 | F49: =F50 -> 3493104 | G49: =G50 -> 0 | H49: =H50 -> 3493104 | I49: =I50 -> 0 | M49: =M50 -> 0 | N49: =N50 -> 0 | O49: =O50 -> 3493104 | P49: =P50 -> 3493104 | Q49: =Q50 -> 0 | R49: =R50 -> 0 | S49: =S50 -> 3342505.5 | T49: =T50 -> 3342505.5 | ... V49: =V50 -> 0 | W49: =R49-V49 -> 0 | Y49: =P49+Q49-T49-U49 -> 150598.45 | Z49: =Y49/(P49+Q49) -> 0.043113075 | AA49: =Y49+W49 -> 150598.45 | AB49: =AA49/O49 -> 0.043113075 | AC49: =AC50 -> 0 | AD49: =AD50 -> 0 | AE49: =AE50 -> 1 | AF49: =AF50 -> 0
A50: 346 | B50: Проведение капитального ремонт и системы пожарного безопасности в 51 многоквартирных жилых домов и замена 110 комплектов лифтового оборудования в 46 жилых домах | C50: 13 9 511 065 015 | D50: 2025-2026 | E50: 3493104 | F50: 3493104 | H50: 3493104 | J50: ремонт и системы пожарного безопасности в 51 многоквартирных жилых домов и замена 110 комплектов лифтового оборудования в 46 жилых домах | K50: 42 МЖД ремонтные работы | L50: 1. Ремонтные работам в 7 МЖД перенос работ на 2026г. В 1кв. 2026 года в 3 МЖД работы завершены, в 3 МЖД ожидается завершение до 30.04.2026г. в 1 МЖД ожидается завершение до 01.08.2026г. В 2 МЖД отказ от ремонта, в связи с чем проводится повторная корректировка ФЭО. 2. Замена лифтового оборудования. В связи с поздним поступлением денежных средств (второй транш на сумму 1 762 185,0 тыс. тенге поступил 29.10.2025г.) перенос работ на 2026 год. Завершение работ планируется до 30.04.2026г. В 1 МЖД отказ от замены лифтового оборудования, в связи с чем проводится повторная корректировка ФЭО. | O50: =SUM(P50:R50) -> 3493104 | P50: 3493104 | S50: =SUM(T50:V50) -> 3342505.5 | T50: 3342505.5 | W50: =R50-V50 -> 0 | Y50: =P50+Q50-T50-U50 -> 150598.45 | Z50: =Y50/(P50+Q50) -> 0.043113075 | AA50: =Y50+W50 -> 150598.45 | AB50: =AA50/O50 -> 0.043113075 | AE50: 1 | AG50: 1. Ремонтные работы в 2 МЖД на стадии стадии реализации, в 2 МЖД отказ от ремонта, планируется произвести возврат бюджетных средств. 2. Замена лифтового оборудования работы завершены.
